Workbook

Sheet LIST (3)
A1: ID | B1: DESCRIPCIÓN | C1: UNIDAD | D1: V/UNIT
A2: P | B2: PRELIMINARES (P)
A3: P-0001 | B3: DEMOLICIÓN PLACA e= 0.10m INCLUYE TRANSPORTE | C3: M2 | D3: =+'[1]P-0001'!H48 -> 42831 | F3: =+TEXT(LIST3[[#This Row],[ID]],"XXXXXX") -> P-0001
A4: P-0002 | B4: DEMOLICIÓN MURO LADRILLO HASTA 15 CM ANCHO, INCLUYE RETIRO DE ESCOMBROS A 5 KM | C4: M2 | D4: =+'[1]P-0002'!H48 -> 29966
A5: P-0003 | B5: DESMONTE DE MOTOBOMBAS, TABLEROS, Y ELEMENTOS ELECTRONICOS. | C5: GLOBAL | D5: =+'[1]P-0003'!H48 -> 719688
A6: P-0004 | B6: RETIRO DE ADOQUIN DEFECTUOSO Y EN MAL ESTADO | C6: M2 | D6: =+'[1]P-0004'!H48 -> 16553
A7: P-0005 | B7: EXCAVACIÓN MANUAL EN MATERIAL COMÚN 0-2 MTS | C7: M3 | D7: =+'[1]P-0005'!H45 -> 41022
A8: P-0006 | B8: RELLENO EN ARENA | C8: M3 | D8: =+'[1]P-0006'!H48 -> 388247
A9: P-0007 | B9: DESMONTE DE APARATOS SANITARIOS | C9: UND | D9: =+'[1]P-0007'!H48 -> 93559
A10: P-0008 | B10: LOCALIZACIÓN Y REPLANTEO (AREA) | C10: M2 | D10: =+'[1]P-0008'!H48 -> 4477
A11: P-0009 | B11: DEMOLICIÓN DE PLACA CONCRETO e=0.15m INCLUYE TRANSPORTE | C11: M2 | D11: =+'[1]P-0009'!H48 -> 50982
A12: P-0010 | B12: DEMOLICIÓN DE MURO EN CONCRETO REFORZADO INCLUYE TRANSPORTE | C12: M2 | D12: =+'[1]P-0010'!H48 -> 75162
A13: P-0011 | B13: EXCAVACIÓN MECANICA EN MATERIAL COMÚN | C13: M3 | D13: =+'[1]P-0011'!H48 -> 30161
A14: P-0012 | B14: RELLENO EN RECEBO COMPACTADO | C14: M3 | D14: =+'[1]P-0012'!H48 -> 158481
A15: P-0013 | B15: DESCAPOTE MANUAL DE TERRENO E=0,15 CM, INCLUYE RETIRO | C15: M2 | D15: =+'[1]P-0013'!H48 -> 12504
A16: P-0014 | B16: DESMONTE DE CUBIERTA EXISTENTE | C16: M2 | D16: =+'[1]P-0014'!H48 -> 20830
A20: PTA | B20: PISOS CERAMICOS, TERMINADOS Y ACABADOS (PTA)
A21: PTA-001 | B21: ADOQUIN RECTANGULAR ADOP-A O SIMILAR COLOR GRIS (20 X10X 8) | C21: M2 | D21: =+'[1]PTA-001'!H45 -> 210966
A22: PTA-002 | B22: ADOQUIN INDUPISO PIZARRA O SIMILAR COLOR ARENA (20X20X8) | C22: M2 | D22: =+'[1]PTA-002'!H45 -> 199216
A23: PTA-003 | B23: PINTURA DE SILLAS REDONDAS DIAMETRO 50CM H=60CM TIPO 1 EXTERIOR COLOR BLANCO (INCLUYE RESANE) | C23: UND | D23: =+'[1]PTA-003'!H45 -> 102188
A24: PTA-004 | B24: PINTURA DE MATERA RECTANGULAR 40X60X30 TIPO 1 EXTERIOR COLOR BLANCO (INCLUYE RESANE) | C24: UND | D24: =+'[1]PTA-004'!H48 -> 108719
A25: PTA-005 | B25: MURO EN BLOQUE ABUJARDADO CON DOVELAS 14X19X39 PARA ALCORQUE DE ARBOL | C25: M2 | D25: =+'[1]PTA-005'!H48 -> 143058
A26: PTA-006 | B26: ALFAGIA PREFABRICADA DE ANCHO 25CMX100CM | C26: M | D26: =+'[1]PTA-006'!H48 -> 71941
A27: PTA-007 | B27: CIELO RASO PVC 9 MM INCLUYE ESTRUCTURA | C27: M2 | D27: =+'[1]PTA-007'!H48 -> 71344
A28: PTA-008 | B28: ENCHAPE EN GRES ROJO | C28: M2 | D28: =+'[1]PTA-008'!H48 -> 129294
A29: PTA-009 | B29: PINTURA TIPO 1 INTERIOR, DOS MANOS | C29: M2 | D29: =+'[1]PTA-009'!H48 -> 16372
A30: PTA-010 | B30: RESANE EN ESTUCO ACRILICO 100% | C30: M2 | D30: =+'[1]PTA-010'!H48 -> 16395
A31: PTA-011 | B31: PINTURA TIPO 1 EXTERIOR 100% ACRILICA, DOS MANOS | C31: M2 | D31: =+'[1]PTA-011'!H48 -> 21848
A32: PTA-012 | B32: POLARIZADO PARA VENTANAS PELICULA PROTECCIÓN 100% UV 2 MM | C32: M2 | D32: =+'[1]PTA-012'!H48 -> 91611
A33: PTA-013 | B33: ENCHAPE CERAMICO 20X30 CM COLOR BLANCO (PARED) | C33: M2 | D33: =+'[1]PTA-013'!H48 -> 89850
A34: PTA-014 | B34: PINTURA ESMALTE ELEMENTOS METALICOS (AREA) | C34: M2 | D34: =+'[1]PTA-014'!H48 -> 20161
A35: PTA-015 | B35: PINTURA ESMALTE ELEMENTOS METALICOS (LINEAL BARANDA) | C35: M | D35: =+'[1]PTA-015'!H48 -> 14102
A36: PTA-016 | B36: MURAL DECORATIVO CON IDENTIFICACIÓN CULTURAL | C36: M2 | D36: =+'[1]PTA-016'!H48 -> 54084
A37: PTA-017 | B37: RECUBRIMIENTO DE TRUFLEX ANTIDESLIZANTE DE 3 CAPAS (UNA BASE DE CUARZO Y DOS CAPAS DE COLOR) PARA ZONA EQUIPOS BIOSALUDABLES Y PARQUE INFANTIL. | C37: M2 | D37: =+'[1]PTA-017'!H48 -> 118313
A38: PTA-018 | B38: PINTURA ACRILICA PARA TRAFICO PESADO TIPO CANCHA Y/O PISOS SOBRE UNA BASE EN IMPRIMANTE EPOXICO DE DOS COMPONENTES, PARA DEMARCACION DE CANCHA MULTIPLE (VOLEIBOL, MICROFUTBOL Y BALONCESTO) (2 MANOS) | C38: M2 | D38: =+'[1]PTA-018'!H48 -> 38921
A39: PTA-019 | B39: SUMINISTRO E INSTALACIÓN DE LADRILLO TOLETE 25X12X6CM | C39: M2 | D39: =+'[1]PTA-019'!H48 -> 86053
A40: PTA-020 | B40: PAÑETE MURO 1:4 E=0.02M | C40: M2 | D40: =+'[1]PTA-020'!H48 -> 32597
A41: PTA-021 | B41: PINTURA TIPO 1 INTERIOR, TRES MANOS | C41: M2 | D41: =+'[1]PTA-021'!H48 -> 22913
A44: CMR | B44: CONCRETOS, MORTEROS Y REFUERZOS (CMR)
A45: CMR-001 | B45: ACERO DE REFUERZO 60.000 PSI | C45: KG | D45: =+'[1]CMR-001'!H48 -> 10449
A46: CMR-002 | B46: CONCRETO 3.000 PSI | C46: M3 | D46: =+'[1]CMR-002'!H48 -> 1111084
A47: CMR-003 | B47: SUMINISTRO E INSTALACION DE TUBERIA PETROLERA DE 20" y 10", INCLUYE ESCALERA DE ACCESO, ESTRUCTURA DE FIJACION DE LA PANTALLA Y TODOS LOS ELEMENTROS NECESARIOS PARA SU CORRECTO FUNCIONAMIENTO | C47: KG
A48: CMR-004 | B48: PLACA CONCRETO 3.000 PSI E=10CM | C48: M2 | D48: =+'[1]CMR-004'!H48 -> 126819
A49: CMR-005 | B49: CONCRETO 3.000 PSI PARA CONSTRUCCIÓN DE CANAL EN CONCRETO | C49: M3 | D49: =+'[1]CMR-005'!H48 -> 1342397
A50: CMR-006 | B50: MURO EN GAVIÓN CON MALLA DOBLE TORSIÓN CAL. 13 | C50: M3 | D50: =+'[1]CMR-006'!H48 -> 501872
A51: CMR-007 | B51: SUMINISTRO E INSTALACIÓN DE GEOTEXTIL NT1600S | C51: M2 | D51: =+'[1]CMR-007'!H48 -> 17543
A52: CMR-008 | B52: CONSTRUCCIÓN DE SARDINEL INSITU E=0,15 M H=0,45M, CONCRETO 3.000 PSI (INCLUYE REFUERZO) | C52: M | D52: =+'[1]CMR-008'!H48 -> 141273
A53: CMR-009 | B53: COLUMNA CONCRETO 3.000 PSI 20X12 CM | C53: M | D53: =+'[1]CMR-009'!H48 -> 61440
A54: CMR-010 | B54: ZAPATA CONCRETO 3.000 PSI 120X70X30 CM | C54: UND | D54: =+'[1]CMR-010'!H48 -> 330681
A55: CMR-011 | B55: COLUMNA CONCRETO 3.000 PSI 30X30 CM | C55: M | D55: =+'[1]CMR-011'!H48 -> 152644
A56: CMR-012 | B56: ADHESIVO EPOXICO DE CONCRETO FRESCO CON CONCRETO ANTIGUO (USO ESTRUCTURAL) | C56: M2 | D56: =+'[1]CMR-012'!H48 -> 106831
A59: ELC | B59: ELECTRICIDAD Y ACCESORIOS ELECTRICOS (ELC)
A60: ELC-001 | B60: SUMINISTRO E INSTALACION DE PANTALLA EXTERIO 3,9 PICH CON 15 GRADO DE 7680 HZ #500 X1000 MM CON PROCESADOR Tb40 , INCLUYE CONEXIÓN ELECTRICA, CAJA DE CONTROL Y PUESTA EN FUNCIONAMIENTO. | C60: UND
A61: ELC-002 | B61: TABLERO ELECTRICO PARA INSTALACIÓN PANTALLA BIFASICO | C61: UND
A62: ELC-003 | B62: RED ELECTRICA EN CABLE N°12 Y TUBO EMT 1/2" PVC | C62: M | D62: =+'[1]ELC-003'!H48 -> 33165
A63: ELC-004 | B63: PUNTO ELECTRICO DE CONEXIÓN DOBLE | C63: UND | D63: =+'[1]ELC-004'!H48 -> 30640
A64: ELC-005 | B64: PUNTO DE ILUMINACIÓN INCLUYE INTERRUPTOR, PLAFON Y BOMBILLO 50 W | C64: UND | D64: =+'[1]ELC-005'!H48 -> 74576
A65: ELC-006 | B65: PUNTO DE ILUMINACIÓN INCLUYE INTERRUPTOR Y LAMPARA 18W | C65: UND | D65: =+'[1]ELC-006'!H48 -> 53732
A66: ELC-007 | B66: CANALETA ELECTRICA 12CMX20CMX2M (INCLUYE PUNTOS ELECTRICOS Y JACK) | C66: M | D66: =+'[1]ELC-007'!H48 -> 105654
A67: ELC-008 | B67: SUMINISTRO E INSTALACIÓN DE LAMPARA 18W | C67: UND | D67: =+'[1]ELC-008'!H48 -> 32289
A68: ELC-009 | B68: SUMINISTRO E INSTALACIÓN DE LUMINARIA EXTERIOR TIPO ROMBO SOLAR UF 20 | C68: UND | D68: =+'[1]ELC-009'!H48 -> 1325151
A69: HS | B69: HIDRAULICO Y SANITARIO (HS)
A70: HS-001 | B70: SUMINISTRO E INSTALACION DE SANITARIO (INCLUYE GRIFERIA) | C70: UND | D70: =+'[1]HS-001'!H48 -> 537446
A71: HS-002 | B71: SUMINISTRO E INSTALACION DE SANITARIO INFANTIL (INCLUYE GRIFERIA) | C71: UND | D71: =+'[1]HS-002'!H48 -> 929939
A72: HS-003 | B72: SUMINISTRO E INSTALACION DE LAVAMOS DE EMPOTRAR (INCLUYE GRIFERIA) | C72: UND | D72: =+'[1]HS-003'!H48 -> 378563
A73: HS-004 | B73: SUMINISTRO E INSTALACIÓN DE LLAVE LAVAMANOS TIPO PUSH | C73: UND | D73: =+'[1]HS-004'!H48 -> 185875
A74: HS-005 | B74: SUMINISTRO E INSTALACIÓN DE DESAGUE PARA LAVAMOS | C74: UND | D74: =+'[1]HS-005'!H48 -> 81744
A75: HS-006 | B75: MANTENIMIENTO RED SANITARIA (PUNTO OBSTRUIDO) | C75: UND | D75: =+'[1]HS-006'!H48 -> 152931
A76: HS-007 | B76: TAPA EN CONCRETO PARA CAJA DE INSPECCIÓN 1X1 M CON TERMINAL EN ANGULO 1/2" | C76: UND | D76: =+'[1]HS-007'!H48 -> 350686
A77: HS-008 | B77: SUMINISTRO E INSTALACIÓN DE LLAVE ORINAL TIPO PUSH | C77: UND | D77: =+'[1]HS-008'!H48 -> 185875
A78: HS-009 | B78: SUMINISTRO E INSTALACIÓN DE GRIFERIA PARA SANITARIO | C78: UND | D78: =+'[1]HS-009'!H48 -> 104244
A79: HS-010 | B79: SUMINISTRO E INSTALACIÓN DE DESAGUE PARA LAVAPLATOS | C79: UND | D79: =+'[1]HS-010'!H48 -> 81744
A80: HS-011 | B80: INSTALACIÓN MANGUERA DE ACOPLE 1/2" | C80: UND | D80: =+'[1]HS-011'!H48 -> 20303
A81: HS-012 | B81: CAJA EN CONCRETO PARA CAJA DE INSPECCIÓN 1X1 M CON TERMINAL EN ANGULO 1/2" | C81: UND | D81: =+'[1]HS-012'!H48 -> 1547295
A82: HS-013 | B82: TUBERIA ANILLADA PVC DE 36" | C82: M | D82: =+'[1]HS-013'!H48 -> 2155825
A83: HS-014 | B83: CANAL EN CONCRETO 3.000 PSI SECCIÓN TRAPEZOIDAL A1=50CM, A2=30CM Y H=15 CM, ESPESOR 10 CM | C83: M | D83: =+'[1]HS-014'!H48 -> 148953
A85: CIE | B85: CUBIERTAS, IMPERMEABILIZANTE Y ELEMENTOS DE SOPORTE (CIE)
A86: CIE-001 | B86: TEJA EN LAMINA GALVANIZADA CAL.28 | C86: M2 | D86: =+'[1]CIE-001'!H48 -> 65187
A87: CIE-002 | B87: TUBERÍA PVC 4" SANITARIO BAJANTE AGUAS LLUVIAS | C87: M | D87: =+'[1]CIE-002'!H48 -> 47287
A88: CIE-003 | B88: TEJA TERMOACISTICA ARQUITECTONICA CAL. 31 | C88: M2 | D88: =+'[1]CIE-003'!H48 -> 72187
A89: CIE-004 | B89: FLANCHE METALICO CUBIERTA CAL.26 | C89: M | D89: =+'[1]CIE-004'!H48 -> 33203
A90: CIE-005 | B90: TAPA GOTERAS CON SELLANTE, ACRILICO+FIBRA | C90: M2 | D90: =+'[1]CIE-005'!H48 -> 41903
A91: CIE-006 | B91: IMPERMEABILIZANTE DE VIGACANALES EN CONCRETO | C91: M | D91: =+'[1]CIE-006'!H48 -> 40595
A92: CIE-007 | B92: TUBERIA CUADRADA 6X6CM BAJANTE AGUAS LLUVIAS | C92: M | D92: =+'[1]CIE-007'!H48 -> 40578
A93: CIE-008 | B93: IMPERMEABILIZANTE PARA MUROS CON RESINA ACUOSA DE IMPREGNACIÓN | C93: M2 | D93: =+'[1]CIE-008'!H48 -> 27168
A96: LF | B96: LIMPIEZA Y FINALIZACIÓN DE OBRA (LF)
A97: LF-001 | B97: RETIRO DE MATERIAL SOBRANTE HASTA 5 KM | C97: M3 | D97: =+'[1]LF-001'!H48 -> 30981
A105: MED | B105: MOBILIARIO Y ELEMENTOS DECORATIVOS (MED)
A106: MED-001 | B106: SOPORTE PARED ORGANIZADOR DE GUITARRAS 2 MTS | C106: UND | D106: =+'[1]MED-001'!H48 -> 888031
A107: MED-002 | B107: PARQUE INFANTIL DE PLATAFORMAS CON TUNEL COMUNICANTE, RODADERO CERRADO, ESPIRAL Y DOBLE, ESCALERAS METALICAS DE ACCESO, COLUMPIOS, DOS TECHOS Y ACCESORIOS. AREA (9X6,40MTS) | C107: UND | D107: =+'[1]MED-002'!H48 -> 21814875
A108: MED-003 | B108: SUMINISTRO E INSTALACION DE MAQUINA BIOSALUDABLE BANCO DOBLE ABDOMINAL DE 1.9x1.2x0,7 CON CERTIFICADO TUV GS, ISO 9000 Y DEMAS NORMAS APLICABLES - INCLUYE TODO PARA SU CORRECTO FUNCIONAMIENTO. | C108: UND | D108: =+'[1]MED-003'!H48 -> #N/A
A109: MED-004 | B109: SUMINISTRO E INSTALACION DE MAQUINA BIOSALUDABLE DOBLE DORSAL ANCHO DE XXXXX CON CERTIFICADO TUV GS, ISO 9000 Y DEMAS NORMAS APLICABLES - INCLUYE TODO PARA SU CORRECTO FUNCIONAMIENTO.
A110: MED-005 | B110: SUMINISTRO E INSTALACION DE MAQUINA BIOSALUDABLE CABALLO BIOSALUDABLE DE XXXXX CON CERTIFICADO TUV GS, ISO 9000 Y DEMAS NORMAS APLICABLES - INCLUYE TODO PARA SU CORRECTO FUNCIONAMIENTO.
A111: MED-006 | B111: SUMINISTRO E INSTALACION DE MAQUINA BIOSALUDABLE BICICLETA DE 1,20X0,58X1,45 M. CON CERTIFICADO TUV GS, ISO 9000 Y DEMAS NORMAS APLICABLES - INCLUYE TODO PARA SU CORRECTO FUNCIONAMIENTO
A112: MED-007 | B112: SUMINISTRO E INSTALACION DE MAQUINA BIOSALUDABLE CAMINADOR AEREO DE 0,45X1,20X1,30 M. CON CERTIFICADO TUV GS, ISO 9000 Y DEMAS NORMAS APLICABLES - INCLUYE TODO PARA SU CORRECTO FUNCIONAMIENTO
A113: MED-008 | B113: SUMINISTRO E INSTALACION DE MAQUINA BIOSALUDABLE REMO DE 1,10X0,75X1,14 M. CON CERTIFICADO TUV GS, ISO 9000 Y DEMAS NORMAS APLICABLES - INCLUYE TODO PARA SU CORRECTO FUNCIONAMIENTO

Sheet LIST (2)
A1: ID | B1: DESCRIPCIÓN | C1: UNIDAD | D1: V/UNIT
A2: P | B2: PRELIMINARES (P)
A3: P-0001 | B3: DEMOLICIÓN PLACA e= 0.10m INCLUYE TRANSPORTE | C3: M2 | D3: =+'[1]P-0001'!H48 -> 42831 | F3: =+TEXT(LIST2[[#This Row],[ID]],"XXXXXX") -> P-0001
A4: P-0002 | B4: DEMOLICIÓN MURO, INCLUYE RETIRO DE ESCOMBROS A 5 KM | C4: M2 | D4: =+'[1]P-0002'!H48 -> 29966
A5: P-0003 | B5: DESMONTE DE MOTOBOMBAS, TABLEROS, Y ELEMENTOS ELECTRONICOS. | C5: GLOBAL | D5: =+'[1]P-0003'!H48 -> 719688
A6: P-0004 | B6: RETIRO DE ADOQUIN DEFECTUOSO Y EN MAL ESTADO | C6: M2 | D6: =+'[1]P-0004'!H48 -> 16553
A7: P-0005 | B7: EXCAVACIÓN MANUAL EN MATERIAL COMÚN 0-2 MTS | C7: M3 | D7: =+'[1]P-0005'!H45 -> 41022
A8: P-0006 | B8: RELLENO EN ARENA | C8: M3 | D8: =+'[1]P-0006'!H48 -> 388247
A9: P-0007 | B9: DESMONTE DE APARATOS SANITARIOS | C9: UND | D9: =+'[1]P-0007'!H48 -> 93559
A10: P-0008 | B10: LOCALIZACIÓN Y REPLANTEO (AREA) | C10: M2 | D10: =+'[1]P-0008'!H48 -> 4477
A11: P-0009 | B11: DEMOLICIÓN DE PLACA CONCRETO e=0.15m INCLUYE TRANSPORTE | C11: M2 | D11: =+'[1]P-0009'!H48 -> 50982
A12: P-0010 | B12: DEMOLICIÓN DE MURO EN CONCRETO REFORZADO INCLUYE TRANSPORTE | C12: M2 | D12: =+'[1]P-0010'!H48 -> 75162
A13: P-0011 | B13: EXCAVACIÓN MECANICA EN MATERIAL COMÚN | C13: M3 | D13: =+'[1]P-0011'!H48 -> 30161
A14: P-0012 | B14: RELLENO EN RECEBO COMPACTADO | C14: M3 | D14: =+'[1]P-0012'!H48 -> 158481
A15: P-0013 | B15: DESCAPOTE MANUAL DE TERRENO E=0,15 CM, INCLUYE RETIRO | C15: M2 | D15: =+'[1]P-0013'!H48 -> 12504
A16: P-0014 | B16: DESMONTE DE CUBIERTA EXISTENTE | C16: M2 | D16: =+[1]!LIST[[#This Row],[V/UNIT]] -> 20830
A20: PTA | B20: PISOS CERAMICOS, TERMINADOS Y ACABADOS (PTA)
A21: PTA-001 | B21: ADOQUIN RECTANGULAR ADOP-A O SIMILAR COLOR GRIS (20 X10X 8) | C21: M2 | D21: =+'[1]PTA-001'!H45 -> 210966
A22: PTA-002 | B22: ADOQUIN INDUPISO PIZARRA O SIMILAR COLOR ARENA (20X20X8) | C22: M2 | D22: =+'[1]PTA-002'!H45 -> 199216
A23: PTA-003 | B23: PINTURA DE SILLAS REDONDAS DIAMETRO 50CM H=60CM TIPO 1 EXTERIOR COLOR BLANCO (INCLUYE RESANE) | C23: UND | D23: =+'[1]PTA-003'!H45 -> 102188
A24: PTA-004 | B24: PINTURA DE MATERA RECTANGULAR 40X60X30 TIPO 1 EXTERIOR COLOR BLANCO (INCLUYE RESANE) | C24: UND | D24: =+'[1]PTA-004'!H48 -> 108719
A25: PTA-005 | B25: MURO EN BLOQUE ABUJARDADO CON DOVELAS 14X19X39 PARA ALCORQUE DE ARBOL | C25: M2 | D25: =+'[1]PTA-005'!H48 -> 143058
A26: PTA-006 | B26: ALFAGIA PREFABRICADA DE ANCHO 25CMX100CM | C26: M | D26: =+'[1]PTA-006'!H48 -> 71941
A27: PTA-007 | B27: CIELO RASO PVC 9 MM INCLUYE ESTRUCTURA | C27: M2 | D27: =+'[1]PTA-007'!H48 -> 71344
A28: PTA-008 | B28: ENCHAPE EN GRES ROJO | C28: M2 | D28: =+'[1]PTA-008'!H48 -> 129294
A29: PTA-009 | B29: PINTURA TIPO 1 INTERIOR, DOS MANOS | C29: M2 | D29: =+'[1]PTA-009'!H48 -> 16372
A30: PTA-010 | B30: RESANE EN ESTUCO ACRILICO 100% | C30: M2 | D30: =+'[1]PTA-010'!H48 -> 16395
A31: PTA-011 | B31: PINTURA TIPO 1 EXTERIOR 100% ACRILICA, DOS MANOS | C31: M2 | D31: =+'[1]PTA-011'!H48 -> 21848
A32: PTA-012 | B32: POLARIZADO PARA VENTANAS PELICULA PROTECCIÓN 100% UV 2 MM | C32: M2 | D32: =+'[1]PTA-012'!H48 -> 91611
A33: PTA-013 | B33: ENCHAPE CERAMICO 20X30 CM COLOR BLANCO (PARED) | C33: M2 | D33: =+'[1]PTA-013'!H48 -> 89850
A34: PTA-014 | B34: PINTURA ESMALTE ELEMENTOS METALICOS (AREA) | C34: M2 | D34: =+'[1]PTA-014'!H48 -> 20161
A35: PTA-015 | B35: PINTURA ESMALTE ELEMENTOS METALICOS (LINEAL BARANDA) | C35: M | D35: =+'[1]PTA-015'!H48 -> 14102
A36: PTA-016 | B36: MURAL DECORATIVO CON IDENTIFICACIÓN CULTURAL | C36: M2 | D36: =+'[1]PTA-016'!H48 -> 54084
A37: PTA-017 | B37: RECUBRIMIENTO DE TRUFLEX ANTIDESLIZANTE DE 3 CAPAS (UNA BASE DE CUARZO Y DOS CAPAS DE COLOR) PARA ZONA EQUIPOS BIOSALUDABLES Y PARQUE INFANTIL. | C37: M2 | D37: =+'[1]PTA-017'!H48 -> 118313
A38: PTA-018 | B38: PINTURA TIPO EPOXICA O TRAFICO PESADO, PARA DEMARCACION DE CANCHA MULTIPLE, INCLUYE BASE (VOLEIBOL, MICROFUTBOL Y BALONCESTO) (2 MANOS) | C38: M2
A42: CMR | B42: CONCRETOS, MORTEROS Y REFUERZOS (CMR)
A43: CMR-001 | B43: ACERO DE REFUERZO 60.000 PSI | C43: KG | D43: =+'[1]CMR-001'!H48 -> 10449
A44: CMR-002 | B44: CONCRETO 3.000 PSI | C44: M3 | D44: =+'[1]CMR-002'!H48 -> 1111084
A45: CMR-003 | B45: SUMINISTRO E INSTALACION DE TUBERIA PETROLERA DE 20" y 10", INCLUYE ESCALERA DE ACCESO, ESTRUCTURA DE FIJACION DE LA PANTALLA Y TODOS LOS ELEMENTROS NECESARIOS PARA SU CORRECTO FUNCIONAMIENTO | C45: KG
A46: CMR-004 | B46: PLACA CONCRETO 3.000 PSI E=10CM | C46: M2 | D46: =+'[1]CMR-004'!H48 -> 126819
A47: CMR-005 | B47: CONCRETO 3.000 PSI PARA CONSTRUCCIÓN DE CANAL EN CONCRETO | C47: M3 | D47: =+'[1]CMR-005'!H48 -> 1342397
A48: CMR-006 | B48: MURO EN GAVIÓN CON MALLA DOBLE TORSIÓN CAL. 13 | C48: M3 | D48: =+'[1]CMR-006'!H48 -> 501872
A49: CMR-007 | B49: SUMINISTRO E INSTALACIÓN DE GEOTEXTIL NT1600S | C49: M2 | D49: =+'[1]CMR-007'!H48 -> 17543
A50: CMR-008 | B50: CONSTRUCCIÓN DE SARDINEL INSITU E=0,15 M H=0,45M | C50: M
A51: ELC | B51: ELECTRICIDAD Y ACCESORIOS ELECTRICOS (ELC)
A52: ELC-001 | B52: SUMINISTRO E INSTALACION DE PANTALLA EXTERIO 3,9 PICH CON 15 GRADO DE 7680 HZ #500 X1000 MM CON PROCESADOR Tb40 , INCLUYE CONEXIÓN ELECTRICA, CAJA DE CONTROL Y PUESTA EN FUNCIONAMIENTO. | C52: UND
A53: ELC-002 | B53: TABLERO ELECTRICO PARA INSTALACIÓN PANTALLA BIFASICO | C53: UND
A54: ELC-003 | B54: RED ELECTRICA EN CABLE N°12 Y TUBO EMT 1/2" PVC | C54: M | D54: =+'[1]ELC-003'!H48 -> 33165
A55: ELC-004 | B55: PUNTO ELECTRICO DE CONEXIÓN DOBLE | C55: UND | D55: =+'[1]ELC-004'!H48 -> 30640
A56: ELC-005 | B56: PUNTO DE ILUMINACIÓN INCLUYE INTERRUPTOR, PLAFON Y BOMBILLO 50 W | C56: UND | D56: =+'[1]ELC-005'!H48 -> 74576
A57: ELC-006 | B57: PUNTO DE ILUMINACIÓN INCLUYE INTERRUPTOR Y LAMPARA 18W | C57: UND | D57: =+'[1]ELC-006'!H48 -> 53732
A58: ELC-007 | B58: CANALETA ELECTRICA 12CMX20CMX2M | C58: M | D58: =+'[1]ELC-007'!H48 -> 105654
A59: ELC-008 | B59: SUMINISTRO E INSTALACIÓN DE LAMPARA 18W | C59: UND | D59: =+'[1]ELC-008'!H48 -> 32289
A60: ELC-009 | B60: SUMINISTRO E INSTALACIÓN DE LUMINARIA EXTERIOR TIPO ROMBO SOLAR UF 20 | C60: UND | D60: =+'[1]ELC-009'!H48 -> 1325151
A61: HS | B61: HIDRAULICO Y SANITARIO (HS)
A62: HS-001 | B62: SUMINISTRO E INSTALACION DE SANITARIO (INCLUYE GRIFERIA) | C62: UND | D62: =+'[1]HS-001'!H48 -> 537446
A63: HS-002 | B63: SUMINISTRO E INSTALACION DE SANITARIO INFANTIL (INCLUYE GRIFERIA) | C63: UND | D63: =+'[1]HS-002'!H48 -> 929939
A64: HS-003 | B64: SUMINISTRO E INSTALACION DE LAVAMOS DE EMPOTRAR (INCLUYE GRIFERIA) | C64: UND | D64: =+'[1]HS-003'!H48 -> 378563
A65: HS-004 | B65: SUMINISTRO E INSTALACIÓN DE LLAVE LAVAMANOS TIPO PUSH | C65: UND | D65: =+'[1]HS-004'!H48 -> 185875
A66: HS-005 | B66: SUMINISTRO E INSTALACIÓN DE DESAGUE PARA LAVAMOS | C66: UND | D66: =+'[1]HS-005'!H48 -> 81744
A67: HS-006 | B67: MANTENIMIENTO RED SANITARIA (PUNTO OBSTRUIDO) | C67: UND | D67: =+'[1]HS-006'!H48 -> 152931
A68: HS-007 | B68: TAPA EN CONCRETO PARA CAJA DE INSPECCIÓN 1X1 M CON TERMINAL EN ANGULO 1/2" | C68: UND | D68: =+'[1]HS-007'!H48 -> 350686
A69: HS-008 | B69: SUMINISTRO E INSTALACIÓN DE LLAVE ORINAL TIPO PUSH | C69: UND | D69: =+'[1]HS-008'!H48 -> 185875
A70: HS-009 | B70: SUMINISTRO E INSTALACIÓN DE GRIFERIA PARA SANITARIO | C70: UND | D70: =+'[1]HS-009'!H48 -> 104244
A71: HS-010 | B71: SUMINISTRO E INSTALACIÓN DE DESAGUE PARA LAVAPLATOS | C71: UND | D71: =+'[1]HS-010'!H48 -> 81744
A72: HS-011 | B72: INSTALACIÓN MANGUERA DE ACOPLE 1/2" | C72: UND | D72: =+'[1]HS-011'!H48 -> 20303
A73: HS-012 | B73: CAJA EN CONCRETO PARA CAJA DE INSPECCIÓN 1X1 M CON TERMINAL EN ANGULO 1/2" | C73: UND | D73: =+'[1]HS-012'!H48 -> 1547295
A74: HS-013 | B74: TUBERIA ANILLADA PVC DE 36" | C74: M | D74: =+'[1]HS-013'!H48 -> 2155825
A75: HS-014 | B75: CANAL EN CONCRETO 3.000 PSI SECCIÓN TRAPEZOIDAL A1=50CM, A2=30CM Y H=15 CM, ESPESOR 10 CM | C75: M | D75: =+'[1]HS-014'!H48 -> 148953
A77: CIE | B77: CUBIERTAS, IMPERMEABILIZANTE Y ELEMENTOS DE SOPORTE (CIE)
A78: CIE-001 | B78: TEJA EN LAMINA GALVANIZADA CAL.28 | C78: M2 | D78: =+'[1]CIE-001'!H48 -> 65187
A79: CIE-002 | B79: TUBERÍA PVC 4" SANITARIO BAJANTE AGUAS LLUVIAS | C79: M | D79: =+'[1]CIE-002'!H48 -> 47287
A80: CIE-003 | B80: TEJA TERMOACISTICA ARQUITECTONICA CAL. 31 | C80: M2 | D80: =+'[1]CIE-003'!H48 -> 72187
A81: CIE-004 | B81: FLANCHE METALICO CUBIERTA CAL.26 | C81: M | D81: =+'[1]CIE-004'!H48 -> 33203
A82: CIE-005 | B82: TAPA GOTERAS CON SELLANTE, ACRILICO+FIBRA | C82: M2 | D82: =+'[1]CIE-005'!H48 -> 41903
A83: CIE-006 | B83: IMPERMEABILIZANTE DE VIGACANALES EN CONCRETO | C83: M | D83: =+'[1]CIE-006'!H48 -> 40595
A84: CIE-007 | B84: TUBERIA CUADRADA 6X6CM BAJANTE AGUAS LLUVIAS | C84: M | D84: =+'[1]CIE-007'!H48 -> 40578
A85: CIE-008 | B85: IMPERMEABILIZANTE PARA MUROS CON RESINA ACUOSA DE IMPREGNACIÓN | C85: M2 | D85: =+'[1]CIE-008'!H48 -> 27168
A88: LF | B88: LIMPIEZA Y FINALIZACIÓN DE OBRA (LF)
A89: LF-001 | B89: RETIRO DE MATERIAL SOBRANTE HASTA 5 KM | C89: M3 | D89: =+'[1]LF-001'!H48 -> 30981
A97: MED | B97: MOBILIARIO Y ELEMENTOS DECORATIVOS (MED)
A98: MED-001 | B98: SOPORTE PARED ORGANIZADOR DE GUITARRAS 2 MTS | C98: UND | D98: =+'[1]MED-001'!H48 -> 888031
A99: MED-002 | B99: PARQUE INFANTIL DE PLATAFORMAS CON TUNEL COMUNICANTE, RODADERO CERRADO, ESPIRAL Y DOBLE, ESCALERAS METALICAS DE ACCESO, COLUMPIOS, DOS TECHOS Y ACCESORIOS. AREA (9X6,40MTS) | C99: UND | D99: =+'[1]MED-002'!H48 -> 21814875
A100: MED-003 | B100: SUMINISTRO E INSTALACION DE MAQUINA BIOSALUDABLE BANCO DOBLE ABDOMINAL DE 1.9x1.2x0,7 CON CERTIFICADO TUV GS, ISO 9000 Y DEMAS NORMAS APLICABLES - INCLUYE TODO PARA SU CORRECTO FUNCIONAMIENTO. | C100: UND | D100: =+'[1]MED-003'!H48 -> #N/A
A101: MED-004 | B101: SUMINISTRO E INSTALACION DE MAQUINA BIOSALUDABLE DOBLE DORSAL ANCHO DE XXXXX CON CERTIFICADO TUV GS, ISO 9000 Y DEMAS NORMAS APLICABLES - INCLUYE TODO PARA SU CORRECTO FUNCIONAMIENTO.
A102: MED-005 | B102: SUMINISTRO E INSTALACION DE MAQUINA BIOSALUDABLE CABALLO BIOSALUDABLE DE XXXXX CON CERTIFICADO TUV GS, ISO 9000 Y DEMAS NORMAS APLICABLES - INCLUYE TODO PARA SU CORRECTO FUNCIONAMIENTO.
A103: MED-006 | B103: SUMINISTRO E INSTALACION DE MAQUINA BIOSALUDABLE BICICLETA DE 1,20X0,58X1,45 M. CON CERTIFICADO TUV GS, ISO 9000 Y DEMAS NORMAS APLICABLES - INCLUYE TODO PARA SU CORRECTO FUNCIONAMIENTO
A104: MED-007 | B104: SUMINISTRO E INSTALACION DE MAQUINA BIOSALUDABLE CAMINADOR AEREO DE 0,45X1,20X1,30 M. CON CERTIFICADO TUV GS, ISO 9000 Y DEMAS NORMAS APLICABLES - INCLUYE TODO PARA SU CORRECTO FUNCIONAMIENTO
A105: MED-008 | B105: SUMINISTRO E INSTALACION DE MAQUINA BIOSALUDABLE REMO DE 1,10X0,75X1,14 M. CON CERTIFICADO TUV GS, ISO 9000 Y DEMAS NORMAS APLICABLES - INCLUYE TODO PARA SU CORRECTO FUNCIONAMIENTO

Sheet PTA-015
A1: ANALISIS DE PRECIOS UNITARIOS
A3: SECRETARIA DE PLANEACIÓN E INFRAESTRUCTURA
A4: ALCALDÍA MUNICIPAL DE RIOBLANCO - TOLIMA
A6: OBJETO: | B6: =+[1]PTO!D3 -> CONSTRUCCIÓN DE PARQUE BIOSALUDABLE EN EL BARRIO LOS CAMBULOS DEL MUNICIPIO DE RIOBLANCO TOLIMA
A9: ITEM | D9: =+_xlfn.XLOOKUP(D10,[1]PTO!$D$4:$D$22,[1]PTO!$C$4:$C$22) -> #N/A | E9: UNIDAD | F9: =+_xlfn.XLOOKUP($D$10,[1]!LIST[DESCRIPCIÓN],[1]!LIST[UNIDAD]) -> M | G9: CANTIDAD | H9: 1
A10: DESCRIPCION | D10: PINTURA ESMALTE ELEMENTOS METALICOS (LINEAL BARANDA)
A13: I. MATERIALES
A14: DESCRIPCION | E14: UND | F14: CANT | G14: V. UNITARIO | H14: V. PARCIAL
A15: PINTURA ESMALTE 2 EN 1 | E15: =IF($A15=0,0,VLOOKUP($A15,INS!$A$2:$E$106,2,FALSE)) -> GLN | F15: 0.04 | G15: =IF($A15=0,0,_xlfn.XLOOKUP($A15,INS[DESCRIPCIÓN],INS[PROMEDIO])) -> 80000 | H15: =+F15*G15 -> 3200
A16: DISOLVENTE | E16: =IF($A16=0,0,VLOOKUP($A16,INS!$A$2:$E$106,2,FALSE)) -> GLN | F16: 0.007 | G16: =IF($A16=0,0,_xlfn.XLOOKUP($A16,INS[DESCRIPCIÓN],INS[PROMEDIO])) -> 40000 | H16: =+F16*G16 -> 280
E17: =IF($A17=0,0,VLOOKUP($A17,[1]INS!$A$2:$E$110,2,FALSE)) -> 0 | G17: =IF($A17=0,0,_xlfn.XLOOKUP($A17,[1]!INS[DESCRIPCIÓN],[1]!INS[PROMEDIO])) -> 0 | H17: =+F17*G17 -> 0
E18: =IF($A18=0,0,VLOOKUP($A18,[1]INS!$A$2:$E$110,2,FALSE)) -> 0 | G18: =IF($A18=0,0,_xlfn.XLOOKUP($A18,[1]!INS[DESCRIPCIÓN],[1]!INS[PROMEDIO])) -> 0 | H18: =+F18*G18 -> 0
E19: =IF($A19=0,0,VLOOKUP($A19,[1]INS!$A$2:$E$110,2,FALSE)) -> 0 | G19: =IF($A19=0,0,VLOOKUP($A19,[1]INS!$A$2:$G$110,6,FALSE)) -> 0 | H19: =+F19*G19 -> 0
E20: =IF($A20=0,0,VLOOKUP($A20,[1]INS!$A$2:$E$110,2,FALSE)) -> 0 | G20: =IF($A20=0,0,VLOOKUP($A20,[1]INS!$A$2:$G$110,6,FALSE)) -> 0 | H20: =+F20*G20 -> 0
E21: =IF($A21=0,0,VLOOKUP($A21,[1]INS!$A$2:$E$110,2,FALSE)) -> 0 | G21: =IF($A21=0,0,VLOOKUP($A21,[1]INS!$A$2:$G$110,6,FALSE)) -> 0 | H21: =+F21*G21 -> 0
A22: Herramienta menor | E22: %M.O | F22: 0.1 | G22: =H46 -> 7087.5 | H22: =F22*G22 -> 708.75
G23: SUBTOTAL | H23: =SUM(H15:H22) -> 4188.75
A25: II. EQUIPO
A26: DESCRIPCION | D26: MARCA | E26: UND | F26: TARIFA/HORA | G26: RENDIMIENTO | H26: V. PARCIAL
A27: COMPRESOR 50 LT | F27: =IF($A27=0,0,_xlfn.XLOOKUP($A27,EQUI[DESCRIPCIÓN],EQUI[VALOR])) -> 55000 | G27: =IF($A27=0,0,_xlfn.XLOOKUP($A27,EQUI[DESCRIPCIÓN],EQUI[RENDIMIENTO])) -> 0.01 | H27: =F27*G27 -> 550
A28: ANDAMIO CON TABLON (2 CUERPOS) | F28: =IF($A28=0,0,_xlfn.XLOOKUP($A28,EQUI[DESCRIPCIÓN],EQUI[VALOR])) -> 10000 | G28: =IF($A28=0,0,_xlfn.XLOOKUP($A28,EQUI[DESCRIPCIÓN],EQUI[RENDIMIENTO])) -> 0.1 | H28: =F28*G28 -> 1000
G31: SUBTOTAL | H31: =SUM(H27:H30) -> 1550
A33: III. TRANSPORTE
A34: MATERIAL | D34: VOL. O PESO (EXP) | E34: DISTANCIA (KM) | F34: CANT | G34: TARIFA | H34: V. PARCIAL
D35: =IF($A$35=0,0,VLOOKUP($A$35,[1]TRANS!$A$2:$F$38,5,FALSE)) -> 0 | E35: =IF($A$35=0,0,VLOOKUP($A$35,TRANS!$A$2:$D$39,3,FALSE)) -> 0 | G35: =IF($A$35=0,0,VLOOKUP($A$35,TRANS!$A$2:$D$38,4,FALSE)) -> 0 | H35: =+E35*F35*G35*D35 -> 0
G39: SUBTOTAL | H39: =SUM(H35:H38) -> 0
A41: IV. MANO DE OBRA
A42: DESCRIPCION | D42: V. HORA +PRESTACIONES | E42: CANTIDAD | F42: JORNAL TOTAL | G42: RENDIMIENTO HH | H42: V. PARCIAL
A43: OFICIAL A. | D43: =MO!F31/8 -> 24791.667 | E43: 1 | F43: =D43*E43 -> 24791.667 | G43: =+IF(AND($E$43=1,$E$44=1),_xlfn.XLOOKUP($D$10,REND[DESCRIPCIÓN],REND[RENDIMIENTO (1)]),IF(AND($E$43=1,$E$44=2),_xlfn.XLOOKUP($D$10,REND[DESCRIPCIÓN],REND[RENDIMIENTO (2)]),IF(AND($E$43=1,$E$44=3),_xlfn.XLOOKUP($D$10,REND[DESCRIPCIÓN],REND[RENDIMIENTO (3)]),IF(AND($E$43=1,$E$44=4),_xlfn.XLOOKUP($D$10,REND[DESCRIPCIÓN],REND[RENDIMIENTO (4)]),0)))) -> 0.18 | H43: =F43*G43 -> 4462.5
A44: AYUDANTE A. | D44: =MO!F14/8 -> 14583.333 | E44: 1 | F44: =D44*E44 -> 14583.333 | G44: =+IF(AND($E$43=1,$E$44=1),_xlfn.XLOOKUP($D$10,REND[DESCRIPCIÓN],REND[RENDIMIENTO (1)]),IF(AND($E$43=1,$E$44=2),_xlfn.XLOOKUP($D$10,REND[DESCRIPCIÓN],REND[RENDIMIENTO (2)]),IF(AND($E$43=1,$E$44=3),_xlfn.XLOOKUP($D$10,REND[DESCRIPCIÓN],REND[RENDIMIENTO (3)]),IF(AND($E$43=1,$E$44=4),_xlfn.XLOOKUP($D$10,REND[DESCRIPCIÓN],REND[RENDIMIENTO (4)]),0)))) -> 0.18 | H44: =F44*G44 -> 2625
H45: =F45*G45 -> 0
G46: SUBTOTAL | H46: =SUM(H43:H45) -> 7087.5
A48: VALOR TOTAL | H48: =ROUND(H23+H31+H39+H46,0) -> 12826
A54: VoBo ARQ. LINA MARITZA BOCANEGRA QUINTERO | F54: ING. MIGUEL ANDRES CAPERA HERNANDEZ
A55: Secretaria de Planeación e Infraestructura | F55: Proyectó y elaboró

Sheet PTA-014
A1: ANALISIS DE PRECIOS UNITARIOS
A3: SECRETARIA DE PLANEACIÓN E INFRAESTRUCTURA
A4: ALCALDÍA MUNICIPAL DE RIOBLANCO - TOLIMA
A6: OBJETO: | B6: =+[1]PTO!D3 -> CONSTRUCCIÓN DE PARQUE BIOSALUDABLE EN EL BARRIO LOS CAMBULOS DEL MUNICIPIO DE RIOBLANCO TOLIMA
A9: ITEM | D9: =+_xlfn.XLOOKUP(D10,[1]PTO!$D$4:$D$22,[1]PTO!$C$4:$C$22) -> #N/A | E9: UNIDAD | F9: =+_xlfn.XLOOKUP($D$10,[1]!LIST[DESCRIPCIÓN],[1]!LIST[UNIDAD]) -> M2 | G9: CANTIDAD | H9: 1
A10: DESCRIPCION | D10: PINTURA ESMALTE ELEMENTOS METALICOS (AREA)
A13: I. MATERIALES
A14: DESCRIPCION | E14: UND | F14: CANT | G14: V. UNITARIO | H14: V. PARCIAL
A15: PINTURA ESMALTE 2 EN 1 | E15: =IF($A15=0,0,VLOOKUP($A15,[1]INS!$A$2:$E$110,2,FALSE)) -> #N/A | F15: 0.06 | G15: =IF($A15=0,0,_xlfn.XLOOKUP($A15,[1]!INS[DESCRIPCIÓN],[1]!INS[PROMEDIO])) -> #N/A | H15: =+F15*G15 -> #N/A
A16: DISOLVENTE | E16: =IF($A16=0,0,VLOOKUP($A16,[1]INS!$A$2:$E$110,2,FALSE)) -> GLN | F16: 0.01 | G16: =IF($A16=0,0,_xlfn.XLOOKUP($A16,[1]!INS[DESCRIPCIÓN],[1]!INS[PROMEDIO])) -> 40000 | H16: =+F16*G16 -> 400
E17: =IF($A17=0,0,VLOOKUP($A17,[1]INS!$A$2:$E$110,2,FALSE)) -> 0 | G17: =IF($A17=0,0,_xlfn.XLOOKUP($A17,[1]!INS[DESCRIPCIÓN],[1]!INS[PROMEDIO])) -> 0 | H17: =+F17*G17 -> 0
E18: =IF($A18=0,0,VLOOKUP($A18,[1]INS!$A$2:$E$110,2,FALSE)) -> 0 | G18: =IF($A18=0,0,_xlfn.XLOOKUP($A18,[1]!INS[DESCRIPCIÓN],[1]!INS[PROMEDIO])) -> 0 | H18: =+F18*G18 -> 0
E19: =IF($A19=0,0,VLOOKUP($A19,[1]INS!$A$2:$E$110,2,FALSE)) -> 0 | G19: =IF($A19=0,0,VLOOKUP($A19,[1]INS!$A$2:$G$110,6,FALSE)) -> 0 | H19: =+F19*G19 -> 0
E20: =IF($A20=0,0,VLOOKUP($A20,[1]INS!$A$2:$E$110,2,FALSE)) -> 0 | G20: =IF($A20=0,0,VLOOKUP($A20,[1]INS!$A$2:$G$110,6,FALSE)) -> 0 | H20: =+F20*G20 -> 0
E21: =IF($A21=0,0,VLOOKUP($A21,[1]INS!$A$2:$E$110,2,FALSE)) -> 0 | G21: =IF($A21=0,0,VLOOKUP($A21,[1]INS!$A$2:$G$110,6,FALSE)) -> 0 | H21: =+F21*G21 -> 0
A22: Herramienta menor | E22: %M.O | F22: 0.1 | G22: =H46 -> 8662.5 | H22: =F22*G22 -> 866.25
G23: SUBTOTAL | H23: =SUM(H15:H22) -> #N/A
A25: II. EQUIPO
A26: DESCRIPCION | D26: MARCA | E26: UND | F26: TARIFA/HORA | G26: RENDIMIENTO | H26: V. PARCIAL
A27: COMPRESOR 50 LT | F27: =IF($A27=0,0,_xlfn.XLOOKUP($A27,[1]!EQUI[DESCRIPCIÓN],[1]!EQUI[VALOR])) -> 55000 | G27: =IF($A27=0,0,_xlfn.XLOOKUP($A27,[1]!EQUI[DESCRIPCIÓN],[1]!EQUI[RENDIMIENTO])) -> 0.01 | H27: =F27*G27 -> 550
A28: ANDAMIO CON TABLON (2 CUERPOS) | F28: =IF($A28=0,0,_xlfn.XLOOKUP($A28,[1]!EQUI[DESCRIPCIÓN],[1]!EQUI[VALOR])) -> 10000 | G28: =IF($A28=0,0,_xlfn.XLOOKUP($A28,[1]!EQUI[DESCRIPCIÓN],[1]!EQUI[RENDIMIENTO])) -> 0.1 | H28: =F28*G28 -> 1000
G31: SUBTOTAL | H31: =SUM(H27:H30) -> 1550
A33: III. TRANSPORTE
A34: MATERIAL | D34: VOL. O PESO (EXP) | E34: DISTANCIA (KM) | F34: CANT | G34: TARIFA | H34: V. PARCIAL
D35: =IF($A$35=0,0,VLOOKUP($A$35,[1]TRANS!$A$2:$F$38,5,FALSE)) -> 0 | E35: =IF($A$35=0,0,VLOOKUP($A$35,[1]TRANS!$A$2:$D$39,3,FALSE)) -> 0 | F35: =+F15 -> 0.06 | G35: =IF($A$35=0,0,VLOOKUP($A$35,[1]TRANS!$A$2:$D$38,4,FALSE)) -> 0 | H35: =+E35*F35*G35*D35 -> 0
G39: SUBTOTAL | H39: =SUM(H35:H38) -> 0
A41: IV. MANO DE OBRA
A42: DESCRIPCION | D42: V. HORA +PRESTACIONES | E42: CANTIDAD | F42: JORNAL TOTAL | G42: RENDIMIENTO HH | H42: V. PARCIAL
A43: OFICIAL A. | D43: =[1]MO!F31/8 -> 24791.667 | E43: 1 | F43: =D43*E43 -> 24791.667 | G43: =+IF(AND($E$43=1,$E$44=1),_xlfn.XLOOKUP($D$10,[1]!REND[DESCRIPCIÓN],[1]!REND[RENDIMIENTO (1)]),IF(AND($E$43=1,$E$44=2),_xlfn.XLOOKUP($D$10,[1]!REND[DESCRIPCIÓN],[1]!REND[RENDIMIENTO (2)]),IF(AND($E$43=1,$E$44=3),_xlfn.XLOOKUP($D$10,[1]!REND[DESCRIPCIÓN],[1]!REND[RENDIMIENTO (3)]),IF(AND($E$43=1,$E$44=4),_xlfn.XLOOKUP($D$10,[1]!REND[DESCRIPCIÓN],[1]!REND[RENDIMIENTO (4)]),0)))) -> 0.22 | H43: =F43*G43 -> 5454.1667
A44: AYUDANTE A. | D44: =[1]MO!F14/8 -> 14583.333 | E44: 1 | F44: =D44*E44 -> 14583.333 | G44: =+IF(AND($E$43=1,$E$44=1),_xlfn.XLOOKUP($D$10,[1]!REND[DESCRIPCIÓN],[1]!REND[RENDIMIENTO (1)]),IF(AND($E$43=1,$E$44=2),_xlfn.XLOOKUP($D$10,[1]!REND[DESCRIPCIÓN],[1]!REND[RENDIMIENTO (2)]),IF(AND($E$43=1,$E$44=3),_xlfn.XLOOKUP($D$10,[1]!REND[DESCRIPCIÓN],[1]!REND[RENDIMIENTO (3)]),IF(AND($E$43=1,$E$44=4),_xlfn.XLOOKUP($D$10,[1]!REND[DESCRIPCIÓN],[1]!REND[RENDIMIENTO (4)]),0)))) -> 0.22 | H44: =F44*G44 -> 3208.3333
H45: =F45*G45 -> 0
G46: SUBTOTAL | H46: =SUM(H43:H45) -> 8662.5
A48: VALOR TOTAL | H48: =ROUND(H23+H31+H39+H46,0) -> #N/A
A54: VoBo ARQ. LINA MARITZA BOCANEGRA QUINTERO | F54: ING. MIGUEL ANDRES CAPERA HERNANDEZ
A55: Secretaria de Planeación e Infraestructura | F55: Proyectó y elaboró

Sheet PTA-013
A1: ANALISIS DE PRECIOS UNITARIOS
A3: SECRETARIA DE PLANEACIÓN E INFRAESTRUCTURA
A4: ALCALDÍA MUNICIPAL DE RIOBLANCO - TOLIMA
A6: OBJETO: | B6: =+PTO!D3 -> MEJORAMIENTO DE LAS IET GENERAL SANTANDER SEDE PRINCIPAL Y FRANCISCO JULIAN OLAYA SEDE PRINCIPAL DEL MUNICIPIO DE RIOBLANCO TOLIMA
A9: ITEM | D9: =+_xlfn.XLOOKUP(D10,PTO!$D$4:$D$22,PTO!$C$4:$C$22) -> #N/A | E9: UNIDAD | F9: =+_xlfn.XLOOKUP($D$10,LIST[DESCRIPCIÓN],LIST[UNIDAD]) -> M2 | G9: CANTIDAD | H9: 1
A10: DESCRIPCION | D10: ENCHAPE CERAMICO 20X30 CM COLOR BLANCO (PARED)
A13: I. MATERIALES
A14: DESCRIPCION | E14: UND | F14: CANT | G14: V. UNITARIO | H14: V. PARCIAL
A15: ENCHAPE CERAMICO 20X30 CM PRIMERA CALIDAD | E15: =IF($A15=0,0,VLOOKUP($A15,INS!$A$2:$E$106,2,FALSE)) -> M2 | F15: 1.1 | G15: =IF($A15=0,0,_xlfn.XLOOKUP($A15,INS[DESCRIPCIÓN],INS[PROMEDIO])) -> 38300 | H15: =+F15*G15 -> 42130
A16: PEGANTE PARA CERÁMICA X25 KG | E16: =IF($A16=0,0,VLOOKUP($A16,INS!$A$2:$E$106,2,FALSE)) -> UND | F16: 0.1 | G16: =IF($A16=0,0,_xlfn.XLOOKUP($A16,INS[DESCRIPCIÓN],INS[PROMEDIO])) -> 35000 | H16: =+F16*G16 -> 3500
A17: SEPARADOR DE CERAMICA 2MM | E17: =IF($A17=0,0,VLOOKUP($A17,INS!$A$2:$E$106,2,FALSE)) -> UND | F17: 10 | G17: =IF($A17=0,0,_xlfn.XLOOKUP($A17,INS[DESCRIPCIÓN],INS[PROMEDIO])) -> 110 | H17: =+F17*G17 -> 1100
E18: =IF($A18=0,0,VLOOKUP($A18,[1]INS!$A$2:$E$110,2,FALSE)) -> 0 | G18: =IF($A18=0,0,_xlfn.XLOOKUP($A18,[1]!INS[DESCRIPCIÓN],[1]!INS[PROMEDIO])) -> 0 | H18: =+F18*G18 -> 0
E19: =IF($A19=0,0,VLOOKUP($A19,[1]INS!$A$2:$E$110,2,FALSE)) -> 0 | G19: =IF($A19=0,0,VLOOKUP($A19,[1]INS!$A$2:$G$110,6,FALSE)) -> 0 | H19: =+F19*G19 -> 0
E20: =IF($A20=0,0,VLOOKUP($A20,[1]INS!$A$2:$E$110,2,FALSE)) -> 0 | G20: =IF($A20=0,0,VLOOKUP($A20,[1]INS!$A$2:$G$110,6,FALSE)) -> 0 | H20: =+F20*G20 -> 0
E21: =IF($A21=0,0,VLOOKUP($A21,[1]INS!$A$2:$E$110,2,FALSE)) -> 0 | G21: =IF($A21=0,0,VLOOKUP($A21,[1]INS!$A$2:$G$110,6,FALSE)) -> 0 | H21: =+F21*G21 -> 0
A22: Herramienta menor | E22: %M.O | F22: 0.1 | G22: =H46 -> 31500 | H22: =F22*G22 -> 3150
G23: SUBTOTAL | H23: =SUM(H15:H22) -> 49880
A25: II. EQUIPO
A26: DESCRIPCION | D26: MARCA | E26: UND | F26: TARIFA/HORA | G26: RENDIMIENTO | H26: V. PARCIAL
A27: CORTADORA DE BALDOSA | F27: =IF($A27=0,0,_xlfn.XLOOKUP($A27,EQUI[DESCRIPCIÓN],EQUI[VALOR])) -> 35000 | G27: =IF($A27=0,0,_xlfn.XLOOKUP($A27,EQUI[DESCRIPCIÓN],EQUI[RENDIMIENTO])) -> 0.07 | H27: =F27*G27 -> 2450
F28: =IF($A28=0,0,VLOOKUP($A28,[1]EQUI!$A$2:$E$6,3,FALSE)) -> 0 | G28: =+IF($A28=0,0,VLOOKUP($A28,[1]EQUI!$A$2:$E$6,5,FALSE)) -> 0 | H28: =F28*G28 -> 0
G31: SUBTOTAL | H31: =SUM(H27:H30) -> 2450
A33: III. TRANSPORTE
A34: MATERIAL | D34: VOL. O PESO (EXP) | E34: DISTANCIA (KM) | F34: CANT | G34: TARIFA | H34: V. PARCIAL
A35: TRANSPORTE ENCHAPE | D35: =IF($A$35=0,0,VLOOKUP($A$35,TRANS!$A$2:$F$38,5,FALSE)) -> 1 | E35: =IF($A$35=0,0,VLOOKUP($A$35,TRANS!$A$2:$D$39,3,FALSE)) -> 50 | F35: =+F15 -> 1.1 | G35: =IF($A$35=0,0,VLOOKUP($A$35,TRANS!$A$2:$D$38,4,FALSE)) -> 200 | H35: =+E35*F35*G35*D35 -> 11000
G39: SUBTOTAL | H39: =SUM(H35:H38) -> 11000
A41: IV. MANO DE OBRA
A42: DESCRIPCION | D42: V. HORA +PRESTACIONES | E42: CANTIDAD | F42: JORNAL TOTAL | G42: RENDIMIENTO HH | H42: V. PARCIAL
A43: OFICIAL A. | D43: =[1]MO!F31/8 -> 24791.667 | E43: 1 | F43: =D43*E43 -> 24791.667 | G43: =+IF(AND($E$43=1,$E$44=1),_xlfn.XLOOKUP($D$10,[1]!REND[DESCRIPCIÓN],[1]!REND[RENDIMIENTO (1)]),IF(AND($E$43=1,$E$44=2),_xlfn.XLOOKUP($D$10,[1]!REND[DESCRIPCIÓN],[1]!REND[RENDIMIENTO (2)]),IF(AND($E$43=1,$E$44=3),_xlfn.XLOOKUP($D$10,[1]!REND[DESCRIPCIÓN],[1]!REND[RENDIMIENTO (3)]),IF(AND($E$43=1,$E$44=4),_xlfn.XLOOKUP($D$10,[1]!REND[DESCRIPCIÓN],[1]!REND[RENDIMIENTO (4)]),0)))) -> 0.8 | H43: =F43*G43 -> 19833.333
A44: AYUDANTE A. | D44: =[1]MO!F14/8 -> 14583.333 | E44: 1 | F44: =D44*E44 -> 14583.333 | G44: =+IF(AND($E$43=1,$E$44=1),_xlfn.XLOOKUP($D$10,[1]!REND[DESCRIPCIÓN],[1]!REND[RENDIMIENTO (1)]),IF(AND($E$43=1,$E$44=2),_xlfn.XLOOKUP($D$10,[1]!REND[DESCRIPCIÓN],[1]!REND[RENDIMIENTO (2)]),IF(AND($E$43=1,$E$44=3),_xlfn.XLOOKUP($D$10,[1]!REND[DESCRIPCIÓN],[1]!REND[RENDIMIENTO (3)]),IF(AND($E$43=1,$E$44=4),_xlfn.XLOOKUP($D$10,[1]!REND[DESCRIPCIÓN],[1]!REND[RENDIMIENTO (4)]),0)))) -> 0.8 | H44: =F44*G44 -> 11666.667
H45: =F45*G45 -> 0
G46: SUBTOTAL | H46: =SUM(H43:H45) -> 31500
A48: VALOR TOTAL | H48: =ROUND(H23+H31+H39+H46,0) -> 94830
A54: VoBo ARQ. LINA MARITZA BOCANEGRA QUINTERO | F54: ING. MIGUEL ANDRES CAPERA HERNANDEZ
A55: Secretaria de Planeación e Infraestructura | F55: Proyectó y elaboró

Sheet PTA-012
A1: ANALISIS DE PRECIOS UNITARIOS
A3: SECRETARIA DE PLANEACIÓN E INFRAESTRUCTURA
A4: ALCALDÍA MUNICIPAL DE RIOBLANCO - TOLIMA
A6: OBJETO: | B6: =+[1]PTO!D3 -> CONSTRUCCIÓN DE PARQUE BIOSALUDABLE EN EL BARRIO LOS CAMBULOS DEL MUNICIPIO DE RIOBLANCO TOLIMA
A9: ITEM | D9: =+_xlfn.XLOOKUP(D10,[1]PTO!$D$4:$D$22,[1]PTO!$C$4:$C$22) -> #N/A | E9: UNIDAD | F9: =+_xlfn.XLOOKUP($D$10,[1]!LIST[DESCRIPCIÓN],[1]!LIST[UNIDAD]) -> M2 | G9: CANTIDAD | H9: 1
A10: DESCRIPCION | D10: POLARIZADO PARA VENTANAS PELICULA PROTECCIÓN 100% UV 2 MM
A13: I. MATERIALES
A14: DESCRIPCION | E14: UND | F14: CANT | G14: V. UNITARIO | H14: V. PARCIAL
A15: Película Protección Uv 100% & Irr 1.2x2m 2mm | E15: =IF($A15=0,0,VLOOKUP($A15,[1]INS!$A$2:$E$110,2,FALSE)) -> M2 | F15: 0.42 | G15: =IF($A15=0,0,_xlfn.XLOOKUP($A15,[1]!INS[DESCRIPCIÓN],[1]!INS[PROMEDIO])) -> 62458 | H15: =+F15*G15 -> 26232.36
E16: =IF($A16=0,0,VLOOKUP($A16,[1]INS!$A$2:$E$110,2,FALSE)) -> 0 | F16: 0.1 | G16: =IF($A16=0,0,_xlfn.XLOOKUP($A16,[1]!INS[DESCRIPCIÓN],[1]!INS[PROMEDIO])) -> 0 | H16: =+F16*G16 -> 0
E17: =IF($A17=0,0,VLOOKUP($A17,[1]INS!$A$2:$E$110,2,FALSE)) -> 0 | G17: =IF($A17=0,0,_xlfn.XLOOKUP($A17,[1]!INS[DESCRIPCIÓN],[1]!INS[PROMEDIO])) -> 0 | H17: =+F17*G17 -> 0
E18: =IF($A18=0,0,VLOOKUP($A18,[1]INS!$A$2:$E$110,2,FALSE)) -> 0 | G18: =IF($A18=0,0,_xlfn.XLOOKUP($A18,[1]!INS[DESCRIPCIÓN],[1]!INS[PROMEDIO])) -> 0 | H18: =+F18*G18 -> 0
E19: =IF($A19=0,0,VLOOKUP($A19,[1]INS!$A$2:$E$110,2,FALSE)) -> 0 | G19: =IF($A19=0,0,VLOOKUP($A19,[1]INS!$A$2:$G$110,6,FALSE)) -> 0 | H19: =+F19*G19 -> 0
E20: =IF($A20=0,0,VLOOKUP($A20,[1]INS!$A$2:$E$110,2,FALSE)) -> 0 | G20: =IF($A20=0,0,VLOOKUP($A20,[1]INS!$A$2:$G$110,6,FALSE)) -> 0 | H20: =+F20*G20 -> 0
E21: =IF($A21=0,0,VLOOKUP($A21,[1]INS!$A$2:$E$110,2,FALSE)) -> 0 | G21: =IF($A21=0,0,VLOOKUP($A21,[1]INS!$A$2:$G$110,6,FALSE)) -> 0 | H21: =+F21*G21 -> 0
A22: Herramienta menor | E22: %M.O | F22: 0.1 | G22: =H46 -> 25593.75 | H22: =F22*G22 -> 2559.375
G23: SUBTOTAL | H23: =SUM(H15:H22) -> 28791.735
A25: II. EQUIPO
A26: DESCRIPCION | D26: MARCA | E26: UND | F26: TARIFA/HORA | G26: RENDIMIENTO | H26: V. PARCIAL
A27: ANDAMIO CON TABLON (2 CUERPOS) | F27: =IF($A27=0,0,_xlfn.XLOOKUP($A27,[1]!EQUI[DESCRIPCIÓN],[1]!EQUI[VALOR])) -> 10000 | G27: =IF($A27=0,0,_xlfn.XLOOKUP($A27,[1]!EQUI[DESCRIPCIÓN],[1]!EQUI[RENDIMIENTO])) -> 0.1 | H27: =F27*G27 -> 1000
F28: =IF($A28=0,0,VLOOKUP($A28,[1]EQUI!$A$2:$E$6,3,FALSE)) -> 0 | G28: =+IF($A28=0,0,VLOOKUP($A28,[1]EQUI!$A$2:$E$6,5,FALSE)) -> 0 | H28: =F28*G28 -> 0
G31: SUBTOTAL | H31: =SUM(H27:H30) -> 1000
A33: III. TRANSPORTE
A34: MATERIAL | D34: VOL. O PESO (EXP) | E34: DISTANCIA (KM) | F34: CANT | G34: TARIFA | H34: V. PARCIAL
D35: =IF($A$35=0,0,VLOOKUP($A$35,[1]TRANS!$A$2:$F$38,5,FALSE)) -> 0 | E35: =IF($A$35=0,0,VLOOKUP($A$35,[1]TRANS!$A$2:$D$39,3,FALSE)) -> 0 | G35: =IF($A$35=0,0,VLOOKUP($A$35,[1]TRANS!$A$2:$D$38,4,FALSE)) -> 0 | H35: =+E35*F35*G35*D35 -> 0
G39: SUBTOTAL | H39: =SUM(H35:H38) -> 0
A41: IV. MANO DE OBRA
A42: DESCRIPCION | D42: V. HORA +PRESTACIONES | E42: CANTIDAD | F42: JORNAL TOTAL | G42: RENDIMIENTO HH | H42: V. PARCIAL
A43: OFICIAL A. | D43: =[1]MO!F31/8 -> 24791.667 | E43: 1 | F43: =D43*E43 -> 24791.667 | G43: =+IF(AND($E$43=1,$E$44=1),_xlfn.XLOOKUP($D$10,[1]!REND[DESCRIPCIÓN],[1]!REND[RENDIMIENTO (1)]),IF(AND($E$43=1,$E$44=2),_xlfn.XLOOKUP($D$10,[1]!REND[DESCRIPCIÓN],[1]!REND[RENDIMIENTO (2)]),IF(AND($E$43=1,$E$44=3),_xlfn.XLOOKUP($D$10,[1]!REND[DESCRIPCIÓN],[1]!REND[RENDIMIENTO (3)]),IF(AND($E$43=1,$E$44=4),_xlfn.XLOOKUP($D$10,[1]!REND[DESCRIPCIÓN],[1]!REND[RENDIMIENTO (4)]),0)))) -> 0.65 | H43: =F43*G43 -> 16114.583
A44: AYUDANTE A. | D44: =[1]MO!F14/8 -> 14583.333 | E44: 1 | F44: =D44*E44 -> 14583.333 | G44: =+IF(AND($E$43=1,$E$44=1),_xlfn.XLOOKUP($D$10,[1]!REND[DESCRIPCIÓN],[1]!REND[RENDIMIENTO (1)]),IF(AND($E$43=1,$E$44=2),_xlfn.XLOOKUP($D$10,[1]!REND[DESCRIPCIÓN],[1]!REND[RENDIMIENTO (2)]),IF(AND($E$43=1,$E$44=3),_xlfn.XLOOKUP($D$10,[1]!REND[DESCRIPCIÓN],[1]!REND[RENDIMIENTO (3)]),IF(AND($E$43=1,$E$44=4),_xlfn.XLOOKUP($D$10,[1]!REND[DESCRIPCIÓN],[1]!REND[RENDIMIENTO (4)]),0)))) -> 0.65 | H44: =F44*G44 -> 9479.1667
H45: =F45*G45 -> 0
G46: SUBTOTAL | H46: =SUM(H43:H45) -> 25593.75
A48: VALOR TOTAL | H48: =ROUND(H23+H31+H39+H46,0) -> 55385
A54: VoBo ARQ. LINA MARITZA BOCANEGRA QUINTERO | F54: ING. MIGUEL ANDRES CAPERA HERNANDEZ
A55: Secretaria de Planeación e Infraestructura | F55: Proyectó y elaboró

Sheet PTA-011
A1: ANALISIS DE PRECIOS UNITARIOS
A3: SECRETARIA DE PLANEACIÓN E INFRAESTRUCTURA
A4: ALCALDÍA MUNICIPAL DE RIOBLANCO - TOLIMA
A6: OBJETO: | B6: =+PTO!D3 -> MEJORAMIENTO DE LAS IET GENERAL SANTANDER SEDE PRINCIPAL Y FRANCISCO JULIAN OLAYA SEDE PRINCIPAL DEL MUNICIPIO DE RIOBLANCO TOLIMA
A9: ITEM | D9: =+_xlfn.XLOOKUP(D10,PTO!$D$4:$D$22,PTO!$C$4:$C$22) -> #N/A | E9: UNIDAD | F9: =+_xlfn.XLOOKUP($D$10,LIST[DESCRIPCIÓN],LIST[UNIDAD]) -> M2 | G9: CANTIDAD | H9: 1
A10: DESCRIPCION | D10: PINTURA TIPO 1 EXTERIOR 100% ACRILICA, DOS MANOS
A13: I. MATERIALES
A14: DESCRIPCION | E14: UND | F14: CANT | G14: V. UNITARIO | H14: V. PARCIAL
A15: PINTURA TIPO 1 EXTERIOR SUPER ACRILICA PROTECCION SOL Y LLUVIA ANTI-HONGOS | E15: =IF($A15=0,0,VLOOKUP($A15,[1]INS!$A$2:$E$110,2,FALSE)) -> GLN | F15: =1/20 -> 0.05 | G15: =IF($A15=0,0,_xlfn.XLOOKUP($A15,INS[DESCRIPCIÓN],INS[PROMEDIO])) -> 140667 | H15: =+F15*G15 -> 7033.35
A16: RODILLO DE FELPA 9" | E16: =IF($A16=0,0,VLOOKUP($A16,[1]INS!$A$2:$E$110,2,FALSE)) -> UND | F16: 0.1 | G16: =IF($A16=0,0,_xlfn.XLOOKUP($A16,INS[DESCRIPCIÓN],INS[PROMEDIO])) -> 17900 | H16: =+F16*G16 -> 1790
E17: =IF($A17=0,0,VLOOKUP($A17,[1]INS!$A$2:$E$110,2,FALSE)) -> 0 | G17: =IF($A17=0,0,_xlfn.XLOOKUP($A17,[1]!INS[DESCRIPCIÓN],[1]!INS[PROMEDIO])) -> 0 | H17: =+F17*G17 -> 0
E18: =IF($A18=0,0,VLOOKUP($A18,[1]INS!$A$2:$E$110,2,FALSE)) -> 0 | G18: =IF($A18=0,0,_xlfn.XLOOKUP($A18,[1]!INS[DESCRIPCIÓN],[1]!INS[PROMEDIO])) -> 0 | H18: =+F18*G18 -> 0
E19: =IF($A19=0,0,VLOOKUP($A19,[1]INS!$A$2:$E$110,2,FALSE)) -> 0 | G19: =IF($A19=0,0,VLOOKUP($A19,[1]INS!$A$2:$G$110,6,FALSE)) -> 0 | H19: =+F19*G19 -> 0
E20: =IF($A20=0,0,VLOOKUP($A20,[1]INS!$A$2:$E$110,2,FALSE)) -> 0 | G20: =IF($A20=0,0,VLOOKUP($A20,[1]INS!$A$2:$G$110,6,FALSE)) -> 0 | H20: =+F20*G20 -> 0
E21: =IF($A21=0,0,VLOOKUP($A21,[1]INS!$A$2:$E$110,2,FALSE)) -> 0 | G21: =IF($A21=0,0,VLOOKUP($A21,[1]INS!$A$2:$G$110,6,FALSE)) -> 0 | H21: =+F21*G21 -> 0
A22: Herramienta menor | E22: %M.O | F22: 0.05 | G22: =H46 -> 11812.5 | H22: =F22*G22 -> 590.625
G23: SUBTOTAL | H23: =SUM(H15:H22) -> 9413.975
A25: II. EQUIPO
A26: DESCRIPCION | D26: MARCA | E26: UND | F26: TARIFA/HORA | G26: RENDIMIENTO | H26: V. PARCIAL
A27: ANDAMIO CON TABLON (2 CUERPOS) | F27: =IF($A27=0,0,_xlfn.XLOOKUP($A27,[1]!EQUI[DESCRIPCIÓN],[1]!EQUI[VALOR])) -> 10000 | G27: =IF($A27=0,0,_xlfn.XLOOKUP($A27,[1]!EQUI[DESCRIPCIÓN],[1]!EQUI[RENDIMIENTO])) -> 0.1 | H27: =F27*G27 -> 1000
F28: =IF($A28=0,0,VLOOKUP($A28,[1]EQUI!$A$2:$E$6,3,FALSE)) -> 0 | G28: =+IF($A28=0,0,VLOOKUP($A28,[1]EQUI!$A$2:$E$6,5,FALSE)) -> 0 | H28: =F28*G28 -> 0
G31: SUBTOTAL | H31: =SUM(H27:H30) -> 1000
A33: III. TRANSPORTE
A34: MATERIAL | D34: VOL. O PESO (EXP) | E34: DISTANCIA (KM) | F34: CANT | G34: TARIFA | H34: V. PARCIAL
D35: =IF($A$35=0,0,VLOOKUP($A$35,[1]TRANS!$A$2:$F$38,5,FALSE)) -> 0 | E35: =IF($A$35=0,0,VLOOKUP($A$35,[1]TRANS!$A$2:$D$39,3,FALSE)) -> 0 | G35: =IF($A$35=0,0,VLOOKUP($A$35,[1]TRANS!$A$2:$D$38,4,FALSE)) -> 0 | H35: =+E35*F35*G35*D35 -> 0
G39: SUBTOTAL | H39: =SUM(H35:H38) -> 0
A41: IV. MANO DE OBRA
A42: DESCRIPCION | D42: V. HORA +PRESTACIONES | E42: CANTIDAD | F42: JORNAL TOTAL | G42: RENDIMIENTO HH | H42: V. PARCIAL
A43: OFICIAL A. | D43: =[1]MO!F31/8 -> 24791.667 | E43: 1 | F43: =D43*E43 -> 24791.667 | G43: =+IF(AND($E$43=1,$E$44=1),_xlfn.XLOOKUP($D$10,[1]!REND[DESCRIPCIÓN],[1]!REND[RENDIMIENTO (1)]),IF(AND($E$43=1,$E$44=2),_xlfn.XLOOKUP($D$10,[1]!REND[DESCRIPCIÓN],[1]!REND[RENDIMIENTO (2)]),IF(AND($E$43=1,$E$44=3),_xlfn.XLOOKUP($D$10,[1]!REND[DESCRIPCIÓN],[1]!REND[RENDIMIENTO (3)]),IF(AND($E$43=1,$E$44=4),_xlfn.XLOOKUP($D$10,[1]!REND[DESCRIPCIÓN],[1]!REND[RENDIMIENTO (4)]),0)))) -> 0.3 | H43: =F43*G43 -> 7437.5
A44: AYUDANTE A. | D44: =[1]MO!F14/8 -> 14583.333 | E44: 1 | F44: =D44*E44 -> 14583.333 | G44: =+IF(AND($E$43=1,$E$44=1),_xlfn.XLOOKUP($D$10,[1]!REND[DESCRIPCIÓN],[1]!REND[RENDIMIENTO (1)]),IF(AND($E$43=1,$E$44=2),_xlfn.XLOOKUP($D$10,[1]!REND[DESCRIPCIÓN],[1]!REND[RENDIMIENTO (2)]),IF(AND($E$43=1,$E$44=3),_xlfn.XLOOKUP($D$10,[1]!REND[DESCRIPCIÓN],[1]!REND[RENDIMIENTO (3)]),IF(AND($E$43=1,$E$44=4),_xlfn.XLOOKUP($D$10,[1]!REND[DESCRIPCIÓN],[1]!REND[RENDIMIENTO (4)]),0)))) -> 0.3 | H44: =F44*G44 -> 4375
H45: =F45*G45 -> 0
G46: SUBTOTAL | H46: =SUM(H43:H45) -> 11812.5
A48: VALOR TOTAL | H48: =ROUND(H23+H31+H39+H46,0) -> 22226
A54: VoBo ARQ. LINA MARITZA BOCANEGRA QUINTERO | F54: ING. MIGUEL ANDRES CAPERA HERNANDEZ
A55: Secretaria de Planeación e Infraestructura | F55: Proyectó y elaboró

Sheet PTA-010
A1: ANALISIS DE PRECIOS UNITARIOS
A3: SECRETARIA DE PLANEACIÓN E INFRAESTRUCTURA
A4: ALCALDÍA MUNICIPAL DE RIOBLANCO - TOLIMA
A6: OBJETO: | B6: =+PTO!D3 -> MEJORAMIENTO DE LAS IET GENERAL SANTANDER SEDE PRINCIPAL Y FRANCISCO JULIAN OLAYA SEDE PRINCIPAL DEL MUNICIPIO DE RIOBLANCO TOLIMA
A9: ITEM | D9: =+_xlfn.XLOOKUP(D10,PTO!$D$4:$D$22,PTO!$C$4:$C$22) -> #N/A | E9: UNIDAD | F9: =+VLOOKUP($D$10,LIST!B3:C61,2,FALSE) -> M2 | G9: CANTIDAD | H9: 1
A10: DESCRIPCION | D10: RESANE EN ESTUCO ACRILICO 100%
A13: I. MATERIALES
A14: DESCRIPCION | E14: UND | F14: CANT | G14: V. UNITARIO | H14: V. PARCIAL
A15: ESTUCO PLASTICO INTERIOR Y EXTERIOR | E15: =IF($A15=0,0,VLOOKUP($A15,INS!$A$2:$E$106,2,FALSE)) -> 5 GLN | F15: =(1/4)/5 -> 0.05 | G15: =IF($A15=0,0,_xlfn.XLOOKUP($A15,INS[DESCRIPCIÓN],INS[PROMEDIO])) -> 120000 | H15: =+F15*G15 -> 6000
A16: ESPATULA 3" | E16: =IF($A16=0,0,VLOOKUP($A16,INS!$A$2:$E$106,2,FALSE)) -> UND | F16: 0.08 | G16: =IF($A16=0,0,_xlfn.XLOOKUP($A16,INS[DESCRIPCIÓN],INS[PROMEDIO])) -> 13500 | H16: =+F16*G16 -> 1080
E17: =IF($A17=0,0,VLOOKUP($A17,[1]INS!$A$2:$E$110,2,FALSE)) -> 0 | G17: =IF($A17=0,0,_xlfn.XLOOKUP($A17,[1]!INS[DESCRIPCIÓN],[1]!INS[PROMEDIO])) -> 0 | H17: =+F17*G17 -> 0
E18: =IF($A18=0,0,VLOOKUP($A18,[1]INS!$A$2:$E$110,2,FALSE)) -> 0 | G18: =IF($A18=0,0,_xlfn.XLOOKUP($A18,[1]!INS[DESCRIPCIÓN],[1]!INS[PROMEDIO])) -> 0 | H18: =+F18*G18 -> 0
E19: =IF($A19=0,0,VLOOKUP($A19,[1]INS!$A$2:$E$110,2,FALSE)) -> 0 | G19: =IF($A19=0,0,VLOOKUP($A19,[1]INS!$A$2:$G$110,6,FALSE)) -> 0 | H19: =+F19*G19 -> 0
E20: =IF($A20=0,0,VLOOKUP($A20,[1]INS!$A$2:$E$110,2,FALSE)) -> 0 | G20: =IF($A20=0,0,VLOOKUP($A20,[1]INS!$A$2:$G$110,6,FALSE)) -> 0 | H20: =+F20*G20 -> 0
E21: =IF($A21=0,0,VLOOKUP($A21,[1]INS!$A$2:$E$110,2,FALSE)) -> 0 | G21: =IF($A21=0,0,VLOOKUP($A21,[1]INS!$A$2:$G$110,6,FALSE)) -> 0 | H21: =+F21*G21 -> 0
A22: Herramienta menor | E22: %M.O | F22: 0.05 | G22: =H46 -> 11025 | H22: =F22*G22 -> 551.25
G23: SUBTOTAL | H23: =SUM(H15:H22) -> 7631.25
A25: II. EQUIPO
A26: DESCRIPCION | D26: MARCA | E26: UND | F26: TARIFA/HORA | G26: RENDIMIENTO | H26: V. PARCIAL
F27: =IF($A27=0,0,VLOOKUP($A27,EQUI!$A$2:$E$6,3,FALSE)) -> 0 | G27: =+IF($A27=0,0,VLOOKUP($A27,EQUI!$A$2:$E$6,5,FALSE)) -> 0 | H27: =F27*G27 -> 0
F28: =IF($A28=0,0,VLOOKUP($A28,EQUI!$A$2:$E$6,3,FALSE)) -> 0 | G28: =+IF($A28=0,0,VLOOKUP($A28,EQUI!$A$2:$E$6,5,FALSE)) -> 0 | H28: =F28*G28 -> 0
G31: SUBTOTAL | H31: =SUM(H27:H30) -> 0
A33: III. TRANSPORTE
A34: MATERIAL | D34: VOL. O PESO (EXP) | E34: DISTANCIA (KM) | F34: CANT | G34: TARIFA | H34: V. PARCIAL
D35: =IF($A$35=0,0,VLOOKUP($A$35,[1]TRANS!$A$2:$F$38,5,FALSE)) -> 0 | E35: =IF($A$35=0,0,VLOOKUP($A$35,TRANS!$A$2:$D$39,3,FALSE)) -> 0 | G35: =IF($A$35=0,0,VLOOKUP($A$35,TRANS!$A$2:$D$38,4,FALSE)) -> 0 | H35: =+E35*F35*G35*D35 -> 0
G39: SUBTOTAL | H39: =SUM(H35:H38) -> 0
A41: IV. MANO DE OBRA
A42: DESCRIPCION | D42: V. HORA +PRESTACIONES | E42: CANTIDAD | F42: JORNAL TOTAL | G42: RENDIMIENTO HH | H42: V. PARCIAL
A43: OFICIAL A. | D43: =[1]MO!F31/8 -> 24791.667 | E43: 1 | F43: =D43*E43 -> 24791.667 | G43: =+IF(AND($E$43=1,$E$44=1),_xlfn.XLOOKUP($D$10,REND[DESCRIPCIÓN],REND[RENDIMIENTO (1)]),IF(AND($E$43=1,$E$44=2),_xlfn.XLOOKUP($D$10,REND[DESCRIPCIÓN],REND[RENDIMIENTO (2)]),IF(AND($E$43=1,$E$44=3),_xlfn.XLOOKUP($D$10,REND[DESCRIPCIÓN],REND[RENDIMIENTO (3)]),IF(AND($E$43=1,$E$44=4),_xlfn.XLOOKUP($D$10,REND[DESCRIPCIÓN],REND[RENDIMIENTO (4)]),0)))) -> 0.28 | H43: =F43*G43 -> 6941.6667
A44: AYUDANTE A. | D44: =[1]MO!F14/8 -> 14583.333 | E44: 1 | F44: =D44*E44 -> 14583.333 | G44: =+IF(AND($E$43=1,$E$44=1),_xlfn.XLOOKUP($D$10,REND[DESCRIPCIÓN],REND[RENDIMIENTO (1)]),IF(AND($E$43=1,$E$44=2),_xlfn.XLOOKUP($D$10,REND[DESCRIPCIÓN],REND[RENDIMIENTO (2)]),IF(AND($E$43=1,$E$44=3),_xlfn.XLOOKUP($D$10,REND[DESCRIPCIÓN],REND[RENDIMIENTO (3)]),IF(AND($E$43=1,$E$44=4),_xlfn.XLOOKUP($D$10,REND[DESCRIPCIÓN],REND[RENDIMIENTO (4)]),0)))) -> 0.28 | H44: =F44*G44 -> 4083.3333
H45: =F45*G45 -> 0
G46: SUBTOTAL | H46: =SUM(H43:H45) -> 11025
A48: VALOR TOTAL | H48: =ROUND(H23+H31+H39+H46,0) -> 18656
A54: VoBo ARQ. LINA MARITZA BOCANEGRA QUINTERO | F54: ING. MIGUEL ANDRES CAPERA HERNANDEZ
A55: Secretaria de Planeación e Infraestructura | F55: Proyectó y elaboró

Sheet PTA-009
A1: ANALISIS DE PRECIOS UNITARIOS
A3: SECRETARIA DE PLANEACIÓN E INFRAESTRUCTURA
A4: ALCALDÍA MUNICIPAL DE RIOBLANCO - TOLIMA
A6: OBJETO: | B6: =+PTO!D3 -> MEJORAMIENTO DE LAS IET GENERAL SANTANDER SEDE PRINCIPAL Y FRANCISCO JULIAN OLAYA SEDE PRINCIPAL DEL MUNICIPIO DE RIOBLANCO TOLIMA
A9: ITEM | D9: =+_xlfn.XLOOKUP(D10,PTO!$D$4:$D$22,PTO!$C$4:$C$22) -> #N/A | E9: UNIDAD | F9: =+VLOOKUP($D$10,LIST!B3:C61,2,FALSE) -> M2 | G9: CANTIDAD | H9: 1
A10: DESCRIPCION | D10: PINTURA TIPO 1 INTERIOR, DOS MANOS
A13: I. MATERIALES
A14: DESCRIPCION | E14: UND | F14: CANT | G14: V. UNITARIO | H14: V. PARCIAL
A15: PINTURA TIPO 1 X 5 GLN | E15: =IF($A15=0,0,VLOOKUP($A15,INS!$A$2:$E$106,2,FALSE)) -> 5 GLN | F15: =1/(5*20) -> 0.01 | G15: =IF($A15=0,0,_xlfn.XLOOKUP($A15,INS[DESCRIPCIÓN],INS[PROMEDIO])) -> 300000 | H15: =+F15*G15 -> 3000
A16: RODILLO DE FELPA 9" | E16: =IF($A16=0,0,VLOOKUP($A16,INS!$A$2:$E$106,2,FALSE)) -> UND | F16: 0.1 | G16: =IF($A16=0,0,_xlfn.XLOOKUP($A16,INS[DESCRIPCIÓN],INS[PROMEDIO])) -> 17900 | H16: =+F16*G16 -> 1790
E17: =IF($A17=0,0,VLOOKUP($A17,[1]INS!$A$2:$E$110,2,FALSE)) -> 0 | G17: =IF($A17=0,0,_xlfn.XLOOKUP($A17,[1]!INS[DESCRIPCIÓN],[1]!INS[PROMEDIO])) -> 0 | H17: =+F17*G17 -> 0
E18: =IF($A18=0,0,VLOOKUP($A18,[1]INS!$A$2:$E$110,2,FALSE)) -> 0 | G18: =IF($A18=0,0,_xlfn.XLOOKUP($A18,[1]!INS[DESCRIPCIÓN],[1]!INS[PROMEDIO])) -> 0 | H18: =+F18*G18 -> 0
E19: =IF($A19=0,0,VLOOKUP($A19,[1]INS!$A$2:$E$110,2,FALSE)) -> 0 | G19: =IF($A19=0,0,VLOOKUP($A19,[1]INS!$A$2:$G$110,6,FALSE)) -> 0 | H19: =+F19*G19 -> 0
E20: =IF($A20=0,0,VLOOKUP($A20,[1]INS!$A$2:$E$110,2,FALSE)) -> 0 | G20: =IF($A20=0,0,VLOOKUP($A20,[1]INS!$A$2:$G$110,6,FALSE)) -> 0 | H20: =+F20*G20 -> 0
E21: =IF($A21=0,0,VLOOKUP($A21,[1]INS!$A$2:$E$110,2,FALSE)) -> 0 | G21: =IF($A21=0,0,VLOOKUP($A21,[1]INS!$A$2:$G$110,6,FALSE)) -> 0 | H21: =+F21*G21 -> 0
A22: Herramienta menor | E22: %M.O | F22: 0.05 | G22: =H46 -> 9843.75 | H22: =F22*G22 -> 492.1875
G23: SUBTOTAL | H23: =SUM(H15:H22) -> 5282.1875
A25: II. EQUIPO
A26: DESCRIPCION | D26: MARCA | E26: UND | F26: TARIFA/HORA | G26: RENDIMIENTO | H26: V. PARCIAL
F27: =IF($A27=0,0,VLOOKUP($A27,EQUI!$A$2:$E$6,3,FALSE)) -> 0 | G27: =+IF($A27=0,0,VLOOKUP($A27,EQUI!$A$2:$E$6,5,FALSE)) -> 0 | H27: =F27*G27 -> 0
F28: =IF($A28=0,0,VLOOKUP($A28,EQUI!$A$2:$E$6,3,FALSE)) -> 0 | G28: =+IF($A28=0,0,VLOOKUP($A28,EQUI!$A$2:$E$6,5,FALSE)) -> 0 | H28: =F28*G28 -> 0
G31: SUBTOTAL | H31: =SUM(H27:H30) -> 0
A33: III. TRANSPORTE
A34: MATERIAL | D34: VOL. O PESO (EXP) | E34: DISTANCIA (KM) | F34: CANT | G34: TARIFA | H34: V. PARCIAL
D35: =IF($A$35=0,0,VLOOKUP($A$35,TRANS!$A$2:$F$38,5,FALSE)) -> 0 | E35: =IF($A$35=0,0,VLOOKUP($A$35,TRANS!$A$2:$D$39,3,FALSE)) -> 0 | G35: =IF($A$35=0,0,VLOOKUP($A$35,TRANS!$A$2:$D$38,4,FALSE)) -> 0 | H35: =+E35*F35*G35*D35 -> 0
G39: SUBTOTAL | H39: =SUM(H35:H38) -> 0
A41: IV. MANO DE OBRA
A42: DESCRIPCION | D42: V. HORA +PRESTACIONES | E42: CANTIDAD | F42: JORNAL TOTAL | G42: RENDIMIENTO HH | H42: V. PARCIAL
A43: OFICIAL A. | D43: =MO!F31/8 -> 24791.667 | E43: 1 | F43: =D43*E43 -> 24791.667 | G43: =+IF(AND($E$43=1,$E$44=1),_xlfn.XLOOKUP($D$10,REND[DESCRIPCIÓN],REND[RENDIMIENTO (1)]),IF(AND($E$43=1,$E$44=2),_xlfn.XLOOKUP($D$10,REND[DESCRIPCIÓN],REND[RENDIMIENTO (2)]),IF(AND($E$43=1,$E$44=3),_xlfn.XLOOKUP($D$10,REND[DESCRIPCIÓN],REND[RENDIMIENTO (3)]),IF(AND($E$43=1,$E$44=4),_xlfn.XLOOKUP($D$10,REND[DESCRIPCIÓN],REND[RENDIMIENTO (4)]),0)))) -> 0.25 | H43: =F43*G43 -> 6197.9167
A44: AYUDANTE A. | D44: =MO!F14/8 -> 14583.333 | E44: 1 | F44: =D44*E44 -> 14583.333 | G44: =+IF(AND($E$43=1,$E$44=1),_xlfn.XLOOKUP($D$10,REND[DESCRIPCIÓN],REND[RENDIMIENTO (1)]),IF(AND($E$43=1,$E$44=2),_xlfn.XLOOKUP($D$10,REND[DESCRIPCIÓN],REND[RENDIMIENTO (2)]),IF(AND($E$43=1,$E$44=3),_xlfn.XLOOKUP($D$10,REND[DESCRIPCIÓN],REND[RENDIMIENTO (3)]),IF(AND($E$43=1,$E$44=4),_xlfn.XLOOKUP($D$10,REND[DESCRIPCIÓN],REND[RENDIMIENTO (4)]),0)))) -> 0.25 | H44: =F44*G44 -> 3645.8333
H45: =F45*G45 -> 0
G46: SUBTOTAL | H46: =SUM(H43:H45) -> 9843.75
A48: VALOR TOTAL | H48: =ROUND(H23+H31+H39+H46,0) -> 15126
A54: VoBo ARQ. LINA MARITZA BOCANEGRA QUINTERO | F54: ING. MIGUEL ANDRES CAPERA HERNANDEZ
A55: Secretaria de Planeación e Infraestructura | F55: Proyectó y elaboró

Sheet PTA-008
A1: ANALISIS DE PRECIOS UNITARIOS
A3: SECRETARIA DE PLANEACIÓN E INFRAESTRUCTURA
A4: ALCALDÍA MUNICIPAL DE RIOBLANCO - TOLIMA
A6: OBJETO: | B6: =+PTO!D3 -> MEJORAMIENTO DE LAS IET GENERAL SANTANDER SEDE PRINCIPAL Y FRANCISCO JULIAN OLAYA SEDE PRINCIPAL DEL MUNICIPIO DE RIOBLANCO TOLIMA
A9: ITEM | D9: =+_xlfn.XLOOKUP(D10,PTO!$D$4:$D$22,PTO!$C$4:$C$22) -> #N/A | E9: UNIDAD | F9: =+VLOOKUP($D$10,[1]LIST!B3:C69,2,FALSE) -> M2 | G9: CANTIDAD | H9: 1
A10: DESCRIPCION | D10: ENCHAPE EN GRES ROJO
A13: I. MATERIALES
A14: DESCRIPCION | E14: UND | F14: CANT | G14: V. UNITARIO | H14: V. PARCIAL
A15: CERAMICA GRES 20X20 CALIDAD 1 | E15: =IF($A15=0,0,VLOOKUP($A15,INS!$A$2:$E$106,2,FALSE)) -> M2 | F15: 1 | G15: =IF($A15=0,0,_xlfn.XLOOKUP($A15,INS[DESCRIPCIÓN],INS[PROMEDIO])) -> 70000 | H15: =+F15*G15 -> 70000
A16: PEGANTE PARA CERÁMICA X25 KG | E16: =IF($A16=0,0,VLOOKUP($A16,INS!$A$2:$E$106,2,FALSE)) -> UND | F16: 0.25 | G16: =IF($A16=0,0,_xlfn.XLOOKUP($A16,INS[DESCRIPCIÓN],INS[PROMEDIO])) -> 35000 | H16: =+F16*G16 -> 8750
A17: CEMENTO 50 KG | E17: =IF($A17=0,0,VLOOKUP($A17,INS!$A$2:$E$106,2,FALSE)) -> BLT | F17: 0.2 | G17: =IF($A17=0,0,_xlfn.XLOOKUP($A17,INS[DESCRIPCIÓN],INS[PROMEDIO])) -> 37000 | H17: =+F17*G17 -> 7400
A18: ARENA | E18: =IF($A18=0,0,VLOOKUP($A18,INS!$A$2:$E$106,2,FALSE)) -> M3 | F18: 0.03 | G18: =IF($A18=0,0,_xlfn.XLOOKUP($A18,INS[DESCRIPCIÓN],INS[PROMEDIO])) -> 71813 | H18: =+F18*G18 -> 2154.39
E19: =IF($A19=0,0,VLOOKUP($A19,[1]INS!$A$2:$E$110,2,FALSE)) -> 0 | G19: =IF($A19=0,0,VLOOKUP($A19,[1]INS!$A$2:$G$110,6,FALSE)) -> 0 | H19: =+F19*G19 -> 0
E20: =IF($A20=0,0,VLOOKUP($A20,[1]INS!$A$2:$E$110,2,FALSE)) -> 0 | G20: =IF($A20=0,0,VLOOKUP($A20,[1]INS!$A$2:$G$110,6,FALSE)) -> 0 | H20: =+F20*G20 -> 0
E21: =IF($A21=0,0,VLOOKUP($A21,[1]INS!$A$2:$E$110,2,FALSE)) -> 0 | G21: =IF($A21=0,0,VLOOKUP($A21,[1]INS!$A$2:$G$110,6,FALSE)) -> 0 | H21: =+F21*G21 -> 0
A22: Herramienta menor | E22: %M.O | F22: 0.05 | G22: =H46 -> 39375 | H22: =F22*G22 -> 1968.75
G23: SUBTOTAL | H23: =SUM(H15:H22) -> 90273.14
A25: II. EQUIPO
A26: DESCRIPCION | D26: MARCA | E26: UND | F26: TARIFA/HORA | G26: RENDIMIENTO | H26: V. PARCIAL
F27: =IF($A27=0,0,VLOOKUP($A27,EQUI!$A$2:$E$6,3,FALSE)) -> 0 | G27: =+IF($A27=0,0,VLOOKUP($A27,EQUI!$A$2:$E$6,5,FALSE)) -> 0 | H27: =F27*G27 -> 0
H28: =F28*G28 -> 0
G31: SUBTOTAL | H31: =SUM(H27:H30) -> 0
A33: III. TRANSPORTE
A34: MATERIAL | D34: VOL. O PESO (EXP) | E34: DISTANCIA (KM) | F34: CANT | G34: TARIFA | H34: V. PARCIAL
D35: =IF($A$35=0,0,VLOOKUP($A$35,[1]TRANS!$A$2:$F$38,5,FALSE)) -> 0 | E35: =IF($A$35=0,0,VLOOKUP($A$35,TRANS!$A$2:$D$39,3,FALSE)) -> 0 | F35: =+F15 -> 1 | G35: =IF($A$35=0,0,VLOOKUP($A$35,TRANS!$A$2:$D$38,4,FALSE)) -> 0 | H35: =+E35*F35*G35*D35 -> 0
G39: SUBTOTAL | H39: =SUM(H35:H38) -> 0
A41: IV. MANO DE OBRA
A42: DESCRIPCION | D42: V. HORA +PRESTACIONES | E42: CANTIDAD | F42: JORNAL TOTAL | G42: RENDIMIENTO HH | H42: V. PARCIAL
A43: OFICIAL A. | D43: =[1]MO!F31/8 -> 24791.667 | E43: 1 | F43: =D43*E43 -> 24791.667 | G43: =+IF(AND($E$43=1,$E$44=1),_xlfn.XLOOKUP($D$10,REND[DESCRIPCIÓN],REND[RENDIMIENTO (1)]),IF(AND($E$43=1,$E$44=2),_xlfn.XLOOKUP($D$10,REND[DESCRIPCIÓN],REND[RENDIMIENTO (2)]),IF(AND($E$43=1,$E$44=3),_xlfn.XLOOKUP($D$10,REND[DESCRIPCIÓN],REND[RENDIMIENTO (3)]),IF(AND($E$43=1,$E$44=4),_xlfn.XLOOKUP($D$10,REND[DESCRIPCIÓN],REND[RENDIMIENTO (4)]),0)))) -> 1 | H43: =F43*G43 -> 24791.667
A44: AYUDANTE A. | D44: =[1]MO!F14/8 -> 14583.333 | E44: 1 | F44: =D44*E44 -> 14583.333 | G44: =+IF(AND($E$43=1,$E$44=1),_xlfn.XLOOKUP($D$10,REND[DESCRIPCIÓN],REND[RENDIMIENTO (1)]),IF(AND($E$43=1,$E$44=2),_xlfn.XLOOKUP($D$10,REND[DESCRIPCIÓN],REND[RENDIMIENTO (2)]),IF(AND($E$43=1,$E$44=3),_xlfn.XLOOKUP($D$10,REND[DESCRIPCIÓN],REND[RENDIMIENTO (3)]),IF(AND($E$43=1,$E$44=4),_xlfn.XLOOKUP($D$10,REND[DESCRIPCIÓN],REND[RENDIMIENTO (4)]),0)))) -> 1 | H44: =F44*G44 -> 14583.333
H45: =F45*G45 -> 0
G46: SUBTOTAL | H46: =SUM(H43:H45) -> 39375
A48: VALOR TOTAL | H48: =ROUND(H23+H31+H39+H46,0) -> 129648
A54: VoBo ARQ. LINA MARITZA BOCANEGRA QUINTERO | F54: ING. MIGUEL ANDRES CAPERA HERNANDEZ
A55: Secretaria de Planeación e Infraestructura | F55: Proyectó y elaboró

Sheet AIU
A7: DESGLOSE DEL A.I.U.
A8: Cálculo pormenorizado del factor Administración, Imprevistos y Utilidades. AIU | L8: =+L10*0.2 -> 0
A10: No | B10: DESCRIPCIÓN | G10: PORCENTAJES % Y CANTIDADES ESTIMADAS | H10: UNIDAD | I10: PORCENTAJE % Y CANTIDAD REAL | L10: =+K10/1.28 -> 0
I11: C. DIRECTO | J11: =+PTO!H42 -> 37706775 | O11: =J11*0.26 -> 9803761.6
A12: VALOR ADMINISTRACIÓN DE OBRA | K12: 5826620802 | L12: 4482016002 | M12: =+L12*0.3 -> 1.3446048e+09 | N12: =+L12+M12 -> 5.8266208e+09 | O12: 95546871
A13: 1 | B13: PERSONAL DE OBRA (incl. Prestaciones) | C13: DURACION | D13: CANTIDAD | E13: FACTOR PRESTACIONAL | F13: VALOR UNITARIO | G13: DEDICACION | I13: =SUM(I14:I16) -> 0.073407895 | J13: =SUM(J14:J16) -> 2767975 | L13: =SUM(L14:L16) -> 0.011166684
A14: 1.1 | B14: Director de Obra | C14: 1 | D14: 0 | E14: 1.5817 | F14: 4400000 | G14: 0.3 | H14: % | I14: =+J14/$J$11 -> 0 | J14: =F14*E14*G14*C14*D14 -> 0 | K14: 15152528 | L14: =+K14/$L$12 -> 0.0033807393
A15: 1.2 | B15: Residente de Obra | C15: 1 | D15: 1 | E15: =+E14 -> 1.5817 | F15: 3500000 | G15: 0.5 | H15: % | I15: =+J15/$J$11 -> 0.073407895 | J15: =F15*E15*G15*C15*D15 -> 2767975 | K15: 34896730 | L15: =+K15/$L$12 -> 0.007785945
A17: 2 | B17: GASTOS DE LEGALIZACION Y PERFECCIONAMIENTO | G17: =SUM(G18:G27) -> 0.1673 | I17: =SUM(I18:I27) -> 0.1673 | J17: =+SUM(J18:J27) -> 6308343.5 | L17: =+K17/$L$12 -> 0
A18: 2.1 | B18: Póliza de cumplimiento | G18: 0.0015 | H18: % | I18: =J18/$J$11 -> 0.0015 | J18: =G18*$J$11 -> 56560.163 | L18: =+I18*$L$12 -> 6723024
A19: 2.2 | B19: Amparo de salarios y prest. Sociales | G19: 0.0015 | H19: % | I19: =J19/$J$11 -> 0.0015 | J19: =G19*$J$11 -> 56560.163
A20: 2.3 | B20: Estabilidad de obra | G20: 0.0033 | H20: % | I20: =J20/$J$11 -> 0.0033 | J20: =G20*$J$11 -> 124432.36
A21: 2.4 | B21: Responsabilidad civil extracontractual | G21: 0.001 | H21: % | I21: =J21/$J$11 -> 0.001 | J21: =G21*$J$11 -> 37706.775
A22: 2.5 | B22: Estampilla Pro Adulto | G22: 0.04 | H22: % | I22: =J22/$J$11 -> 0.04 | J22: =G22*$J$11 -> 1508271
A23: 2.6 | B23: Estampilla Pro Cultura | G23: 0.02 | H23: % | I23: =J23/$J$11 -> 0.02 | J23: =G23*$J$11 -> 754135.51 | L23: =+I23*$L$12 -> 89640320
A24: 2.7 | B24: Tasa Pro Deporte | G24: 0.02 | H24: % | I24: =J24/$J$11 -> 0.02 | J24: =G24*$J$11 -> 754135.51
A25: 2.8 | B25: Estampilla Justicia Familiar | G25: 0.02 | H25: % | I25: =J25/$J$11 -> 0.02 | J25: =G25*$J$11 -> 754135.51
A26: 2.9 | B26: Fondo de seguridad | G26: 0.05 | H26: % | I26: =J26/$J$11 -> 0.05 | J26: =G26*$J$11 -> 1885338.8
A27: 2.9 | B27: Estampilla de Electrificación rural | G27: 0.01 | H27: % | I27: =J27/$J$11 -> 0.01 | J27: =G27*$J$11 -> 377067.75
A28: 3 | B28: GASTOS DE LEGALIZACION Y PERFECCIONAMIENTO | I28: =SUM(I29:I31) -> 0.0093110614 | J28: =+SUM(J29:J31) -> 351090.1 | L28: =+K28/$L$12 -> 0
A29: 3.1 | B29: Alquiler de oficina | C29: 0 | F29: 800000 | I29: =J29/$J$11 -> 0 | J29: =+F29*C29 -> 0 | L29: =+I29*$L$12 -> 0
A30: 3.2 | B30: Transporte | C30: 0 | F30: 500000 | I30: =J30/$J$11 -> 0 | J30: =+F30*C30 -> 0
A31: 3.3 | B31: Informes y papeleria | C31: 1 | F31: 351090.1 | I31: =J31/$J$11 -> 0.0093110614 | J31: =+F31*C31 -> 351090.1
B32: PORCENTAJE ADMINISTRACION | I32: =I17+I13+I28 -> 0.25001896 | J32: =J13+J17+J28 -> 9427408.6 | L32: =+L12*22/100 -> 9.8604352e+08 | M32: =+J32-L32 -> -9.7661611e+08 | O32: =+PTO!H43 -> 9426693.8
O33: 9428854.6
B34: VALOR IMPREVISTOS | I34: 0.01 | J34: =+I34*J11 -> 377067.75 | L34: =+L12*3/100 -> 1.3446048e+08
B36: VALOR UTILIDAD | I36: 0.04 | J36: =I36*J11 -> 1508271 | L36: =+L12*5/100 -> 2.241008e+08
B38: TOTAL A.I.U. | I38: =+I32+I34+I36 -> 0.30001896 | J38: =+J32+J34+J36 -> 11312747 | O38: 1.1766099e+08
A41: VoBo ING. IVAN MAURICIO PENAGOS ANDRADE | L41: =+J33+J35+J37 -> 0
A42: Subsecretaria de Planeación e Infraestructura

Sheet LIST
A1: ID | B1: DESCRIPCIÓN | C1: UNIDAD | D1: V/UNIT
A2: P | B2: PRELIMINARES (P)
A3: P-0001 | B3: DEMOLICIÓN PLACA e= 0.10m | C3: M2 | D3: =+'P-0001'!H48 -> 38328 | F3: =+TEXT(LIST[[#This Row],[ID]],"XXXXXX") -> P-0001
A4: P-0002 | B4: DEMOLICIÓN MURO, INCLUYE RETIRO DE ESCOMBROS A 5 KM | C4: M2 | D4: =+'P-0002'!H48 -> 39966
A5: P-0003 | B5: DESMONTE DE MOTOBOMBAS, TABLEROS, Y ELEMENTOS ELECTRONICOS. | C5: GLOBAL | D5: =+'P-0003'!H48 -> 719688
A6: P-0004 | B6: RETIRO DE ADOQUIN DEFECTUOSO Y EN MAL ESTADO | C6: M2 | D6: =+'P-0004'!H48 -> 16553
A7: P-0005 | B7: EXCAVACIÓN MANUAL EN MATERIAL COMÚN 0-2 MTS | C7: M3 | D7: =+'P-0005'!H45 -> 41022
A8: P-0006 | B8: RELLENO EN ARENA | C8: M3 | D8: =+'P-0006'!H48 -> 368241
A9: P-0007 | B9: DESMONTE DE APARATOS SANITARIOS | C9: UND | D9: =+'P-0007'!H48 -> 93559
A10: P-0008 | B10: LOCALIZACIÓN Y REPLANTEO (AREA) | C10: M2 | D10: =+'P-0008'!H48 -> 4422
A11: P-0009 | B11: DEMOLICIÓN DE PLACA CONCRETO e=0.15m INCLUYE TRANSPORTE | C11: M2 | D11: =+'P-0009'!H48 -> 50982
A12: P-0010 | B12: DEMOLICIÓN DE MURO EN CONCRETO REFORZADO INCLUYE TRANSPORTE | C12: M2 | D12: =+'P-0010'!H48 -> 75162
A13: P-0011 | B13: EXCAVACIÓN MECANICA EN MATERIAL COMÚN | C13: M3 | D13: =+'P-0011'!H48 -> 30161
A14: P-0012 | B14: RELLENO EN RECEBO COMPACTADO | C14: M3 | D14: =+'P-0012'!H48 -> 119091
A15: P-0013 | B15: DESCAPOTE MANUAL DE TERRENO E=0,15 CM, INCLUYE RETIRO | C15: M2 | D15: =+'P-0013'!H48 -> 12504
A18: PTA | B18: PISOS CERAMICOS, TERMINADOS Y ACABADOS (PTA)
A19: PTA-001 | B19: ADOQUIN RECTANGULAR ADOP-A O SIMILAR COLOR GRIS (20 X10X 8) | C19: M2 | D19: =+'PTA-001'!H45 -> 193639
A20: PTA-002 | B20: ADOQUIN INDUPISO PIZARRA O SIMILAR COLOR ARENA (20X20X8) | C20: M2 | D20: =+'PTA-002'!H45 -> 191764
A21: PTA-003 | B21: PINTURA DE SILLAS REDONDAS DIAMETRO 50CM H=60CM TIPO 1 EXTERIOR COLOR BLANCO (INCLUYE RESANE) | C21: UND | D21: =+'PTA-003'!H45 -> 105321
A22: PTA-004 | B22: PINTURA DE MATERA RECTANGULAR 40X60X30 TIPO 1 EXTERIOR COLOR BLANCO (INCLUYE RESANE) | C22: UND | D22: =+'PTA-004'!H48 -> 112448
A23: PTA-005 | B23: MURO EN BLOQUE ABUJARDADO CON DOVELAS 14X19X39 PARA ALCORQUE DE ARBOL | C23: M2 | D23: =+'PTA-005'!H48 -> 146466
A24: PTA-006 | B24: ALFAGIA PREFABRICADA DE ANCHO 25CMX100CM | C24: M | D24: =+'PTA-006'!H48 -> 81667
A25: PTA-007 | B25: CIELO RASO PVC 9 MM INCLUYE ESTRUCTURA | C25: M2 | D25: =+'PTA-007'!H48 -> 65142
A26: PTA-008 | B26: ENCHAPE EN GRES ROJO | C26: M2 | D26: =+'PTA-008'!H48 -> 129648
A27: PTA-009 | B27: PINTURA TIPO 1 INTERIOR, DOS MANOS | C27: M2 | D27: =+'PTA-009'!H48 -> 15126
A28: PTA-010 | B28: RESANE EN ESTUCO ACRILICO 100% | C28: M2 | D28: =+'PTA-010'!H48 -> 18656
A29: PTA-011 | B29: PINTURA TIPO 1 EXTERIOR 100% ACRILICA, DOS MANOS | C29: M2 | D29: =+'PTA-011'!H48 -> 22226
A30: PTA-012 | B30: POLARIZADO PARA VENTANAS PELICULA PROTECCIÓN 100% UV 2 MM | C30: M2 | D30: =+'PTA-012'!H48 -> 55385
A31: PTA-013 | B31: ENCHAPE CERAMICO 20X30 CM COLOR BLANCO (PARED) | C31: M2 | D31: =+'PTA-013'!H48 -> 94830
A32: PTA-014 | B32: PINTURA ESMALTE ELEMENTOS METALICOS (AREA) | C32: M2 | D32: =+'PTA-014'!H48 -> #N/A
A33: PTA-015 | B33: PINTURA ESMALTE ELEMENTOS METALICOS (LINEAL BARANDA) | C33: M | D33: =+'PTA-015'!H48 -> 12826
A34: PTA-016 | B34: MURAL DECORATIVO CON IDENTIFICACIÓN CULTURAL | C34: M2
A36: CMR | B36: CONCRETOS, MORTEROS Y REFUERZOS (CMR)
A37: CMR-001 | B37: ACERO DE REFUERZO 60.000 PSI | C37: KG | D37: =+'CMR-001'!H48 -> 10228
A38: CMR-002 | B38: CONCRETO 3.000 PSI | C38: M3 | D38: =+'CMR-002'!H48 -> 1290784
A39: CMR-003 | B39: SUMINISTRO E INSTALACION DE TUBERIA PETROLERA DE 20" y 10", INCLUYE ESCALERA DE ACCESO, ESTRUCTURA DE FIJACION DE LA PANTALLA Y TODOS LOS ELEMENTROS NECESARIOS PARA SU CORRECTO FUNCIONAMIENTO | C39: KG
A42: ELC | B42: ELECTRICIDAD Y ACCESORIOS ELECTRICOS (ELC)
A43: ELC-001 | B43: SUMINISTRO E INSTALACION DE PANTALLA EXTERIO 3,9 PICH CON 15 GRADO DE 7680 HZ #500 X1000 MM CON PROCESADOR Tb40 , INCLUYE CONEXIÓN ELECTRICA, CAJA DE CONTROL Y PUESTA EN FUNCIONAMIENTO. | C43: UND
A44: ELC-002 | B44: TABLERO ELECTRICO PARA INSTALACIÓN PANTALLA BIFASICO | C44: UND
A45: ELC-003 | B45: RED ELECTRICA EN CABLE N°12 Y TUBO EMT 1/2" PVC | C45: M | D45: =+'ELC-003'!H48 -> 33707
A46: ELC-004 | B46: PUNTO ELECTRICO DE CONEXIÓN DOBLE | C46: UND | D46: =+'ELC-004'!H48 -> 31330
A47: ELC-005 | B47: PUNTO DE ILUMINACIÓN INCLUYE INTERRUPTOR, PLAFON Y BOMBILLO 50 W | C47: UND | D47: =+'ELC-005'!H48 -> 65566
A48: ELC-006 | B48: PUNTO DE ILUMINACIÓN INCLUYE INTERRUPTOR Y LAMPARA 18W | C48: UND | D48: =+'ELC-006'!H48 -> 52672
A49: ELC-007 | B49: CANALETA METALICA ELECTRICA 5CMX12CMX2M (INCLUYE PUNTOS ELECTRICOS Y DE DATOS) | C49: M | D49: =+'ELC-007'!H48 -> 110700
A51: HS | B51: HIDRAULICO Y SANITARIO (HS)
A52: HS-001 | B52: SUMINISTRO E INSTALACION DE SANITARIO (INCLUYE GRIFERIA) | C52: UND | D52: =+'HS-001'!H48 -> 513656
A53: HS-002 | B53: SUMINISTRO E INSTALACION DE SANITARIO INFANTIL (INCLUYE GRIFERIA) | C53: UND | D53: =+'HS-002'!H48 -> 924999
A54: HS-003 | B54: SUMINISTRO E INSTALACION DE LAVAMOS DE EMPOTRAR (INCLUYE GRIFERIA) | C54: UND | D54: =+'HS-003'!H48 -> 302613
A55: HS-004 | B55: SUMINISTRO E INSTALACIÓN DE LLAVE LAVAMANOS TIPO PUSH | C55: UND | D55: =+'HS-004'!H48 -> 200975
A56: HS-005 | B56: SUMINISTRO E INSTALACIÓN DE DESAGUE PARA LAVAMOS | C56: UND | D56: =+'HS-005'!H48 -> 79844
A57: HS-006 | B57: MANTENIMIENTO RED SANITARIA (PUNTO OBSTRUIDO) | C57: UND | D57: =+'HS-006'!H48 -> 158031
A58: HS-007 | B58: TAPA EN CONCRETO PARA CAJA DE INSPECCIÓN 1X1 M CON TERMINAL EN ANGULO 1/2" | C58: UND | D58: =+'HS-007'!H48 -> 365833
A59: HS-008 | B59: SUMINISTRO E INSTALACIÓN DE LLAVE ORINAL TIPO PUSH | C59: UND | D59: =+'HS-008'!H48 -> 203975
A60: HS-009 | B60: SUMINISTRO E INSTALACIÓN DE GRIFERIA PARA SANITARIO | C60: UND | D60: =+'HS-009'!H48 -> 113344
B61: REPARACIÓN FUGA RED HIDRAULICA 1/2" FUGA SENCILLA | C61: UND
A64: CIE | B64: CUBIERTAS, IMPERMEABILIZANTE Y ELEMENTOS DE SOPORTE (CIE)
A65: CIE-001 | B65: TEJA EN LAMINA GALVANIZADA CAL.28 | C65: M2 | D65: =+'CIE-001'!H48 -> 58795
A66: CIE-002 | B66: TUBERÍA PVC 4" SANITARIO BAJANTE AGUAS LLUVIAS | C66: M | D66: =+'CIE-002'!H48 -> 44084
A67: CIE-003 | B67: TEJA TERMOACISTICA ARQUITECTONICA CAL. 31 | C67: M2 | D67: =+'CIE-003'!H48 -> 65795
A68: CIE-004 | B68: FLANCHE METALICO CUBIERTA CAL.26 | C68: M | D68: =+'CIE-004'!H48 -> 33203
A69: CIE-005 | B69: TAPA GOTERAS CON SELLANTE, ACRILICO+FIBRA | C69: M2 | D69: =+'CIE-005'!H48 -> 48778
A71: LF | B71: LIMPIEZA Y FINALIZACIÓN DE OBRA (LF)
A72: LF-001 | B72: RETIRO DE MATERIAL SOBRANTE HASTA 5 KM | C72: M3
B73: TABLA DE 3M X 0.25M | C73: DOCENA
B74: TRITURADO 1/2" | C74: M3 | D74: 120
B75: TUBO PRESIÓN DE 1/2" RDE 9 X 6M | C75: Und
B76: TUBO SANITARIO 2" SEMIPESADO | C76: Und
B77: TUBO SANITARIO 4" TIPO PESADO X 6 METROS | C77: Und
B78: UNION PRESIÓN DE 1/2" | C78: Und
B79: VINILO TIPO 1 | C79: GALÓN
B80: YEE REDUCIDA DE 3 X 2" | C80: Und
B81: DIVISIÓN EN ACRILICO | C81: M2
B82: MALLA PLÁSTICA MULTIUSOS 7MM X 7MM H = 100CMM LONGITUD 30 M | C82: ROOLLO | D82: 193
B83: PORTÓN METÁLICO CALIBRE 18 CON ANTICORROSIVO | C83: M2
B84: BARANDA METÁLICA | C84: ML
B85: CARCAMO METÁLICO DE 1.30 X 0.33M | C85: Und

Sheet REND
A1: ID | B1: DESCRIPCIÓN | C1: UND | D1: TRABAJO | E1: RENDIMIENTO (1) | F1: RENDIMIENTO (2) | G1: RENDIMIENTO (3) | H1: RENDIMIENTO (4) | I1: RENDIMIENTO (5)
A2: =+LIST!A1 -> ID | E2: 1 OFC Y 1 AYUD | F2: 1 OFC Y 2 AYUD | G2: 1 OFC Y 3 AYUD | H2: 1 OFC Y 4 AYUD | I2: 1 OFC Y 5 AYUD
A3: =+LIST!A2 -> P | B3: =+LIST!B2 -> PRELIMINARES (P)
A4: =+LIST!A3 -> P-0001 | B4: =+_xlfn.XLOOKUP($A4,LIST[ID],LIST[DESCRIPCIÓN]) -> DEMOLICIÓN PLACA e= 0.10m | C4: =+_xlfn.XLOOKUP($A4,LIST[ID],LIST[UNIDAD]) -> M2 | D4: HH | E4: 0.7 | F4: 0.5 | G4: 0.38 | H4: 0.31
A5: =+LIST!A4 -> P-0002 | B5: =+_xlfn.XLOOKUP($A5,LIST[ID],LIST[DESCRIPCIÓN]) -> DEMOLICIÓN MURO, INCLUYE RETIRO DE ESCOMBROS A 5 KM | C5: =+_xlfn.XLOOKUP($A5,LIST[ID],LIST[UNIDAD]) -> M2 | D5: HH | F5: 0.5
A6: =+LIST!A5 -> P-0003 | B6: =+_xlfn.XLOOKUP($A6,LIST[ID],LIST[DESCRIPCIÓN]) -> DESMONTE DE MOTOBOMBAS, TABLEROS, Y ELEMENTOS ELECTRONICOS. | C6: =+_xlfn.XLOOKUP($A6,LIST[ID],LIST[UNIDAD]) -> GLOBAL | D6: HH | G6: 10
A7: =+LIST!A6 -> P-0004 | B7: =+_xlfn.XLOOKUP($A7,LIST[ID],LIST[DESCRIPCIÓN]) -> RETIRO DE ADOQUIN DEFECTUOSO Y EN MAL ESTADO | C7: =+_xlfn.XLOOKUP($A7,LIST[ID],LIST[UNIDAD]) -> M2 | D7: HH | F7: 0.3 | G7: 0.23
A8: =+LIST!A7 -> P-0005 | B8: =+_xlfn.XLOOKUP($A8,LIST[ID],LIST[DESCRIPCIÓN]) -> EXCAVACIÓN MANUAL EN MATERIAL COMÚN 0-2 MTS | C8: =+_xlfn.XLOOKUP($A8,LIST[ID],LIST[UNIDAD]) -> M3 | D8: HH | F8: 0.7 | G8: 0.57 | H8: 0.48
A9: =+LIST!A8 -> P-0006 | B9: =+_xlfn.XLOOKUP($A9,LIST[ID],LIST[DESCRIPCIÓN]) -> RELLENO EN ARENA | C9: =+_xlfn.XLOOKUP($A9,LIST[ID],LIST[UNIDAD]) -> M3 | D9: HH | F9: 0.3 | G9: 0.25 | H9: 0.23
A10: =+LIST!A9 -> P-0007 | B10: =+_xlfn.XLOOKUP($A10,LIST[ID],LIST[DESCRIPCIÓN]) -> DESMONTE DE APARATOS SANITARIOS | C10: =+_xlfn.XLOOKUP($A10,LIST[ID],LIST[UNIDAD]) -> UND | D10: HH | E10: 2.1 | F10: 1.6 | G10: 1.3
A11: =+LIST!A10 -> P-0008 | B11: =+_xlfn.XLOOKUP($A11,LIST[ID],LIST[DESCRIPCIÓN]) -> LOCALIZACIÓN Y REPLANTEO (AREA) | C11: =+_xlfn.XLOOKUP($A11,LIST[ID],LIST[UNIDAD]) -> M2 | D11: HH | E11: 0.05 | H11: =+AVERAGE(E11:G11) -> 0.05
A12: =+LIST!A11 -> P-0009 | B12: =+_xlfn.XLOOKUP($A12,LIST[ID],LIST[DESCRIPCIÓN]) -> DEMOLICIÓN DE PLACA CONCRETO e=0.15m INCLUYE TRANSPORTE | C12: =+_xlfn.XLOOKUP($A12,LIST[ID],LIST[UNIDAD]) -> M2 | D12: HH | E12: 0.9 | F12: 0.65 | H12: =+AVERAGE(E12:G12) -> 0.775
A13: =+LIST!A12 -> P-0010 | B13: =+_xlfn.XLOOKUP($A13,LIST[ID],LIST[DESCRIPCIÓN]) -> DEMOLICIÓN DE MURO EN CONCRETO REFORZADO INCLUYE TRANSPORTE | C13: =+_xlfn.XLOOKUP($A13,LIST[ID],LIST[UNIDAD]) -> M2 | D13: HH | E13: 1.2 | F13: 1.1
A14: =+LIST!A13 -> P-0011 | B14: =+_xlfn.XLOOKUP($A14,LIST[ID],LIST[DESCRIPCIÓN]) -> EXCAVACIÓN MECANICA EN MATERIAL COMÚN | C14: =+_xlfn.XLOOKUP($A14,LIST[ID],LIST[UNIDAD]) -> M3 | D14: HH | E14: 0.12 | F14: 0.1 | H14: =+AVERAGE(E14:G14) -> 0.11
A15: =+LIST!A14 -> P-0012 | B15: =+_xlfn.XLOOKUP($A15,LIST[ID],LIST[DESCRIPCIÓN]) -> RELLENO EN RECEBO COMPACTADO | C15: =+_xlfn.XLOOKUP($A15,LIST[ID],LIST[UNIDAD]) -> M3 | D15: HH | F15: 0.2
A16: =+LIST!A15 -> P-0013 | B16: =+_xlfn.XLOOKUP($A16,LIST[ID],LIST[DESCRIPCIÓN]) -> DESCAPOTE MANUAL DE TERRENO E=0,15 CM, INCLUYE RETIRO | C16: =+_xlfn.XLOOKUP($A16,LIST[ID],LIST[UNIDAD]) -> M2 | D16: HH | E16: 0.26
A17: =+LIST!A16 -> 0
A18: =+LIST!A17 -> 0
A19: =+LIST!A18 -> PTA | B19: =+LIST!B18 -> PISOS CERAMICOS, TERMINADOS Y ACABADOS (PTA)
A20: =+LIST!A19 -> PTA-001 | B20: =+_xlfn.XLOOKUP($A20,LIST[ID],LIST[DESCRIPCIÓN]) -> ADOQUIN RECTANGULAR ADOP-A O SIMILAR COLOR GRIS (20 X10X 8) | C20: =+_xlfn.XLOOKUP($A20,LIST[ID],LIST[UNIDAD]) -> M2 | D20: HH | F20: 1
A21: =+LIST!A20 -> PTA-002 | B21: =+_xlfn.XLOOKUP($A21,LIST[ID],LIST[DESCRIPCIÓN]) -> ADOQUIN INDUPISO PIZARRA O SIMILAR COLOR ARENA (20X20X8) | C21: =+_xlfn.XLOOKUP($A21,LIST[ID],LIST[UNIDAD]) -> M2 | D21: HH | F21: 1
A22: =+LIST!A21 -> PTA-003 | B22: =+_xlfn.XLOOKUP($A22,LIST[ID],LIST[DESCRIPCIÓN]) -> PINTURA DE SILLAS REDONDAS DIAMETRO 50CM H=60CM TIPO 1 EXTERIOR COLOR BLANCO (INCLUYE RESANE) | C22: =+_xlfn.XLOOKUP($A22,LIST[ID],LIST[UNIDAD]) -> UND | D22: HH | F22: 1.2
A23: =+LIST!A22 -> PTA-004 | B23: =+_xlfn.XLOOKUP($A23,LIST[ID],LIST[DESCRIPCIÓN]) -> PINTURA DE MATERA RECTANGULAR 40X60X30 TIPO 1 EXTERIOR COLOR BLANCO (INCLUYE RESANE) | C23: =+_xlfn.XLOOKUP($A23,LIST[ID],LIST[UNIDAD]) -> UND | D23: HH | F23: 1.2
A24: =+LIST!A23 -> PTA-005 | B24: =+_xlfn.XLOOKUP($A24,LIST[ID],LIST[DESCRIPCIÓN]) -> MURO EN BLOQUE ABUJARDADO CON DOVELAS 14X19X39 PARA ALCORQUE DE ARBOL | C24: =+_xlfn.XLOOKUP($A24,LIST[ID],LIST[UNIDAD]) -> M2 | D24: HH | E24: 1.1 | F24: 1
A25: =+LIST!A24 -> PTA-006 | B25: =+_xlfn.XLOOKUP($A25,LIST[ID],LIST[DESCRIPCIÓN]) -> ALFAGIA PREFABRICADA DE ANCHO 25CMX100CM | C25: =+_xlfn.XLOOKUP($A25,LIST[ID],LIST[UNIDAD]) -> M | D25: HH | E25: 0.7 | F25: 0.6 | H25: =+AVERAGE(E25:G25) -> 0.65
A26: =+LIST!A25 -> PTA-007 | B26: =+_xlfn.XLOOKUP($A26,LIST[ID],LIST[DESCRIPCIÓN]) -> CIELO RASO PVC 9 MM INCLUYE ESTRUCTURA | C26: =+_xlfn.XLOOKUP($A26,LIST[ID],LIST[UNIDAD]) -> M2 | D26: HH | E26: 0.85
A27: =+LIST!A26 -> PTA-008 | B27: =+_xlfn.XLOOKUP($A27,LIST[ID],LIST[DESCRIPCIÓN]) -> ENCHAPE EN GRES ROJO | C27: =+_xlfn.XLOOKUP($A27,LIST[ID],LIST[UNIDAD]) -> M2 | D27: HH | E27: 1
A28: =+LIST!A27 -> PTA-009 | B28: =+_xlfn.XLOOKUP($A28,LIST[ID],LIST[DESCRIPCIÓN]) -> PINTURA TIPO 1 INTERIOR, DOS MANOS | C28: =+_xlfn.XLOOKUP($A28,LIST[ID],LIST[UNIDAD]) -> M2 | D28: HH | E28: 0.25
A29: =+LIST!A28 -> PTA-010 | B29: =+_xlfn.XLOOKUP($A29,LIST[ID],LIST[DESCRIPCIÓN]) -> RESANE EN ESTUCO ACRILICO 100% | C29: =+_xlfn.XLOOKUP($A29,LIST[ID],LIST[UNIDAD]) -> M2 | D29: HH | E29: 0.28
A30: =+LIST!A29 -> PTA-011 | B30: =+_xlfn.XLOOKUP($A30,LIST[ID],LIST[DESCRIPCIÓN]) -> PINTURA TIPO 1 EXTERIOR 100% ACRILICA, DOS MANOS | C30: =+_xlfn.XLOOKUP($A30,LIST[ID],LIST[UNIDAD]) -> M2 | D30: HH | E30: 0.28
A31: =+LIST!A30 -> PTA-012 | B31: =+_xlfn.XLOOKUP($A31,LIST[ID],LIST[DESCRIPCIÓN]) -> POLARIZADO PARA VENTANAS PELICULA PROTECCIÓN 100% UV 2 MM | C31: =+_xlfn.XLOOKUP($A31,LIST[ID],LIST[UNIDAD]) -> M2 | D31: HH | E31: 0.2
A32: =+LIST!A31 -> PTA-013 | B32: =+_xlfn.XLOOKUP($A32,LIST[ID],LIST[DESCRIPCIÓN]) -> ENCHAPE CERAMICO 20X30 CM COLOR BLANCO (PARED) | C32: =+_xlfn.XLOOKUP($A32,LIST[ID],LIST[UNIDAD]) -> M2 | D32: HH | E32: 0.8
A33: =+LIST!A32 -> PTA-014 | B33: =+_xlfn.XLOOKUP($A33,LIST[ID],LIST[DESCRIPCIÓN]) -> PINTURA ESMALTE ELEMENTOS METALICOS (AREA) | C33: =+_xlfn.XLOOKUP($A33,LIST[ID],LIST[UNIDAD]) -> M2 | D33: HH | E33: 0.28 | H33: =+AVERAGE(E33:G33) -> 0.28
A34: =+LIST!A33 -> PTA-015 | B34: =+_xlfn.XLOOKUP($A34,LIST[ID],LIST[DESCRIPCIÓN]) -> PINTURA ESMALTE ELEMENTOS METALICOS (LINEAL BARANDA) | C34: =+_xlfn.XLOOKUP($A34,LIST[ID],LIST[UNIDAD]) -> M | D34: HH | E34: 0.18 | H34: =+AVERAGE(E34:G34) -> 0.18
A35: =+LIST!A34 -> PTA-016 | B35: =+_xlfn.XLOOKUP($A35,LIST[ID],LIST[DESCRIPCIÓN]) -> MURAL DECORATIVO CON IDENTIFICACIÓN CULTURAL | C35: =+_xlfn.XLOOKUP($A35,LIST[ID],LIST[UNIDAD]) -> M2 | H35: =+AVERAGE(E35:G35) -> #DIV/0!
A36: =+LIST!A35 -> 0 | H36: =+AVERAGE(E36:G36) -> #DIV/0!
A37: =+LIST!A36 -> CMR | B37: =+LIST!B36 -> CONCRETOS, MORTEROS Y REFUERZOS (CMR)
A38: =+LIST!A37 -> CMR-001 | B38: =+_xlfn.XLOOKUP($A38,LIST[ID],LIST[DESCRIPCIÓN]) -> ACERO DE REFUERZO 60.000 PSI | C38: KG | D38: HH | E38: 0.08 | F38: 0.06 | G38: 0.05 | H38: =+AVERAGE(E38:G38) -> 0.063333333
A39: =+LIST!A38 -> CMR-002 | B39: =+_xlfn.XLOOKUP($A39,LIST[ID],LIST[DESCRIPCIÓN]) -> CONCRETO 3.000 PSI | C39: =+_xlfn.XLOOKUP($A39,LIST[ID],LIST[UNIDAD]) -> M3 | D39: HH | E39: 8 | F39: 6 | G39: 5 | H39: 4.5
A40: =+LIST!A39 -> CMR-003 | B40: =+_xlfn.XLOOKUP($A40,LIST[ID],LIST[DESCRIPCIÓN]) -> SUMINISTRO E INSTALACION DE TUBERIA PETROLERA DE 20" y 10", INCLUYE ESCALERA DE ACCESO, ESTRUCTURA DE FIJACION DE LA PANTALLA Y TODOS LOS ELEMENTROS NECESARIOS PARA SU CORRECTO FUNCIONAMIENTO | C40: =+_xlfn.XLOOKUP($A40,LIST[ID],LIST[UNIDAD]) -> KG | D40: HH
A41: =+LIST!A40 -> 0
A42: =+LIST!A41 -> 0
A43: =+LIST!A42 -> ELC | B43: =+LIST!B42 -> ELECTRICIDAD Y ACCESORIOS ELECTRICOS (ELC)
A44: =+LIST!A43 -> ELC-001 | B44: =+_xlfn.XLOOKUP($A44,LIST[ID],LIST[DESCRIPCIÓN]) -> SUMINISTRO E INSTALACION DE PANTALLA EXTERIO 3,9 PICH CON 15 GRADO DE 7680 HZ #500 X1000 MM CON PROCESADOR Tb40 , INCLUYE CONEXIÓN ELECTRICA, CAJA DE CONTROL Y PUESTA EN FUNCIONAMIENTO. | C44: =+_xlfn.XLOOKUP($A44,LIST[ID],LIST[UNIDAD]) -> UND | D44: HH
A45: =+LIST!A44 -> ELC-002 | B45: =+_xlfn.XLOOKUP($A45,LIST[ID],LIST[DESCRIPCIÓN]) -> TABLERO ELECTRICO PARA INSTALACIÓN PANTALLA BIFASICO | C45: =+_xlfn.XLOOKUP($A45,LIST[ID],LIST[UNIDAD]) -> UND | D45: HH
A46: =+LIST!A45 -> ELC-003 | B46: =+_xlfn.XLOOKUP($A46,LIST[ID],LIST[DESCRIPCIÓN]) -> RED ELECTRICA EN CABLE N°12 Y TUBO EMT 1/2" PVC | C46: =+_xlfn.XLOOKUP($A46,LIST[ID],LIST[UNIDAD]) -> M | D46: HH | E46: 0.4 | F46: 0.3 | G46: 0.25 | H46: 0.2
A47: =+LIST!A46 -> ELC-004 | B47: =+_xlfn.XLOOKUP($A47,LIST[ID],LIST[DESCRIPCIÓN]) -> PUNTO ELECTRICO DE CONEXIÓN DOBLE | C47: =+_xlfn.XLOOKUP($A47,LIST[ID],LIST[UNIDAD]) -> UND | D47: HH | E47: 0.5 | F47: 0.35 | H47: =+AVERAGE(E47:G47) -> 0.425
A48: =+LIST!A47 -> ELC-005 | B48: =+_xlfn.XLOOKUP($A48,LIST[ID],LIST[DESCRIPCIÓN]) -> PUNTO DE ILUMINACIÓN INCLUYE INTERRUPTOR, PLAFON Y BOMBILLO 50 W | C48: =+_xlfn.XLOOKUP($A48,LIST[ID],LIST[UNIDAD]) -> UND | D48: HH | E48: 0.57 | F48: 0.45
A49: =+LIST!A48 -> ELC-006 | B49: =+_xlfn.XLOOKUP($A49,LIST[ID],LIST[DESCRIPCIÓN]) -> PUNTO DE ILUMINACIÓN INCLUYE INTERRUPTOR Y LAMPARA 18W | C49: =+_xlfn.XLOOKUP($A49,LIST[ID],LIST[UNIDAD]) -> UND | D49: HH | E49: 0.5 | F49: 0.35
A50: =+LIST!A49 -> ELC-007 | B50: =+_xlfn.XLOOKUP($A50,LIST[ID],LIST[DESCRIPCIÓN]) -> CANALETA METALICA ELECTRICA 5CMX12CMX2M (INCLUYE PUNTOS ELECTRICOS Y DE DATOS) | C50: =+_xlfn.XLOOKUP($A50,LIST[ID],LIST[UNIDAD]) -> M | D50: HH | E50: 1.6
A51: =+LIST!A50 -> 0
A52: =+LIST!A51 -> HS | B52: =+LIST!B51 -> HIDRAULICO Y SANITARIO (HS)
A53: =+LIST!A52 -> HS-001 | B53: =+_xlfn.XLOOKUP($A53,LIST[ID],LIST[DESCRIPCIÓN]) -> SUMINISTRO E INSTALACION DE SANITARIO (INCLUYE GRIFERIA) | C53: =+_xlfn.XLOOKUP($A53,LIST[ID],LIST[UNIDAD]) -> UND | D53: HH | E53: 2.5
A54: =+LIST!A53 -> HS-002 | B54: =+_xlfn.XLOOKUP($A54,LIST[ID],LIST[DESCRIPCIÓN]) -> SUMINISTRO E INSTALACION DE SANITARIO INFANTIL (INCLUYE GRIFERIA) | C54: =+_xlfn.XLOOKUP($A54,LIST[ID],LIST[UNIDAD]) -> UND | D54: HH | E54: 1.5
A55: =+LIST!A54 -> HS-003 | B55: =+_xlfn.XLOOKUP($A55,LIST[ID],LIST[DESCRIPCIÓN]) -> SUMINISTRO E INSTALACION DE LAVAMOS DE EMPOTRAR (INCLUYE GRIFERIA) | C55: =+_xlfn.XLOOKUP($A55,LIST[ID],LIST[UNIDAD]) -> UND | D55: HH | E55: 1.2
A56: =+LIST!A55 -> HS-004 | B56: =+_xlfn.XLOOKUP($A56,LIST[ID],LIST[DESCRIPCIÓN]) -> SUMINISTRO E INSTALACIÓN DE LLAVE LAVAMANOS TIPO PUSH | C56: =+_xlfn.XLOOKUP($A56,LIST[ID],LIST[UNIDAD]) -> UND | D56: HH | E56: 0.8
A57: =+LIST!A56 -> HS-005 | B57: =+_xlfn.XLOOKUP($A57,LIST[ID],LIST[DESCRIPCIÓN]) -> SUMINISTRO E INSTALACIÓN DE DESAGUE PARA LAVAMOS | C57: =+_xlfn.XLOOKUP($A57,LIST[ID],LIST[UNIDAD]) -> UND | D57: HH | E57: 1
A58: =+LIST!A57 -> HS-006 | B58: =+_xlfn.XLOOKUP($A58,LIST[ID],LIST[DESCRIPCIÓN]) -> MANTENIMIENTO RED SANITARIA (PUNTO OBSTRUIDO) | C58: =+_xlfn.XLOOKUP($A58,LIST[ID],LIST[UNIDAD]) -> UND | D58: HH | E58: 3
A59: =+LIST!A58 -> HS-007 | B59: =+_xlfn.XLOOKUP($A59,LIST[ID],LIST[DESCRIPCIÓN]) -> TAPA EN CONCRETO PARA CAJA DE INSPECCIÓN 1X1 M CON TERMINAL EN ANGULO 1/2" | C59: =+_xlfn.XLOOKUP($A59,LIST[ID],LIST[UNIDAD]) -> UND | D59: HH | E59: 4
A60: =+LIST!A59 -> HS-008 | B60: =+_xlfn.XLOOKUP($A60,LIST[ID],LIST[DESCRIPCIÓN]) -> SUMINISTRO E INSTALACIÓN DE LLAVE ORINAL TIPO PUSH | C60: =+_xlfn.XLOOKUP($A60,LIST[ID],LIST[UNIDAD]) -> UND | D60: HH | E60: 0.8
A61: =+LIST!A60 -> HS-009 | B61: =+_xlfn.XLOOKUP($A61,LIST[ID],LIST[DESCRIPCIÓN]) -> SUMINISTRO E INSTALACIÓN DE GRIFERIA PARA SANITARIO | C61: =+_xlfn.XLOOKUP($A61,LIST[ID],LIST[UNIDAD]) -> UND | D61: HH | E61: 1
A62: =+LIST!A61 -> 0 | B62: =+_xlfn.XLOOKUP($A62,LIST[ID],LIST[DESCRIPCIÓN]) -> #N/A | C62: =+_xlfn.XLOOKUP($A62,LIST[ID],LIST[UNIDAD]) -> #N/A
A63: =+LIST!A62 -> 0 | B63: =+_xlfn.XLOOKUP($A63,LIST[ID],LIST[DESCRIPCIÓN]) -> #N/A | C63: =+_xlfn.XLOOKUP($A63,LIST[ID],LIST[UNIDAD]) -> #N/A | D63: HH
A64: =+LIST!A63 -> 0 | B64: =+_xlfn.XLOOKUP($A64,LIST[ID],LIST[DESCRIPCIÓN]) -> #N/A | C64: =+_xlfn.XLOOKUP($A64,LIST[ID],LIST[UNIDAD]) -> #N/A | D64: HH
A65: =+LIST!A64 -> CIE | B65: =+LIST!B64 -> CUBIERTAS, IMPERMEABILIZANTE Y ELEMENTOS DE SOPORTE (CIE)
A66: =+LIST!A65 -> CIE-001 | B66: =+_xlfn.XLOOKUP($A66,LIST[ID],LIST[DESCRIPCIÓN]) -> TEJA EN LAMINA GALVANIZADA CAL.28 | C66: =+_xlfn.XLOOKUP($A66,LIST[ID],LIST[UNIDAD]) -> M2 | D66: HH | E66: 0.65 | F66: 0.48
A67: =+LIST!A66 -> CIE-002 | B67: =+_xlfn.XLOOKUP($A67,LIST[ID],LIST[DESCRIPCIÓN]) -> TUBERÍA PVC 4" SANITARIO BAJANTE AGUAS LLUVIAS | C67: =+_xlfn.XLOOKUP($A67,LIST[ID],LIST[UNIDAD]) -> M | D67: HH | E67: 0.5 | F67: 0.42
A68: =+LIST!A67 -> CIE-003 | B68: =+_xlfn.XLOOKUP($A68,LIST[ID],LIST[DESCRIPCIÓN]) -> TEJA TERMOACISTICA ARQUITECTONICA CAL. 31 | C68: =+_xlfn.XLOOKUP($A68,LIST[ID],LIST[UNIDAD]) -> M2 | D68: HH | E68: 0.65 | F68: 0.48
A69: =+LIST!A68 -> CIE-004 | B69: =+_xlfn.XLOOKUP($A69,LIST[ID],LIST[DESCRIPCIÓN]) -> FLANCHE METALICO CUBIERTA CAL.26 | C69: =+_xlfn.XLOOKUP($A69,LIST[ID],LIST[UNIDAD]) -> M | D69: HH | E69: 0.3
A70: =+LIST!A69 -> CIE-005 | B70: =+_xlfn.XLOOKUP($A70,LIST[ID],LIST[DESCRIPCIÓN]) -> TAPA GOTERAS CON SELLANTE, ACRILICO+FIBRA | C70: M2 | D70: HH | E70: 0.22 | F70: 0.18
A71: =+LIST!A70 -> 0
A72: =+LIST!A71 -> LF | B72: =+LIST!B71 -> LIMPIEZA Y FINALIZACIÓN DE OBRA (LF)
A73: =+LIST!A72 -> LF-001 | B73: =+_xlfn.XLOOKUP($A73,LIST[ID],LIST[DESCRIPCIÓN]) -> RETIRO DE MATERIAL SOBRANTE HASTA 5 KM | C73: =+_xlfn.XLOOKUP($A73,LIST[ID],LIST[UNIDAD]) -> M3 | D73: HH | E73: 0.06 | F73: 0.05
A74: =+LIST!A73 -> 0 | B74: BARANDA METÁLICA | D74: ML
A75: =+LIST!A74 -> 0 | B75: CARCAMO METÁLICO DE 1.30 X 0.33M | D75: Und

Sheet EQUI
A1: DESCRIPCIÓN | B1: UNIDAD | C1: VALOR | D1: SITIO 2 | E1: RENDIMIENTO | F1: PROMEDIO | G1: DISTANCIA KM
A2: TALADRO DEMOLEDOR | B2: HORA | C2: 50000 | E2: 0.2 | F2: =+C2*E2 -> 10000
A3: TALADRO DEMOLEDOR ELÉCTRICO | B3: HORA | C3: 50000 | E3: 0.2 | F3: =+C3*E3 -> 10000
A4: MEZCLADORA DE CONCRETO 1 BLT | B4: HORA | C4: 10000 | E4: 2.5 | F4: =+C4*E4 -> 25000
A5: VIBRADOR DE CONCRETO | B5: HORA | C5: 7000 | E5: 2.5 | F5: =+C5*E5 -> 17500
A6: SONDA LIMPIADOR DE CAÑERIA 10 M | B6: HORA | C6: 5000 | E6: 2 | F6: =+C6*E6 -> 10000
A7: RETROEXCAVADORA DE LLANTA (ESCOMBROS) | B7: HORA | C7: 168000 | E7: 0.1 | F7: =+C7*E7 -> 16800
A8: ANDAMIO CON TABLON (2 CUERPOS) | B8: DIA | C8: 10000 | E8: 0.1 | F8: =+C8*E8 -> 1000
A9: CORTADORA PARA PISO | B9: HORA | C9: 12000 | E9: 0.2 | F9: =+AVERAGE(C9:E9) -> 6000.1
A10: PULIDORA PARA PISO | B10: DIA | C10: 50000 | E10: 0.01 | F10: =+AVERAGE(C10:E10) -> 25000.005
A11: RETROEXCAVADORA DE LLANTA (EXCAVACIÓN) | B11: HORA | C11: 168000 | E11: 0.15 | F11: =+AVERAGE(C11:E11) -> 84000.075
A12: SALTARIN COMPACTADOR (CANGURO) | B12: DIA | C12: 45000 | E12: 0.15 | F12: =+AVERAGE(C12:E12) -> 22500.075
A13: CORTADORA DE BALDOSA | B13: DIA | C13: 35000 | E13: 0.07 | F13: =+AVERAGE(C13:E13) -> 17500.035
A14: COMPRESOR 50 LT | B14: DIA | C14: 55000 | E14: 0.01 | F14: =+AVERAGE(C14:E14) -> 27500.005
A15: CUARTON DE 5CM X 10CM | B15: Und | C15: 20000 | D15: 21000 | F15: =+AVERAGE(C15:E15) -> 20500
A16: GRAVILLA No 3 (PARA ANDEN) | B16: KG | C16: 2100 | D16: 2400 | F16: =+AVERAGE(C16:E16) -> 2250
A17: LAVAMANOS COMPLETO | B17: Und | C17: 100000 | D17: 105000 | F17: =+AVERAGE(C17:E17) -> 102500
A18: LIMPIADOR PVC | B18: 0.25 | C18: 33600 | D18: 34500 | F18: =+AVERAGE(C18:E18) -> 34050
A19: LISTON DE 4CM X 4CM | B19: Und | C19: 12000 | D19: 12500 | F19: =+AVERAGE(C19:E19) -> 12250
A20: ORINAL CON ACCESORIOS | B20: Und | C20: 185000 | D20: 194000 | F20: =+AVERAGE(C20:E20) -> 189500
A21: PEGANTE PARA CERÁMICA | B21: KG | C21: 500 | D21: 600 | F21: =+AVERAGE(C21:E21) -> 550
A22: Puntilla de 2 1/2" | B22: Lb | C22: 5500 | D22: 5800 | F22: =+AVERAGE(C22:E22) -> 5650
A23: RECEBO | B23: M3 | E23: 75000 | F23: =+AVERAGE(C23:E23) -> 75000 | G23: 5
A24: REJILLA LVP METÁLICA 4" | B24: Und | C24: 6000 | D24: 6800 | F24: =+AVERAGE(C24:E24) -> 6400
A25: SOLDADURA PVC PAVCO | B25: 0.25 | C25: 99000 | D25: 102000 | F25: =+AVERAGE(C25:E25) -> 100500
A26: TABLA DE 3M X 0.25M | B26: DOCENA | C26: 285600 | D26: 295000 | F26: =+AVERAGE(C26:E26) -> 290300
A27: TRITURADO 1/2" | B27: M3 | E27: 69187 | F27: =+AVERAGE(C27:E27) -> 69187 | G27: 120
A28: TUBO PRESIÓN DE 1/2" RDE 9 X 6M | B28: Und | C28: 20000 | D28: 2200 | F28: =+AVERAGE(C28:E28) -> 11100
A29: TUBO SANITARIO 2" SEMIPESADO | B29: Und | C29: 28000 | D29: 29200 | F29: =+AVERAGE(C29:E29) -> 28600
A30: TUBO SANITARIO 4" TIPO PESADO X 6 METROS | B30: Und | C30: 89999 | D30: 94500 | F30: =+AVERAGE(C30:E30) -> 92249.5
A31: UNION PRESIÓN DE 1/2" | B31: Und | C31: 1000 | D31: 1100 | F31: =+AVERAGE(C31:E31) -> 1050
A32: VINILO TIPO 1 | B32: GALÓN | C32: 50000 | D32: 65000 | F32: =+AVERAGE(C32:E32) -> 57500
A33: YEE REDUCIDA DE 3 X 2" | B33: Und | C33: 13500 | D33: 13900 | F33: =+AVERAGE(C33:E33) -> 13700
A34: DIVISIÓN EN ACRILICO | B34: M2 | C34: 128205 | D34: 135000 | F34: =+AVERAGE(C34:E34) -> 131602.5
A35: MALLA PLÁSTICA MULTIUSOS 7MM X 7MM H = 100CMM LONGITUD 30 M | B35: ROOLLO | D35: 217900 | F35: =+AVERAGE(C35:E35) -> 217900 | G35: 193
A36: PORTÓN METÁLICO CALIBRE 18 CON ANTICORROSIVO | B36: M2 | D36: 222222 | F36: =+AVERAGE(C36:E36) -> 222222
A37: BARANDA METÁLICA | B37: ML | D37: 200000 | F37: =+AVERAGE(C37:E37) -> 200000
A38: CARCAMO METÁLICO DE 1.30 X 0.33M | B38: Und | D38: 250000 | F38: =+AVERAGE(C38:E38) -> 250000

Sheet TRANS
A1: DESCRIPCIÓN | B1: UNIDAD | C1: DISTANCIA | D1: VALOR | E1: EXP | F1: CANT | G1: RENDIMIENTO
A2: RETIRO DE MATERIAL HASTA 5 KM (ESCOMBRO) | B2: M3/KM | C2: 5 | D2: 1800 | E2: 1.3
A3: TRANSPORTE MATERIAL DE CANTERA (ARENA) - CUCUANA | B3: M3/KM | C3: 125 | D3: 1800 | E3: 1.1
A4: TRANSPORTE (ADOQUIN) - IBAGUE | B4: UND/KM | C4: 195 | D4: 5 | E4: 1
A5: TRANSPORTE (BLOQUE-LADRILLO) - IBAGUE | B5: UND/KM | C5: 195 | D5: 5 | E5: 1
A6: TRANSPORTE (ACERO) - IBAGUE | B6: KG/KM | C6: 195 | D6: 2 | E6: 1
A7: TRANSPORTE TUBERIA DE 36" - IBAGUE | B7: M/KM | C7: 195 | D7: 1800 | E7: 1
A8: TRANSPORTE MATERIAL (RECEBO) - 10 KM | B8: M3/KM | C8: 10 | D8: 1800 | E8: 1.3
A9: TRANSPORTE ENCHAPE | B9: M2/KM | C9: 50 | D9: 200 | E9: 1
A14: CODO SANITARIO DE 4" | B14: Und | C14: 11999 | D14: 12200 | F14: =+AVERAGE(C14:E14) -> 12099.5
A15: CUARTON DE 5CM X 10CM | B15: Und | C15: 20000 | D15: 21000 | F15: =+AVERAGE(C15:E15) -> 20500
A16: GRAVILLA No 3 (PARA ANDEN) | B16: KG | C16: 2100 | D16: 2400 | F16: =+AVERAGE(C16:E16) -> 2250
A17: LAVAMANOS COMPLETO | B17: Und | C17: 100000 | D17: 105000 | F17: =+AVERAGE(C17:E17) -> 102500
A18: LIMPIADOR PVC | B18: 0.25 | C18: 33600 | D18: 34500 | F18: =+AVERAGE(C18:E18) -> 34050
A19: LISTON DE 4CM X 4CM | B19: Und | C19: 12000 | D19: 12500 | F19: =+AVERAGE(C19:E19) -> 12250
A20: ORINAL CON ACCESORIOS | B20: Und | C20: 185000 | D20: 194000 | F20: =+AVERAGE(C20:E20) -> 189500
A21: PEGANTE PARA CERÁMICA | B21: KG | C21: 500 | D21: 600 | F21: =+AVERAGE(C21:E21) -> 550
A22: Puntilla de 2 1/2" | B22: Lb | C22: 5500 | D22: 5800 | F22: =+AVERAGE(C22:E22) -> 5650
A23: RECEBO | B23: M3 | E23: 75000 | F23: =+AVERAGE(C23:E23) -> 75000 | G23: 5
A24: REJILLA LVP METÁLICA 4" | B24: Und | C24: 6000 | D24: 6800 | F24: =+AVERAGE(C24:E24) -> 6400
A25: SOLDADURA PVC PAVCO | B25: 0.25 | C25: 99000 | D25: 102000 | F25: =+AVERAGE(C25:E25) -> 100500
A26: TABLA DE 3M X 0.25M | B26: DOCENA | C26: 285600 | D26: 295000 | F26: =+AVERAGE(C26:E26) -> 290300
A27: TRITURADO 1/2" | B27: M3 | E27: 69187 | F27: =+AVERAGE(C27:E27) -> 69187 | G27: 120
A28: TUBO PRESIÓN DE 1/2" RDE 9 X 6M | B28: Und | C28: 20000 | D28: 2200 | F28: =+AVERAGE(C28:E28) -> 11100
A29: TUBO SANITARIO 2" SEMIPESADO | B29: Und | C29: 28000 | D29: 29200 | F29: =+AVERAGE(C29:E29) -> 28600
A30: TUBO SANITARIO 4" TIPO PESADO X 6 METROS | B30: Und | C30: 89999 | D30: 94500 | F30: =+AVERAGE(C30:E30) -> 92249.5
A31: UNION PRESIÓN DE 1/2" | B31: Und | C31: 1000 | D31: 1100 | F31: =+AVERAGE(C31:E31) -> 1050
A32: VINILO TIPO 1 | B32: GALÓN | C32: 50000 | D32: 65000 | F32: =+AVERAGE(C32:E32) -> 57500
A33: YEE REDUCIDA DE 3 X 2" | B33: Und | C33: 13500 | D33: 13900 | F33: =+AVERAGE(C33:E33) -> 13700
A34: DIVISIÓN EN ACRILICO | B34: M2 | C34: 128205 | D34: 135000 | F34: =+AVERAGE(C34:E34) -> 131602.5
A35: MALLA PLÁSTICA MULTIUSOS 7MM X 7MM H = 100CMM LONGITUD 30 M | B35: ROOLLO | D35: 217900 | F35: =+AVERAGE(C35:E35) -> 217900 | G35: 193
A36: PORTÓN METÁLICO CALIBRE 18 CON ANTICORROSIVO | B36: M2 | D36: 222222 | F36: =+AVERAGE(C36:E36) -> 222222
A37: BARANDA METÁLICA | B37: ML | D37: 200000 | F37: =+AVERAGE(C37:E37) -> 200000
A38: CARCAMO METÁLICO DE 1.30 X 0.33M | B38: Und | D38: 250000 | F38: =+AVERAGE(C38:E38) -> 250000

Sheet INS
A1: DESCRIPCIÓN | B1: UNIDAD | C1: COTIZACION 1 (HOMECENTER) | D1: COTIZACION 2 | E1: COTIZACION 3 | F1: PROMEDIO | G1: DISTANCIA KM | H1: RENDIMIENTO
A2: ABRAZADERA TIPO GRAPA TUBO 4" METALICA | B2: UND | C2: 2000 | F2: =+ROUND(AVERAGE(C2:E2),0) -> 2000
A3: ACERO W 60 | B3: KG | C3: 5100 | D3: 5500 | F3: =+ROUND(AVERAGE(C3:E3),0) -> 5300
A4: ADAPTADOR MACHO DE 1/2" | B4: UND | C4: 1000 | D4: 1100 | F4: =+ROUND(AVERAGE(C4:E4),0) -> 1050
A5: ADOQUIN INDUPISO PIZARRA O SIMILAR COLOR ARENA (20X20X8) | B5: UND | C5: 4000 | D5: 3800 | E5: 3900 | F5: =+ROUND(AVERAGE(C5:E5),0) -> 3900 | G5: 195
A6: ADOQUIN RECTANGULAR GRIS (20X 10 X 8) | B6: UND | C6: 1300 | D6: 1500 | E6: 1700 | F6: =+ROUND(AVERAGE(C6:E6),0) -> 1500 | G6: 195
A7: AGENTE QUIMICO PARA DESTAPAR CAÑERIA | B7: UND | C7: 24000 | F7: =+ROUND(AVERAGE(C7:E7),0) -> 24000
A8: AGUA | B8: LT | C8: 30 | D8: 35 | E8: 40 | F8: =+ROUND(AVERAGE(C8:E8),0) -> 35
A9: ALAMBRE NEGRO N°18 | B9: KG | C9: 8500 | D9: 8700 | F9: =+ROUND(AVERAGE(C9:E9),0) -> 8600
A10: ALFAJIA EN CONCRETO A=25CM L=1 M | B10: UND | C10: 48000 | D10: 46500 | E10: 47500 | F10: =+ROUND(AVERAGE(C10:E10),0) -> 47333 | G10: 195 | H10: 1 UND X 1 M
A11: ANGULO 6X1-1/2"X1/8" | B11: UND | C11: 65000 | F11: =+ROUND(AVERAGE(C11:E11),0) -> 65000
A12: ARENA | B12: M3 | C12: 70000 | D12: 73625 | F12: =+ROUND(AVERAGE(C12:E12),0) -> 71813 | G12: 125
A13: ARENA PARA PAÑETE | B13: M3 | C13: 70000 | D13: 72000 | F13: =+ROUND(AVERAGE(C13:E13),0) -> 71000
A14: BARANDA METÁLICA | B14: ML | D14: 200000 | F14: =+ROUND(AVERAGE(C14:E14),0) -> 200000
A15: BLOQUE ABUJARDADO 14X19X39 CM | B15: UND | C15: 6000 | D15: 6400 | E15: 6600 | F15: =+ROUND(AVERAGE(C15:E15),0) -> 6333 | G15: 195 | H15: 12 UND X M2
A16: BOMBILLO LED 50W | B16: UND | C16: 25000 | F16: =+ROUND(AVERAGE(C16:E16),0) -> 25000
A17: BOQUILLA PARA CERÁMICA | B17: KG | C17: 6000 | D17: 7200 | F17: =+ROUND(AVERAGE(C17:E17),0) -> 6600
A18: BRIDA PARA INSTALACIÓN SANITARIO | B18: UND | C18: 60000 | F18: =+ROUND(AVERAGE(C18:E18),0) -> 60000
A19: BROCHA 4" | B19: UND | C19: 15000 | D19: 17000 | E19: 19000 | F19: =+ROUND(AVERAGE(C19:E19),0) -> 17000
A20: CABLE DE RED CAT6 UTPX100 | B20: ROLLO | C20: 90000 | F20: =+ROUND(AVERAGE(C20:E20),0) -> 90000
A21: CABLE N°12 ENCAUCHETADOX100 | B21: ROLLO | C21: 250000 | D21: 240000 | E21: 245000 | F21: =+ROUND(AVERAGE(C21:E21),0) -> 245000
A22: CAJA 2X4 PLASTICA | B22: UND | C22: 2000 | F22: =+ROUND(AVERAGE(C22:E22),0) -> 2000
A23: CAJA OCTOGONAL PLASTICA | B23: UND | C23: 2500 | F23: =+ROUND(AVERAGE(C23:E23),0) -> 2500
A24: CANALETA METALICA ELECTRICA 5CMX12CMX2M | B24: UND | C24: 15000 | F24: =+ROUND(AVERAGE(C24:E24),0) -> 15000
A25: CARCAMO METÁLICO DE 1.30 X 0.33M | B25: Und | C25: 9000 | F25: =+ROUND(AVERAGE(C25:E25),0) -> 9000
A26: CEMENTO 50 KG | B26: BLT | C26: 36000 | D26: 37000 | E26: 38000 | F26: =+ROUND(AVERAGE(C26:E26),0) -> 37000
A27: CEMENTO BLANCO | B27: KG | C27: 3500 | D27: 3800 | F27: =+ROUND(AVERAGE(C27:E27),0) -> 3650
A28: CERÁMICA PARA PISO | B28: M2 | C28: 50000 | D28: 52200 | F28: =+ROUND(AVERAGE(C28:E28),0) -> 51100
A29: CERAMICA GRES 20X20 CALIDAD 1 | B29: M2 | C29: 70000 | F29: =+ROUND(AVERAGE(C29:E29),0) -> 70000
A30: CERÁMICA PARA MURO | B30: M2 | C30: 30000 | D30: 32000 | F30: =+ROUND(AVERAGE(C30:E30),0) -> 31000
A31: CHAZO DOBLE ALETA Y TORNILLO PUNTA LENTEJA 3/8" | B31: UND | C31: 400 | F31: =+ROUND(AVERAGE(C31:E31),0) -> 400
A32: CIELO RASO PVC 9 MM CON ESTRUCTURA | B32: M2 | C32: 30000 | F32: =+ROUND(AVERAGE(C32:E32),0) -> 30000
A33: CINTA AISLANTE 18M X 19MM | B33: UND | C33: 5000 | F33: =+ROUND(AVERAGE(C33:E33),0) -> 5000
A34: CINTA TEFLON 1/2" X 10 M | B34: UND | C34: 4500 | F34: =+ROUND(AVERAGE(C34:E34),0) -> 4500
A35: CODO PRESIÓN DE 1/2" | B35: Und | C35: 1000 | D35: 1200 | F35: =+ROUND(AVERAGE(C35:E35),0) -> 1100
A36: CODO SANITARIO DE 2" PVC | B36: Und | C36: 5000 | D36: 5300 | F36: =+ROUND(AVERAGE(C36:E36),0) -> 5150
A37: CODO SANITARIO DE 4" PVC | B37: Und | C37: 11999 | D37: 12200 | F37: =+ROUND(AVERAGE(C37:E37),0) -> 12100
A38: CODO TUBERIA CUADRADA 6X6 PVC | B38: UND | C38: 5000 | F38: =+ROUND(AVERAGE(C38:E38),0) -> 5000
A39: CONCRETO 3.000 PSI | B39: M3 | C39: =+[1]LIST!D43 -> 0 | F39: =+ROUND(AVERAGE(C39:E39),0) -> 0
A40: CUARTON DE 5CM X 10CM | B40: Und | C40: 20000 | D40: 21000 | F40: =+ROUND(AVERAGE(C40:E40),0) -> 20500
A41: CURVA EMT 1/2" | B41: UND | C41: 5000 | D41: 5500 | E41: 6000 | F41: =+ROUND(AVERAGE(C41:E41),0) -> 5500
A42: DESAGUE SIFON TIPO BOTELLA LAVAMANOS | B42: UND | C42: 28000 | F42: =+ROUND(AVERAGE(C42:E42),0) -> 28000
A43: DISPOSICIÓN DE MATERIAL SOBRANTE | B43: M3 | F43: =+ROUND(AVERAGE(C43:E43),0) -> #DIV/0!
A44: DIVISIÓN EN ACRILICO | B44: M2 | C44: 128205 | D44: 135000 | F44: =+ROUND(AVERAGE(C44:E44),0) -> 131603
A45: ESTRUCTURAL RED NEGRO 16" 12.70mm - 6.000 MTS | B45: UND | C45: 7200000 | D45: 7500000 | E45: 7800000 | F45: =+ROUND(AVERAGE(C45:E45),0) -> 7500000 | G45: 195
A46: ESTUCO ACRILICO RESISTENTE A LA INTERPERIE DE ALTA ADEHERENCIA 30 KG | B46: 5 GLN | C46: 280000 | D46: 285000 | E46: 293000 | F46: =+ROUND(AVERAGE(C46:E46),0) -> 286000 | H46: 2-6 M2 X GLN
A47: ESTUCO PLASTICO INTERIOR Y EXTERIOR | B47: 5 GLN | C47: 120000 | F47: =+ROUND(AVERAGE(C47:E47),0) -> 120000 | H47: 2-4 M2 X GLN
A48: ESPATULA 3" | B48: UND | C48: 13500 | F48: =+ROUND(AVERAGE(C48:E48),0) -> 13500
A49: FLANCHE METALICO CAL.26 20X2 | B49: UND | C49: 30000 | F49: =+ROUND(AVERAGE(C49:E49),0) -> 30000
A50: GRAVILLA No 3 (PARA ANDEN) | B50: KG | C50: 2100 | D50: 2400 | F50: =+ROUND(AVERAGE(C50:E50),0) -> 2250
A51: GRIFERIA PARA SANITARIO CON FLOTADOR | B51: UND | C51: 72000 | F51: =+ROUND(AVERAGE(C51:E51),0) -> 72000
A52: IMPERMEABILIZANTE ACRILICO+FIBRAS 12 AÑOS | B52: 5 GLN | C52: 480000 | F52: =+ROUND(AVERAGE(C52:E52),0) -> 480000 | H52: 4M2/GLN
A53: INTERRUPTOR SENCILLO | B53: UND | C53: 7000 | F53: =+ROUND(AVERAGE(C53:E53),0) -> 7000
A54: LAMPARA LED 18W | B54: UND | C54: 20000 | F54: =+ROUND(AVERAGE(C54:E54),0) -> 20000
A55: LAVAMANO DE EMPOTRAR SENCILLO | B55: UND | C55: 190000 | F55: =+ROUND(AVERAGE(C55:E55),0) -> 190000
A56: LAVAMANOS (INCLUYE GRIFERIA Y DESAUGUE) | B56: Und | C56: 160000 | F56: =+ROUND(AVERAGE(C56:E56),0) -> 160000
A57: LIMPIADOR PVC | B57: 0.25 | C57: 33600 | D57: 34500 | F57: =+ROUND(AVERAGE(C57:E57),0) -> 34050
A58: LISTON DE 4CM X 4CM | B58: Und | C58: 12000 | D58: 12500 | F58: =+ROUND(AVERAGE(C58:E58),0) -> 12250
A59: LLAVE TERMINAL LAVAMANOS SENCILLA 1/2" | B59: UND | C59: 25000 | F59: =+ROUND(AVERAGE(C59:E59),0) -> 25000
A60: LLAVE TERMINAL LAVAMANOS TIPO PUSH | B60: UND | C60: 160000 | F60: =+ROUND(AVERAGE(C60:E60),0) -> 160000
A61: LLAVE TERMINAL ORINAL TIPO PUSH | B61: UND | C61: 170000 | F61: =+ROUND(AVERAGE(C61:E61),0) -> 170000
A62: MALLA PLÁSTICA MULTIUSOS 7MM X 7MM H = 100CMM LONGITUD 30 M | B62: ROOLLO | D62: 217900 | F62: =+ROUND(AVERAGE(C62:E62),0) -> 217900 | G62: 193
A63: MANGUERA ACOPLE 1/2" | B63: UND | C63: 7000 | F63: =+ROUND(AVERAGE(C63:E63),0) -> 7000
A64: ORINAL CON ACCESORIOS | B64: Und | C64: 185000 | D64: 194000 | F64: =+ROUND(AVERAGE(C64:E64),0) -> 189500
A65: PEGANTE PARA CERÁMICA X25 KG | B65: UND | C65: 35000 | F65: =+ROUND(AVERAGE(C65:E65),0) -> 35000
A66: PINTURA TIPO 1 EXTERIOR SUPER ACRILICA PROTECCION SOL Y LLUVIA ANTI-HONGOS | B66: GLN | C66: 138000 | D66: 140000 | E66: 144000 | F66: =+ROUND(AVERAGE(C66:E66),0) -> 140667 | H66: 25M2 X GLN
A67: PINTURA TIPO 1 X 5 GLN | B67: 5 GLN | C67: 300000 | F67: =+ROUND(AVERAGE(C67:E67),0) -> 300000 | H67: 35M2XGLN
A68: PLAFON BOMBILLO PORCELANA | B68: UND | C68: 5000 | F68: =+ROUND(AVERAGE(C68:E68),0) -> 5000
A69: PORTÓN METÁLICO CALIBRE 18 CON ANTICORROSIVO | B69: M2 | D69: 222222 | F69: =+ROUND(AVERAGE(C69:E69),0) -> 222222
A70: TUBERIA PVC ANILLADA DE 36" | B70: UND | C70: 8200000 | F70: =+ROUND(AVERAGE(C70:E70),0) -> 8200000
A71: Puntilla de 2 1/2" | B71: Lb | C71: 5500 | D71: 5800 | F71: =+ROUND(AVERAGE(C71:E71),0) -> 5650
A72: PUNTO DE RED JACK CAT6 | B72: UND | C72: 17000 | F72: =+ROUND(AVERAGE(C72:E72),0) -> 17000
A73: RECEBO | B73: M3 | E73: 75000 | F73: =+ROUND(AVERAGE(C73:E73),0) -> 75000 | G73: 5
A74: REJILLA LVP METÁLICA 4" | B74: Und | C74: 6000 | D74: 6800 | F74: =+ROUND(AVERAGE(C74:E74),0) -> 6400
A75: RODILLO DE FELPA 9" | B75: UND | C75: 17900 | F75: =+ROUND(AVERAGE(C75:E75),0) -> 17900
A76: ENCHAPE CERAMICO 20X30 CM PRIMERA CALIDAD | B76: M2 | C76: 38300 | F76: =+ROUND(AVERAGE(C76:E76),0) -> 38300
A77: SEPARADOR DE CERAMICA 2MM | B77: UND | C77: 110 | F77: =+ROUND(AVERAGE(C77:E77),0) -> 110
A78: SANITARIO ECONOMICO | B78: UND | C78: 310000 | D78: 295000 | E78: 325000 | F78: =+ROUND(AVERAGE(C78:E78),0) -> 310000
A79: SANITARIO INFANTIL | B79: UND | C79: 680000 | F79: =+ROUND(AVERAGE(C79:E79),0) -> 680000
A80: PINTURA ESMALTE 2 EN 1 | B80: GLN | C80: 80000 | F80: =+ROUND(AVERAGE(C80:E80),0) -> 80000
A81: DISOLVENTE | B81: GLN | C81: 40000 | F81: =+ROUND(AVERAGE(C81:E81),0) -> 40000
A82: LAMPARA LED SOLAR TIPO ROMBO UFO 20 | B82: UND | C82: 1200000 | F82: =+ROUND(AVERAGE(C82:E82),0) -> 1200000
A83: SOPORTE ORGANIZADOR DE GUITARRAS DE PARED 2 M | B83: UND | C83: 750000 | F83: =+ROUND(AVERAGE(C83:E83),0) -> 750000
A84: CHAZO EXPANSIVO CONCRETO 1/2" | B84: UND | C84: 3500 | F84: =+ROUND(AVERAGE(C84:E84),0) -> 3500
A85: IMPERMEABILIZANTE DE RESINA ACUROSA SIKA IMPERMUR O SIMILAR | B85: 2 KG | C85: 155000 | F85: =+ROUND(AVERAGE(C85:E85),0) -> 155000
A86: SELLADOR DE POLIURETANO 100% ALTO RENDIMIENTO 300ML | B86: UND | C86: 50000 | F86: =+ROUND(AVERAGE(C86:E86),0) -> 50000
A87: SILICONA ANTIHONGOS BAÑOS Y COCINA 280 ML | B87: UND | C87: 24000 | F87: =+ROUND(AVERAGE(C87:E87),0) -> 24000
A88: SOLDADURA PVC PAVCO | B88: 0.25 | C88: 99000 | D88: 102000 | F88: =+ROUND(AVERAGE(C88:E88),0) -> 100500
A89: Película Protección Uv 100% & Irr 1.2x2m 2mm | B89: UND | C89: 156000 | F89: =+ROUND(AVERAGE(C89:E89),0) -> 156000
A90: TABLA DE 3M X 0.25M | B90: DOCENA | C90: 285600 | D90: 295000 | F90: =+ROUND(AVERAGE(C90:E90),0) -> 290300
A91: TEJA EN LAMINA GALVANIZADA CAL.28 | B91: M2 | C91: 25000 | F91: =+ROUND(AVERAGE(C91:E91),0) -> 25000
A92: TEJA TERMOACISTICA ARQUITECTONICA CAL. 31 | B92: M2 | C92: 32000 | F92: =+ROUND(AVERAGE(C92:E92),0) -> 32000
A93: TOMA CORRIENTE DOBLE | B93: UND | C93: 9000 | F93: =+ROUND(AVERAGE(C93:E93),0) -> 9000
A94: TORNILLO CUBIERTA 2-1/2" CON ARANDELA DE NEOPRENO | B94: UND | C94: 700 | F94: =+ROUND(AVERAGE(C94:E94),0) -> 700
A95: TRITURADO 1/2" | B95: M3 | E95: 69187 | F95: =+ROUND(AVERAGE(C95:E95),0) -> 69187 | G95: 120
A96: TUBERIA EMT 1/2" X3 M | B96: UND | C96: 19000 | D96: 21000 | E96: 23000 | F96: =+ROUND(AVERAGE(C96:E96),0) -> 21000
A97: TUBERIA PVC CUADRADA 6CMX6CMX3M | B97: UND | C97: 48000 | F97: =+ROUND(AVERAGE(C97:E97),0) -> 48000
A98: TUBO PRESIÓN DE 1/2" RDE 9 X 6M | B98: Und | C98: 20000 | D98: 2200 | F98: =+ROUND(AVERAGE(C98:E98),0) -> 11100
A99: TUBO SANITARIO 2" SEMIPESADO | B99: Und | C99: 28000 | D99: 29200 | F99: =+ROUND(AVERAGE(C99:E99),0) -> 28600
A100: TUBO SANITARIO 4" TIPO PESADO X 6 METROS | B100: Und | C100: 89999 | D100: 94500 | F100: =+ROUND(AVERAGE(C100:E100),0) -> 92250
...

Sheet MO
B2: LISTADO DE MANO DE OBRA
B3: unidad | D3: Ítem | F3: VALOR ($ COP) | G3: OBSERVACIONES
B4: mes | D4: Salario mínimo legal mensual vigente - SMLMV básico 2025 | F4: 1750905
B5: mes | D5: Subsidio de transporte 2025 | F5: 249095
B6: mes | D6: Salario mínimo legal mensual vigente - SMLMV 2025 + Subsidio de transporte 2025 | F6: =+F5+F4 -> 2000000
B7: día | D7: Jornal + subsidio de transporte 2025 | F7: =+F6/30 -> 66666.667 | K7: =+J7+F7 -> 66666.667
B8: % | D8: Factor prestacional INVIAS vigente | F8: 0.75
B9: día | D9: Jornal básico con factor prestacional | F9: =+F7*(1+F8) -> 116666.67
B10: mes | D10: salario basico SMLMV 2025 con factor prestacional | F10: =+F9*30 -> 3500000
B12: # | C12: Código | D12: unidad | E12: Insumo | F12: Precio ($ COP) | G12: Factor de Jornal 2025 | H12: OBSERVACIONES
B13: 1 | C13: A0100030 | D13: día | E13: Maestro | F13: =$F$9*G13 -> 291666.67 | G13: 2.5
B14: 2 | C14: A0100150 | D14: día | E14: Ayudante | F14: =$F$9*G14 -> 116666.67 | G14: 1 | J14: =+F14/8 -> 14583.333
B15: 3 | C15: A0100190 | D15: día | E15: Almacenista | F15: =$F$9*G15 -> 122500 | G15: 1.05
B16: 4 | C16: A0030010 | D16: día | E16: Obrero | F16: =$F$9*G16 -> 116666.67 | G16: 1 | J16: =+F16/8 -> 14583.333
B17: 5 | C17: A0030020 | D17: día | E17: Obrero (2) | F17: =$F$9*G17 -> 233333.33 | G17: 2
B18: 6 | C18: A0030030 | D18: día | E18: Obrero (3) | F18: =$F$9*G18 -> 350000 | G18: 3
B19: 7 | C19: A0030040 | D19: día | E19: Obrero (4) | F19: =$F$9*G19 -> 466666.67 | G19: 4
B20: 8 | C20: A0030050 | D20: día | E20: Obrero (5) | F20: =$F$9*G20 -> 583333.33 | G20: 5
B21: 9 | C21: A0030060 | D21: día | E21: Obrero (6) | F21: =$F$9*G21 -> 700000 | G21: 6
B22: 10 | C22: A0030070 | D22: día | E22: Obrero (7) | F22: =$F$9*G22 -> 816666.67 | G22: 7
B23: 11 | C23: A0030080 | D23: día | E23: Obrero (8) | F23: =$F$9*G23 -> 933333.33 | G23: 8
B24: 12 | C24: A0030090 | D24: día | E24: Obrero (9) | F24: =$F$9*G24 -> 1050000 | G24: 9
B25: 13 | C25: A0030100 | D25: día | E25: Obrero (10) | F25: =$F$9*G25 -> 1166666.7 | G25: 10
B26: 14 | C26: A0100060 | D26: día | E26: Obrero (prueba de carga) | F26: =$F$9*G26 -> 122500 | G26: 1.05
B27: 15 | C27: A0100200 | D27: día | E27: Obrero de hincado | F27: =$F$9*G27 -> 116666.67 | G27: 1
B28: 16 | C28: A0030120 | D28: día | E28: Obreros de hincado (2) | F28: =$F$9*G28 -> 218166.67 | G28: 1.87
... B78: 66 | C78: A0100294 | D78: día | E78: Operador de maquinaria liviana | F78: =$F$9*G78 -> 233333.33 | G78: 2

Sheet MEMORIA DE CANTIDADES
B1: MEMORIA DE CANTIDADES DE OBRA
B2: PROYECTO: | D2: =+PTO!D3 -> MEJORAMIENTO DE LAS IET GENERAL SANTANDER SEDE PRINCIPAL Y FRANCISCO JULIAN OLAYA SEDE PRINCIPAL DEL MUNICIPIO DE RIOBLANCO TOLIMA
B4: =+PTO!D5 -> IET GENERAL SANTANDER
B5: =+PTO!D6 -> PRELIMINARES (P)
B6: ITEM | C6: ACTIVIDAD: | D6: =+PTO!D7 -> DESMONTE DE APARATOS SANITARIOS | E6: TOTAL | J6: =+SUM(J7:J10) -> 7
B7: =+PTO!C7 -> 1.01 | C7: UNIDAD: | D7: M2 | F7: LONG | G7: ANCHO | H7: ALTURA | I7: CANTIDAD | J7: SUBTOTAL
B8: 1 | C8: Baño bloque planta A sanitario niñas | I8: 7 | J8: =+I8 -> 7
J9: =F9*G9 -> 0
B11: ITEM | C11: ACTIVIDAD: | D11: =+PTO!D8 -> DESMONTE DE CUBIERTA EXISTENTE | E11: TOTAL | J11: =+SUM(J12:J15) -> 144.5
B12: =+PTO!C8 -> 1.02 | C12: UNIDAD: | D12: M2 | F12: LONG | G12: ANCHO | H12: ALTURA | I12: CANTIDAD | J12: SUBTOTAL
B13: 1 | C13: BLOQUE A SALONES | F13: 17 | G13: 8.5 | I13: 1 | J13: =+F13*G13*I13 -> 144.5
J14: =F14*G14 -> 0
B16: =+PTO!D9 -> HIDRAULICO Y SANITARIO (HS)
B17: ITEM | C17: ACTIVIDAD: | D17: =+PTO!D10 -> SUMINISTRO E INSTALACION DE SANITARIO (INCLUYE GRIFERIA) | E17: TOTAL | J17: =SUM(J18:J20) -> 7
B18: =+PTO!C10 -> 2.01 | C18: UNIDAD: | D18: =+PTO!E10 -> UND | F18: LONG | G18: ANCHO | H18: ALTURA | I18: CANTIDAD | J18: SUBTOTAL
B19: 1 | C19: Baño bloque A sanitario niñas | I19: 7 | J19: =+I19 -> 7
B21: ITEM | C21: ACTIVIDAD: | D21: =+PTO!D11 -> SUMINISTRO E INSTALACION DE SANITARIO INFANTIL (INCLUYE GRIFERIA) | E21: TOTAL | J21: =ROUND(SUM(J23:J24),2) -> 1
B22: =+PTO!C11 -> 2.02 | C22: UNIDAD: | D22: =+PTO!E11 -> UND | F22: LONG | G22: ANCHO | H22: ALTO | I22: CANTIDAD | J22: SUBTOTAL
B23: 1 | C23: Bloque D Preescolar | I23: 1 | J23: =+I23 -> 1
B25: ITEM | C25: ACTIVIDAD: | D25: =+PTO!D12 -> SUMINISTRO E INSTALACIÓN DE LLAVE LAVAMANOS TIPO PUSH | E25: TOTAL | J25: =SUM(J26:J28) -> 7
B26: =+PTO!C12 -> 2.03 | C26: UNIDAD: | D26: =+PTO!E12 -> UND | F26: LONG | G26: ANCHO | H26: ALTO | I26: CANTIDAD | J26: SUBTOTAL
B27: 1 | C27: Baño bloque A sanitario niñas | I27: 3 | J27: =+I27 -> 3
B28: 2 | C28: Baño bloque A sanitario niños | I28: 4 | J28: =+I28 -> 4
B30: ITEM | C30: ACTIVIDAD: | D30: =+PTO!D13 -> SUMINISTRO E INSTALACIÓN DE DESAGUE PARA LAVAMOS | E30: TOTAL | J30: =SUM(J31:J33) -> 11
B31: =+PTO!C13 -> 2.04 | C31: UNIDAD: | D31: =+_xlfn.XLOOKUP(TEXT(D30,0),LIST[DESCRIPCIÓN],LIST[UNIDAD]) -> UND | F31: LONG | G31: ANCHO | H31: ALTO | I31: CANTIDAD | J31: SUBTOTAL
B32: 1 | C32: Baño bloque A sanitario niñas | I32: 7 | J32: =+I32 -> 7
B33: 2 | C33: Baño bloque A sanitario niños | I33: 4 | J33: =+I33 -> 4
B35: ITEM | C35: ACTIVIDAD: | D35: =+PTO!D14 -> MANTENIMIENTO RED SANITARIA (PUNTO OBSTRUIDO) | E35: TOTAL | J35: =SUM(J36:J38) -> 2
B36: =+_xlfn.XLOOKUP(TEXT(D35,0),PTO!$D$5:$D$27,PTO!$C$5:$C$27) -> 2.05 | C36: UNIDAD: | D36: =+_xlfn.XLOOKUP(TEXT(D35,0),LIST[DESCRIPCIÓN],LIST[UNIDAD]) -> UND | F36: LONG | G36: ANCHO | H36: ALTO | I36: CANTIDAD | J36: SUBTOTAL
B37: 1 | C37: Baño bloque A sanitario niñas (SANITARIO) | I37: 1 | J37: =+I37 -> 1
B38: 2 | C38: Baño bloque A sanitario niños (ORINAL) | I38: 1 | J38: =+I38 -> 1
B40: ITEM | C40: ACTIVIDAD: | D40: =+PTO!D15 -> TAPA EN CONCRETO PARA CAJA DE INSPECCIÓN 1X1 M CON TERMINAL EN ANGULO 1/2" | E40: TOTAL | J40: =SUM(J41:J43) -> 1
B41: =+_xlfn.XLOOKUP(TEXT(D40,0),PTO!$D$5:$D$27,PTO!$C$5:$C$27) -> 2.06 | C41: UNIDAD: | D41: =+_xlfn.XLOOKUP(TEXT(D40,0),LIST[DESCRIPCIÓN],LIST[UNIDAD]) -> UND | F41: LONG | G41: ANCHO | H41: ALTO | I41: CANTIDAD | J41: SUBTOTAL
B42: 1 | C42: Pasillo de acceso a rampa Bloque A | I42: 1 | J42: =+I42 -> 1
B44: ITEM | C44: ACTIVIDAD: | D44: =+PTO!D16 -> SUMINISTRO E INSTALACIÓN DE LLAVE ORINAL TIPO PUSH | E44: TOTAL | J44: =SUM(J45:J47) -> 4
B45: =+_xlfn.XLOOKUP(TEXT(D44,0),PTO!$D$5:$D$27,PTO!$C$5:$C$27) -> 2.07 | C45: UNIDAD: | D45: =+_xlfn.XLOOKUP(TEXT(D44,0),LIST[DESCRIPCIÓN],LIST[UNIDAD]) -> UND | F45: LONG | G45: ANCHO | H45: ALTO | I45: CANTIDAD | J45: SUBTOTAL
B46: 1 | C46: Baño bloque A sanitario niños (ORINAL) | I46: 4 | J46: =+I46 -> 4
B48: ITEM | C48: ACTIVIDAD: | D48: =+PTO!D17 -> SUMINISTRO E INSTALACIÓN DE GRIFERIA PARA SANITARIO | E48: TOTAL | J48: =SUM(J49:J51) -> 1
B49: =+_xlfn.XLOOKUP(TEXT(D48,0),PTO!$D$5:$D$27,PTO!$C$5:$C$27) -> 2.08 | C49: UNIDAD: | D49: =+_xlfn.XLOOKUP(TEXT(D48,0),LIST[DESCRIPCIÓN],LIST[UNIDAD]) -> UND | F49: LONG | G49: ANCHO | H49: ALTO | I49: CANTIDAD | J49: SUBTOTAL
B50: 1 | C50: Baño bloque A sanitario niñas (SANITARIO) | I50: 1 | J50: =+I50 -> 1
B52: ITEM | C52: ACTIVIDAD: | D52: =+PTO!#REF! -> #REF! | E52: MEDIDAS | J52: TOTAL
B53: =+PTO!#REF! -> #REF! | C53: UNIDAD: | D53: =+PTO!#REF! -> #REF! | F53: LONG | G53: ANCHO | H53: ALTO | I53: CANTIDAD | J53: =ROUND(SUM(J54:J55),2) -> 9.5
B54: 1 | C54: SILLAS FIJAS DEL PARQUE PRINCIPAL | I54: 9.5 | J54: =+I54 -> 9.5
B56: =+PTO!D18 -> CUBIERTAS, IMPERMEABILIZANTE Y ELEMENTOS DE SOPORTE (CIE)
B57: ITEM | C57: ACTIVIDAD: | D57: =+PTO!D19 -> TEJA EN LAMINA GALVANIZADA CAL.28 | E57: TOTAL | J57: =ROUND(SUM(J58:J61),2) -> 144.5
B58: =+_xlfn.XLOOKUP(TEXT(D57,0),PTO!$D$5:$D$27,PTO!$C$5:$C$27) -> 3.01 | C58: UNIDAD: | D58: =+_xlfn.XLOOKUP(TEXT(D57,0),LIST[DESCRIPCIÓN],LIST[UNIDAD]) -> M2 | F58: LONG | G58: ANCHO | H58: ALTO | I58: CANTIDAD | J58: SUBTOTAL
B59: 1 | C59: BLOQUE A (LABORATORIO) | F59: =15+2 -> 17 | G59: 9.2 | I59: 0 | J59: =+F59*G59*I59 -> 0
B60: 2 | C60: PASILLO | F60: =+F59/2 -> 8.5 | G60: 3 | I60: 0 | J60: =+F60*G60*I60 -> 0
B61: 2 | C61: BLOQUE A SALONES | F61: 17 | G61: 8.5 | I61: 1 | J61: =+F61*G61*I61 -> 144.5
B63: ITEM | C63: ACTIVIDAD: | D63: =+PTO!D20 -> TUBERÍA PVC 4" SANITARIO BAJANTE AGUAS LLUVIAS | E63: TOTAL | J63: =SUM(J64:J65) -> 12
B64: =+_xlfn.XLOOKUP(TEXT(D63,0),PTO!$D$5:$D$27,PTO!$C$5:$C$27) -> 3.02 | C64: UNIDAD: | D64: =+_xlfn.XLOOKUP(TEXT(D63,0),LIST[DESCRIPCIÓN],LIST[UNIDAD]) -> M | F64: LONG | G64: ANCHO | H64: ALTO | I64: CANTIDAD | J64: SUBTOTAL
B65: 1 | C65: BLOQUE A BAJANTE | F65: 12 | I65: 1 | J65: =+F65*I65 -> 12
B67: ITEM | C67: ACTIVIDAD: | D67: =+PTO!D21 -> FLANCHE METALICO CUBIERTA CAL.26 | E67: TOTAL | J67: =ROUND(SUM(J68:J70),2) -> 26.5
B68: =+_xlfn.XLOOKUP(TEXT(D67,0),PTO!$D$5:$D$27,PTO!$C$5:$C$27) -> 3.03 | C68: UNIDAD: | D68: =+_xlfn.XLOOKUP(TEXT(D67,0),LIST[DESCRIPCIÓN],LIST[UNIDAD]) -> M | F68: LONG | G68: ANCHO | H68: ALTO | I68: CANTIDAD | J68: SUBTOTAL
B69: 1 | C69: BLOQUE A SALONES DE CLASE | F69: 19 | J69: =+F69 -> 19
B70: 2 | C70: BLOQUE B SALON SEGUNDO PISO | F70: 7.5 | J70: =+F70 -> 7.5
B72: =+PTO!D22 -> ELECTRICIDAD Y ACCESORIOS ELECTRICOS (ELC)
B73: ITEM | C73: ACTIVIDAD: | D73: =+PTO!D23 -> RED ELECTRICA EN CABLE N°12 Y TUBO EMT 1/2" PVC | E73: TOTAL | J73: =ROUND(SUM(J74:J78),2) -> 81
B74: =+_xlfn.XLOOKUP(TEXT(D73,0),PTO!$D$5:$D$27,PTO!$C$5:$C$27) -> 4.01 | C74: UNIDAD: | D74: =+_xlfn.XLOOKUP(TEXT(D73,0),LIST[DESCRIPCIÓN],LIST[UNIDAD]) -> M | F74: LONG | G74: ANCHO | H74: ALTO | I74: CANTIDAD | J74: SUBTOTAL
B75: 1 | C75: BLOQUE C SALONES | F75: 7 | I75: 7 | J75: =+F75*I75 -> 49
B76: 2 | C76: SALA DE PROFESORES | F76: 20 | I76: 1 | J76: =+F76*I76 -> 20
B77: 3 | C77: BLOQUE B AULA INTERACTIVA | F77: 12 | I77: 1 | J77: =+F77*I77 -> 12
B79: ITEM | C79: ACTIVIDAD: | D79: =+PTO!D24 -> PUNTO ELECTRICO DE CONEXIÓN DOBLE | E79: TOTAL | J79: =ROUND(SUM(J80:J82),2) -> 17
B80: =+_xlfn.XLOOKUP(TEXT(D79,0),PTO!$D$5:$D$27,PTO!$C$5:$C$27) -> 4.02 | C80: UNIDAD: | D80: =+_xlfn.XLOOKUP(TEXT(D79,0),LIST[DESCRIPCIÓN],LIST[UNIDAD]) -> UND | F80: LONG | G80: ANCHO | H80: ALTO | I80: CANTIDAD | J80: SUBTOTAL
B81: 1 | C81: BLOQUE C SALONES | I81: 7 | J81: =+I81 -> 7
B82: 1 | C82: SALA DE PROFESORES | I82: 10 | J82: =+I82 -> 10
B84: ITEM | C84: ACTIVIDAD: | D84: =+PTO!D25 -> CANALETA ELECTRICA 12CMX20CMX2M (INCLUYE PUNTOS ELECTRICOS Y JACK) | E84: TOTAL | J84: =ROUND(SUM(J85:J87),2) -> 28
B85: =+_xlfn.XLOOKUP(TEXT(D84,0),PTO!$D$5:$D$27,PTO!$C$5:$C$27) -> 4.03 | C85: UNIDAD: | D85: =+_xlfn.XLOOKUP(TEXT(D84,0),LIST[DESCRIPCIÓN],LIST[UNIDAD]) -> #N/A | F85: LONG | G85: ANCHO | H85: ALTO | I85: CANTIDAD | J85: SUBTOTAL
B86: 1 | C86: SALA INTERACTIVA | F86: 28 | I86: 1 | J86: =+F86*I86 -> 28
B88: =+PTO!D26 -> PISOS CERAMICOS, TERMINADOS Y ACABADOS (PTA)
B89: ITEM | C89: ACTIVIDAD: | D89: =+PTO!D27 -> CIELO RASO PVC 9 MM INCLUYE ESTRUCTURA | E89: TOTAL | J89: =ROUND(SUM(J90:J92),1) -> 75.8
B90: =+_xlfn.XLOOKUP(TEXT(D89,0),PTO!$D$5:$D$27,PTO!$C$5:$C$27) -> 5.01 | C90: UNIDAD: | D90: =+_xlfn.XLOOKUP(TEXT(D89,0),LIST[DESCRIPCIÓN],LIST[UNIDAD]) -> M2 | F90: LONG | G90: ANCHO | H90: ALTO | I90: CANTIDAD | J90: SUBTOTAL
B91: 1 | C91: Sala de sistemas | F91: 9.76 | G91: 7.77 | I91: 1 | J91: =+F91*G91 -> 75.8352
B93: =+PTO!D28 -> IET FRANCISCO JULIAN OLAYA
B94: =+PTO!D29 -> PRELIMINARES (P)
B95: ITEM | C95: ACTIVIDAD: | D95: =+PTO!D30 -> EXCAVACIÓN MANUAL EN MATERIAL COMÚN 0-2 MTS | E95: TOTAL | J95: =ROUND(SUM(J96:J98),1) -> 0.9
B96: =+_xlfn.XLOOKUP(TEXT(D95,0),PTO!$D$5:$D$49,PTO!$C$5:$C$49) -> 1.01 | C96: UNIDAD: | D96: =+_xlfn.XLOOKUP(TEXT(D95,0),LIST[DESCRIPCIÓN],LIST[UNIDAD]) -> M3 | F96: LONG | G96: ANCHO | H96: ALTO | I96: CANTIDAD | J96: SUBTOTAL
B97: 1 | C97: Excavación en material común | F97: 1.2 | G97: 0.7 | H97: 1.05 | I97: 1 | J97: =+F97*G97*H97*I97 -> 0.882
B99: ITEM | C99: ACTIVIDAD: | D99: =+PTO!D31 -> DEMOLICIÓN MURO LADRILLO HASTA 15 CM ANCHO, INCLUYE RETIRO DE ESCOMBROS A 5 KM | E99: TOTAL | J99: =ROUND(SUM(J100:J102),1) -> 10.4
B100: =+_xlfn.XLOOKUP(TEXT(D99,0),PTO!$D$5:$D$49,PTO!$C$5:$C$49) -> 1.02 | C100: UNIDAD: | D100: =+_xlfn.XLOOKUP(TEXT(D99,0),LIST[DESCRIPCIÓN],LIST[UNIDAD]) -> #N/A | F100: LONG | G100: ANCHO | H100: ALTO | I100: CANTIDAD | J100: SUBTOTAL
B101: 1 | C101: Demolición muro en ladrillo macizo | F101: 6.3 | H101: 1.32 | I101: 1 | J101: =+F101*H101*I101 -> 8.316
F102: 1.64 | H102: 1.3 | I102: 1 | J102: =+F102*H102*I102 -> 2.132
B104: =+PTO!D32 -> MAMPOSTERIA Y ACABADOS
B105: ITEM | C105: ACTIVIDAD: | D105: =+PTO!D33 -> SUMINISTRO E INSTALACIÓN DE LADRILLO TOLETE 25X12X6CM | E105: TOTAL | J105: =ROUND(SUM(J106:J108),1) -> 10.4
B106: =+_xlfn.XLOOKUP(TEXT(D105,0),PTO!$D$5:$D$49,PTO!$C$5:$C$49) -> 2.01 | C106: UNIDAD: | D106: =+_xlfn.XLOOKUP(TEXT(D105,0),LIST3[DESCRIPCIÓN],LIST3[UNIDAD]) -> M2 | F106: LONG | G106: ANCHO | H106: ALTO | I106: CANTIDAD | J106: SUBTOTAL
B107: 1 | C107: Ladrillo tolete | F107: 6.3 | H107: 1.32 | I107: 1 | J107: =+F107*H107*I107 -> 8.316
F108: 1.64 | H108: 1.3 | I108: 1 | J108: =+F108*H108*I108 -> 2.132
B110: ITEM | C110: ACTIVIDAD: | D110: =+PTO!D34 -> PAÑETE MURO 1:4 E=0.02M | E110: TOTAL | J110: =ROUND(SUM(J111:J115),1) -> 13.4
B111: =+_xlfn.XLOOKUP(TEXT(D110,0),PTO!$D$5:$D$49,PTO!$C$5:$C$49) -> 2.02 | C111: UNIDAD: | D111: =+_xlfn.XLOOKUP(TEXT(D110,0),LIST3[DESCRIPCIÓN],LIST3[UNIDAD]) -> M2 | F111: LONG | G111: ANCHO | H111: ALTO | I111: CANTIDAD | J111: SUBTOTAL
B112: 1 | C112: Ladrillo tolete | F112: 6.3 | H112: 1.32 | I112: 1 | J112: =+F112*H112*I112 -> 8.316
C113: Ladrillo tolete | F113: 1.64 | H113: 1.3 | I113: 1 | J113: =+F113*H113*I113 -> 2.132
C114: CARA EXTERNA | F114: 3 | H114: 1 | I114: 1 | J114: =+F114*H114*I114 -> 3
B116: ITEM | C116: ACTIVIDAD: | D116: =+PTO!D35 -> PINTURA TIPO 1 INTERIOR, DOS MANOS | E116: TOTAL | J116: =ROUND(SUM(J117:J119),1) -> 10.4
B117: =+_xlfn.XLOOKUP(TEXT(D116,0),PTO!$D$5:$D$49,PTO!$C$5:$C$49) -> 2.03 | C117: UNIDAD: | D117: =+_xlfn.XLOOKUP(TEXT(D116,0),LIST3[DESCRIPCIÓN],LIST3[UNIDAD]) -> M2 | F117: LONG | G117: ANCHO | H117: ALTO | I117: CANTIDAD | J117: SUBTOTAL
B118: 1 | C118: Ladrillo tolete | F118: 6.3 | H118: 1.32 | I118: 1 | J118: =+F118*H118*I118 -> 8.316
F119: 1.64 | H119: 1.3 | I119: 1 | J119: =+F119*H119*I119 -> 2.132
B121: =+PTO!D36 -> CONCRETO Y REFUERZO
B122: ITEM | C122: ACTIVIDAD: | D122: =+PTO!D37 -> COLUMNA CONCRETO 3.000 PSI 20X12 CM | E122: TOTAL | J122: =ROUND(SUM(J123:J125),1) -> 5.3
B123: =+_xlfn.XLOOKUP(TEXT(D122,0),PTO!$D$5:$D$49,PTO!$C$5:$C$49) -> 3.01 | C123: UNIDAD: | D123: =+_xlfn.XLOOKUP(TEXT(D122,0),LIST3[DESCRIPCIÓN],LIST3[UNIDAD]) -> M | F123: LONG | G123: ANCHO | H123: ALTO | I123: CANTIDAD | J123: SUBTOTAL
B124: 1 | C124: Columneta en concreto reforzado f´c 3000 psi | H124: 2.65 | I124: 2 | J124: =+H124*I124 -> 5.3
...

Sheet PTO
E1: ALCALDÍA MUNICIPAL DE RIOBLANCO TOLIMA NIT. 890.702.040 – 7 SECRETARIA DE PLANEACION E INFRAESTRUCTURA
B2: PRESUPUESTO DE OBRA
C3: OBJETO: | D3: MEJORAMIENTO DE LAS IET GENERAL SANTANDER SEDE PRINCIPAL Y FRANCISCO JULIAN OLAYA SEDE PRINCIPAL DEL MUNICIPIO DE RIOBLANCO TOLIMA | G3: FECHA: 16 DE ABRIL DEL 2026
B4: ID | C4: ITEM | D4: DESCRIPCION | E4: UND | F4: CANT. | G4: VR. UNIT | H4: VR.TOTAL
D5: IET GENERAL SANTANDER | H5: =+H6+H9+H18+H22+H26 -> 34501787
C6: 1 | D6: PRELIMINARES (P) | H6: =+SUM(H7:H8) -> 3664848 | K6: =+H6*1.3 -> 4764302.4
B7: P-0007 | C7: =C6+0.01 -> 1.01 | D7: =+_xlfn.XLOOKUP($B7,LIST3[ID],LIST3[DESCRIPCIÓN]) -> DESMONTE DE APARATOS SANITARIOS | E7: =+_xlfn.XLOOKUP($B7,LIST3[ID],LIST3[UNIDAD]) -> UND | F7: =+_xlfn.XLOOKUP(TEXT(PTO!D7,0),'MEMORIA DE CANTIDADES'!$D$5:$D$146,'MEMORIA DE CANTIDADES'!$J$5:$J$146) -> 7 | G7: =+_xlfn.XLOOKUP($B7,LIST3[ID],LIST3[V/UNIT]) -> 93559 | H7: =ROUND(F7*G7,2) -> 654913 | J7: =+G7*1.3 -> 121626.7
B8: P-0014 | C8: =C7+0.01 -> 1.02 | D8: =+_xlfn.XLOOKUP($B8,LIST3[ID],LIST3[DESCRIPCIÓN]) -> DESMONTE DE CUBIERTA EXISTENTE | E8: =+_xlfn.XLOOKUP($B8,LIST3[ID],LIST3[UNIDAD]) -> M2 | F8: =+_xlfn.XLOOKUP(TEXT(PTO!D8,0),'MEMORIA DE CANTIDADES'!$D$5:$D$146,'MEMORIA DE CANTIDADES'!$J$5:$J$146) -> 144.5 | G8: =+_xlfn.XLOOKUP($B8,LIST3[ID],LIST3[V/UNIT]) -> 20830 | H8: =ROUND(F8*G8,2) -> 3009935 | J8: =+G8*1.3 -> 27079
C9: 2 | D9: HIDRAULICO Y SANITARIO (HS) | H9: =+SUM(H10:H17) -> 8396662 | K9: =+H9*1.3 -> 10915661
B10: HS-001 | C10: =+C9+0.01 -> 2.01 | D10: =+_xlfn.XLOOKUP($B10,LIST3[ID],LIST3[DESCRIPCIÓN]) -> SUMINISTRO E INSTALACION DE SANITARIO (INCLUYE GRIFERIA) | E10: =+_xlfn.XLOOKUP($B10,LIST3[ID],LIST3[UNIDAD]) -> UND | F10: =+_xlfn.XLOOKUP(TEXT(PTO!D10,0),'MEMORIA DE CANTIDADES'!$D$5:$D$146,'MEMORIA DE CANTIDADES'!$J$5:$J$146) -> 7 | G10: =+_xlfn.XLOOKUP($B10,LIST3[ID],LIST3[V/UNIT]) -> 537446 | H10: =ROUND(F10*G10,2) -> 3762122 | J10: =+G10*1.3 -> 698679.8
B11: HS-002 | C11: =+C10+0.01 -> 2.02 | D11: =+_xlfn.XLOOKUP($B11,LIST3[ID],LIST3[DESCRIPCIÓN]) -> SUMINISTRO E INSTALACION DE SANITARIO INFANTIL (INCLUYE GRIFERIA) | E11: =+_xlfn.XLOOKUP($B11,LIST3[ID],LIST3[UNIDAD]) -> UND | F11: =+_xlfn.XLOOKUP(TEXT(PTO!D11,0),'MEMORIA DE CANTIDADES'!$D$5:$D$146,'MEMORIA DE CANTIDADES'!$J$5:$J$146) -> 1 | G11: =+_xlfn.XLOOKUP($B11,LIST3[ID],LIST3[V/UNIT]) -> 929939 | H11: =ROUND(F11*G11,2) -> 929939 | J11: =+G11*1.3 -> 1208920.7
B12: HS-004 | C12: =+C11+0.01 -> 2.03 | D12: =+_xlfn.XLOOKUP($B12,LIST3[ID],LIST3[DESCRIPCIÓN]) -> SUMINISTRO E INSTALACIÓN DE LLAVE LAVAMANOS TIPO PUSH | E12: =+_xlfn.XLOOKUP($B12,LIST3[ID],LIST3[UNIDAD]) -> UND | F12: =+_xlfn.XLOOKUP(TEXT(PTO!D12,0),'MEMORIA DE CANTIDADES'!$D$5:$D$146,'MEMORIA DE CANTIDADES'!$J$5:$J$146) -> 7 | G12: =+_xlfn.XLOOKUP($B12,LIST3[ID],LIST3[V/UNIT]) -> 185875 | H12: =ROUND(F12*G12,2) -> 1301125 | J12: =+G12*1.3 -> 241637.5
B13: HS-005 | C13: =+C12+0.01 -> 2.04 | D13: =+_xlfn.XLOOKUP($B13,LIST3[ID],LIST3[DESCRIPCIÓN]) -> SUMINISTRO E INSTALACIÓN DE DESAGUE PARA LAVAMOS | E13: =+_xlfn.XLOOKUP($B13,LIST3[ID],LIST3[UNIDAD]) -> UND | F13: =+_xlfn.XLOOKUP(TEXT(PTO!D13,0),'MEMORIA DE CANTIDADES'!$D$5:$D$146,'MEMORIA DE CANTIDADES'!$J$5:$J$146) -> 11 | G13: =+_xlfn.XLOOKUP($B13,LIST3[ID],LIST3[V/UNIT]) -> 81744 | H13: =ROUND(F13*G13,2) -> 899184 | J13: =+G13*1.3 -> 106267.2
B14: HS-006 | C14: =+C13+0.01 -> 2.05 | D14: =+_xlfn.XLOOKUP($B14,LIST3[ID],LIST3[DESCRIPCIÓN]) -> MANTENIMIENTO RED SANITARIA (PUNTO OBSTRUIDO) | E14: =+_xlfn.XLOOKUP($B14,LIST3[ID],LIST3[UNIDAD]) -> UND | F14: =+_xlfn.XLOOKUP(TEXT(PTO!D14,0),'MEMORIA DE CANTIDADES'!$D$5:$D$146,'MEMORIA DE CANTIDADES'!$J$5:$J$146) -> 2 | G14: =+_xlfn.XLOOKUP($B14,LIST3[ID],LIST3[V/UNIT]) -> 152931 | H14: =ROUND(F14*G14,2) -> 305862 | J14: =+G14*1.3 -> 198810.3
B15: HS-007 | C15: =+C14+0.01 -> 2.06 | D15: =+_xlfn.XLOOKUP($B15,LIST3[ID],LIST3[DESCRIPCIÓN]) -> TAPA EN CONCRETO PARA CAJA DE INSPECCIÓN 1X1 M CON TERMINAL EN ANGULO 1/2" | E15: =+_xlfn.XLOOKUP($B15,LIST3[ID],LIST3[UNIDAD]) -> UND | F15: =+_xlfn.XLOOKUP(TEXT(PTO!D15,0),'MEMORIA DE CANTIDADES'!$D$5:$D$146,'MEMORIA DE CANTIDADES'!$J$5:$J$146) -> 1 | G15: =+_xlfn.XLOOKUP($B15,LIST3[ID],LIST3[V/UNIT]) -> 350686 | H15: =ROUND(F15*G15,2) -> 350686 | J15: =+G15*1.3 -> 455891.8
B16: HS-008 | C16: =+C15+0.01 -> 2.07 | D16: =+_xlfn.XLOOKUP($B16,LIST3[ID],LIST3[DESCRIPCIÓN]) -> SUMINISTRO E INSTALACIÓN DE LLAVE ORINAL TIPO PUSH | E16: =+_xlfn.XLOOKUP($B16,LIST3[ID],LIST3[UNIDAD]) -> UND | F16: =+_xlfn.XLOOKUP(TEXT(PTO!D16,0),'MEMORIA DE CANTIDADES'!$D$5:$D$146,'MEMORIA DE CANTIDADES'!$J$5:$J$146) -> 4 | G16: =+_xlfn.XLOOKUP($B16,LIST3[ID],LIST3[V/UNIT]) -> 185875 | H16: =ROUND(F16*G16,2) -> 743500 | J16: =+G16*1.3 -> 241637.5
B17: HS-009 | C17: =+C16+0.01 -> 2.08 | D17: =+_xlfn.XLOOKUP($B17,LIST3[ID],LIST3[DESCRIPCIÓN]) -> SUMINISTRO E INSTALACIÓN DE GRIFERIA PARA SANITARIO | E17: =+_xlfn.XLOOKUP($B17,LIST3[ID],LIST3[UNIDAD]) -> UND | F17: =+_xlfn.XLOOKUP(TEXT(PTO!D17,0),'MEMORIA DE CANTIDADES'!$D$5:$D$146,'MEMORIA DE CANTIDADES'!$J$5:$J$146) -> 1 | G17: =+_xlfn.XLOOKUP($B17,LIST3[ID],LIST3[V/UNIT]) -> 104244 | H17: =ROUND(F17*G17,2) -> 104244 | J17: =+G17*1.3 -> 135517.2
C18: 3 | D18: =+LIST!B64 -> CUBIERTAS, IMPERMEABILIZANTE Y ELEMENTOS DE SOPORTE (CIE) | H18: =+SUM(H19:H21) -> 10866845 | K18: =+H18*1.3 -> 14126898
B19: CIE-001 | C19: =C18+0.01 -> 3.01 | D19: =+_xlfn.XLOOKUP($B19,LIST3[ID],LIST3[DESCRIPCIÓN]) -> TEJA EN LAMINA GALVANIZADA CAL.28 | E19: =+_xlfn.XLOOKUP($B19,LIST3[ID],LIST3[UNIDAD]) -> M2 | F19: =+_xlfn.XLOOKUP(TEXT(PTO!D19,0),'MEMORIA DE CANTIDADES'!$D$5:$D$146,'MEMORIA DE CANTIDADES'!$J$5:$J$146) -> 144.5 | G19: =+_xlfn.XLOOKUP($B19,LIST3[ID],LIST3[V/UNIT]) -> 65187 | H19: =ROUND(F19*G19,2) -> 9419521.5 | J19: =+G19*1.3 -> 84743.1
B20: CIE-002 | C20: =C19+0.01 -> 3.02 | D20: =+_xlfn.XLOOKUP($B20,LIST3[ID],LIST3[DESCRIPCIÓN]) -> TUBERÍA PVC 4" SANITARIO BAJANTE AGUAS LLUVIAS | E20: =+_xlfn.XLOOKUP($B20,LIST3[ID],LIST3[UNIDAD]) -> M | F20: =+_xlfn.XLOOKUP(TEXT(PTO!D20,0),'MEMORIA DE CANTIDADES'!$D$5:$D$146,'MEMORIA DE CANTIDADES'!$J$5:$J$146) -> 12 | G20: =+_xlfn.XLOOKUP($B20,LIST3[ID],LIST3[V/UNIT]) -> 47287 | H20: =ROUND(F20*G20,2) -> 567444 | J20: =+G20*1.3 -> 61473.1
B21: CIE-004 | C21: =C20+0.01 -> 3.03 | D21: =+_xlfn.XLOOKUP($B21,LIST3[ID],LIST3[DESCRIPCIÓN]) -> FLANCHE METALICO CUBIERTA CAL.26 | E21: =+_xlfn.XLOOKUP($B21,LIST3[ID],LIST3[UNIDAD]) -> M | F21: =+_xlfn.XLOOKUP(TEXT(PTO!D21,0),'MEMORIA DE CANTIDADES'!$D$5:$D$146,'MEMORIA DE CANTIDADES'!$J$5:$J$146) -> 26.5 | G21: =+_xlfn.XLOOKUP($B21,LIST3[ID],LIST3[V/UNIT]) -> 33203 | H21: =ROUND(F21*G21,2) -> 879879.5 | J21: =+G21*1.3 -> 43163.9
C22: 4 | D22: =+LIST!B42 -> ELECTRICIDAD Y ACCESORIOS ELECTRICOS (ELC) | H22: =+SUM(H23:H25) -> 6165557 | K22: =+H22*1.3 -> 8015224.1
B23: ELC-003 | C23: =C22+0.01 -> 4.01 | D23: =+_xlfn.XLOOKUP($B23,LIST3[ID],LIST3[DESCRIPCIÓN]) -> RED ELECTRICA EN CABLE N°12 Y TUBO EMT 1/2" PVC | E23: =+_xlfn.XLOOKUP($B23,LIST3[ID],LIST3[UNIDAD]) -> M | F23: =+_xlfn.XLOOKUP(TEXT(PTO!D23,0),'MEMORIA DE CANTIDADES'!$D$5:$D$146,'MEMORIA DE CANTIDADES'!$J$5:$J$146) -> 81 | G23: =+_xlfn.XLOOKUP($B23,LIST3[ID],LIST3[V/UNIT]) -> 33165 | H23: =ROUND(F23*G23,2) -> 2686365 | J23: =+G23*1.3 -> 43114.5
B24: ELC-004 | C24: =C23+0.01 -> 4.02 | D24: =+_xlfn.XLOOKUP($B24,LIST3[ID],LIST3[DESCRIPCIÓN]) -> PUNTO ELECTRICO DE CONEXIÓN DOBLE | E24: =+_xlfn.XLOOKUP($B24,LIST3[ID],LIST3[UNIDAD]) -> UND | F24: =+_xlfn.XLOOKUP(TEXT(PTO!D24,0),'MEMORIA DE CANTIDADES'!$D$5:$D$146,'MEMORIA DE CANTIDADES'!$J$5:$J$146) -> 17 | G24: =+_xlfn.XLOOKUP($B24,LIST3[ID],LIST3[V/UNIT]) -> 30640 | H24: =ROUND(F24*G24,2) -> 520880 | J24: =+G24*1.3 -> 39832
B25: ELC-007 | C25: =C24+0.01 -> 4.03 | D25: =+_xlfn.XLOOKUP($B25,LIST3[ID],LIST3[DESCRIPCIÓN]) -> CANALETA ELECTRICA 12CMX20CMX2M (INCLUYE PUNTOS ELECTRICOS Y JACK) | E25: =+_xlfn.XLOOKUP($B25,LIST3[ID],LIST3[UNIDAD]) -> M | F25: =+_xlfn.XLOOKUP(TEXT(PTO!D25,0),'MEMORIA DE CANTIDADES'!$D$5:$D$146,'MEMORIA DE CANTIDADES'!$J$5:$J$146) -> 28 | G25: =+_xlfn.XLOOKUP($B25,LIST3[ID],LIST3[V/UNIT]) -> 105654 | H25: =ROUND(F25*G25,2) -> 2958312 | J25: =+G25*1.3 -> 137350.2
C26: 5 | D26: =+LIST!B18 -> PISOS CERAMICOS, TERMINADOS Y ACABADOS (PTA) | H26: =+H27 -> 5407875.2 | K26: =+H26*1.3 -> 7030237.8
B27: PTA-007 | C27: =C26+0.01 -> 5.01 | D27: =+_xlfn.XLOOKUP($B27,LIST3[ID],LIST3[DESCRIPCIÓN]) -> CIELO RASO PVC 9 MM INCLUYE ESTRUCTURA | E27: =+_xlfn.XLOOKUP($B27,LIST3[ID],LIST3[UNIDAD]) -> M2 | F27: =+_xlfn.XLOOKUP(TEXT(PTO!D27,0),'MEMORIA DE CANTIDADES'!$D$5:$D$146,'MEMORIA DE CANTIDADES'!$J$5:$J$146) -> 75.8 | G27: =+_xlfn.XLOOKUP($B27,LIST3[ID],LIST3[V/UNIT]) -> 71344 | H27: =ROUND(F27*G27,2) -> 5407875.2 | J27: =+G27*1.3 -> 92747.2
D28: IET FRANCISCO JULIAN OLAYA | H28: =+H29+H32+H36 -> 3204988.2
C29: 1 | D29: PRELIMINARES (P) | H29: =+SUM(H30:H31) -> 348566.2 | K29: =+H29*1.3 -> 453136.06
B30: P-0005 | C30: =C29+0.01 -> 1.01 | D30: =+_xlfn.XLOOKUP($B30,LIST3[ID],LIST3[DESCRIPCIÓN]) -> EXCAVACIÓN MANUAL EN MATERIAL COMÚN 0-2 MTS | E30: =+_xlfn.XLOOKUP($B30,LIST3[ID],LIST3[UNIDAD]) -> M3 | F30: =+_xlfn.XLOOKUP(TEXT(PTO!D30,0),'MEMORIA DE CANTIDADES'!$D$5:$D$146,'MEMORIA DE CANTIDADES'!$J$5:$J$146) -> 0.9 | G30: =+_xlfn.XLOOKUP($B30,LIST3[ID],LIST3[V/UNIT]) -> 41022 | H30: =ROUND(F30*G30,2) -> 36919.8 | J30: =+G30*1.3 -> 53328.6
B31: P-0002 | C31: =C30+0.01 -> 1.02 | D31: =+_xlfn.XLOOKUP($B31,LIST3[ID],LIST3[DESCRIPCIÓN]) -> DEMOLICIÓN MURO LADRILLO HASTA 15 CM ANCHO, INCLUYE RETIRO DE ESCOMBROS A 5 KM | E31: =+_xlfn.XLOOKUP($B31,LIST3[ID],LIST3[UNIDAD]) -> M2 | F31: =+_xlfn.XLOOKUP(TEXT(PTO!D31,0),'MEMORIA DE CANTIDADES'!$D$5:$D$146,'MEMORIA DE CANTIDADES'!$J$5:$J$146) -> 10.4 | G31: =+_xlfn.XLOOKUP($B31,LIST3[ID],LIST3[V/UNIT]) -> 29966 | H31: =ROUND(F31*G31,2) -> 311646.4 | J31: =+G31*1.3 -> 38955.8
C32: 2 | D32: MAMPOSTERIA Y ACABADOS | H32: =+SUM(H33:H35) -> 1502019.8 | K32: =+H32*1.3 -> 1952625.7
B33: PTA-019 | C33: =C32+0.01 -> 2.01 | D33: =+_xlfn.XLOOKUP($B33,LIST3[ID],LIST3[DESCRIPCIÓN]) -> SUMINISTRO E INSTALACIÓN DE LADRILLO TOLETE 25X12X6CM | E33: =+_xlfn.XLOOKUP($B33,LIST3[ID],LIST3[UNIDAD]) -> M2 | F33: =+_xlfn.XLOOKUP(TEXT(PTO!D33,0),'MEMORIA DE CANTIDADES'!$D$5:$D$146,'MEMORIA DE CANTIDADES'!$J$5:$J$146) -> 10.4 | G33: =+_xlfn.XLOOKUP($B33,LIST3[ID],LIST3[V/UNIT]) -> 86053 | H33: =ROUND(F33*G33,2) -> 894951.2 | J33: =+G33*1.3 -> 111868.9
B34: PTA-020 | C34: =C33+0.01 -> 2.02 | D34: =+_xlfn.XLOOKUP($B34,LIST3[ID],LIST3[DESCRIPCIÓN]) -> PAÑETE MURO 1:4 E=0.02M | E34: =+_xlfn.XLOOKUP($B34,LIST3[ID],LIST3[UNIDAD]) -> M2 | F34: =+_xlfn.XLOOKUP(TEXT(PTO!D34,0),'MEMORIA DE CANTIDADES'!$D$5:$D$146,'MEMORIA DE CANTIDADES'!$J$5:$J$146) -> 13.4 | G34: =+_xlfn.XLOOKUP($B34,LIST3[ID],LIST3[V/UNIT]) -> 32597 | H34: =ROUND(F34*G34,2) -> 436799.8 | J34: =+G34*1.3 -> 42376.1
B35: PTA-009 | C35: =C34+0.01 -> 2.03 | D35: =+_xlfn.XLOOKUP($B35,LIST3[ID],LIST3[DESCRIPCIÓN]) -> PINTURA TIPO 1 INTERIOR, DOS MANOS | E35: =+_xlfn.XLOOKUP($B35,LIST3[ID],LIST3[UNIDAD]) -> M2 | F35: =+_xlfn.XLOOKUP(TEXT(PTO!D35,0),'MEMORIA DE CANTIDADES'!$D$5:$D$146,'MEMORIA DE CANTIDADES'!$J$5:$J$146) -> 10.4 | G35: =+_xlfn.XLOOKUP($B35,LIST3[ID],LIST3[V/UNIT]) -> 16372 | H35: =ROUND(F35*G35,2) -> 170268.8 | J35: =+G35*1.3 -> 21283.6
C36: 3 | D36: CONCRETO Y REFUERZO | H36: =+SUM(H37:H41) -> 1354402.2 | K36: =+H36*1.3 -> 1760722.9
B37: CMR-009 | C37: =C36+0.01 -> 3.01 | D37: =+_xlfn.XLOOKUP($B37,LIST3[ID],LIST3[DESCRIPCIÓN]) -> COLUMNA CONCRETO 3.000 PSI 20X12 CM | E37: =+_xlfn.XLOOKUP($B37,LIST3[ID],LIST3[UNIDAD]) -> M | F37: =+_xlfn.XLOOKUP(TEXT(PTO!D37,0),'MEMORIA DE CANTIDADES'!$D$5:$D$146,'MEMORIA DE CANTIDADES'!$J$5:$J$146) -> 5.3 | G37: =+_xlfn.XLOOKUP($B37,LIST3[ID],LIST3[V/UNIT]) -> 61440 | H37: =ROUND(F37*G37,2) -> 325632 | J37: =+G37*1.3 -> 79872
B38: CMR-010 | C38: =C37+0.01 -> 3.02 | D38: =+_xlfn.XLOOKUP($B38,LIST3[ID],LIST3[DESCRIPCIÓN]) -> ZAPATA CONCRETO 3.000 PSI 120X70X30 CM | E38: =+_xlfn.XLOOKUP($B38,LIST3[ID],LIST3[UNIDAD]) -> UND | F38: =+_xlfn.XLOOKUP(TEXT(PTO!D38,0),'MEMORIA DE CANTIDADES'!$D$5:$D$146,'MEMORIA DE CANTIDADES'!$J$5:$J$146) -> 1 | G38: =+_xlfn.XLOOKUP($B38,LIST3[ID],LIST3[V/UNIT]) -> 330681 | H38: =ROUND(F38*G38,2) -> 330681 | J38: =+G38*1.3 -> 429885.3
B39: CMR-011 | C39: =C38+0.01 -> 3.03 | D39: =+_xlfn.XLOOKUP($B39,LIST3[ID],LIST3[DESCRIPCIÓN]) -> COLUMNA CONCRETO 3.000 PSI 30X30 CM | E39: =+_xlfn.XLOOKUP($B39,LIST3[ID],LIST3[UNIDAD]) -> M | F39: =+_xlfn.XLOOKUP(TEXT(PTO!D39,0),'MEMORIA DE CANTIDADES'!$D$5:$D$146,'MEMORIA DE CANTIDADES'!$J$5:$J$146) -> 0.8 | G39: =+_xlfn.XLOOKUP($B39,LIST3[ID],LIST3[V/UNIT]) -> 152644 | H39: =ROUND(F39*G39,2) -> 122115.2 | J39: =+G39*1.3 -> 198437.2
B40: CMR-012 | C40: =C39+0.01 -> 3.04 | D40: =+_xlfn.XLOOKUP($B40,LIST3[ID],LIST3[DESCRIPCIÓN]) -> ADHESIVO EPOXICO DE CONCRETO FRESCO CON CONCRETO ANTIGUO (USO ESTRUCTURAL) | E40: =+_xlfn.XLOOKUP($B40,LIST3[ID],LIST3[UNIDAD]) -> M2 | F40: =+_xlfn.XLOOKUP(TEXT(PTO!D40,0),'MEMORIA DE CANTIDADES'!$D$5:$D$146,'MEMORIA DE CANTIDADES'!$J$5:$J$146) -> 0.1 | G40: =+_xlfn.XLOOKUP($B40,LIST3[ID],LIST3[V/UNIT]) -> 106831 | H40: =ROUND(F40*G40,2) -> 10683.1 | J40: =+G40*1.3 -> 138880.3
B41: CMR-001 | C41: =C40+0.01 -> 3.05 | D41: =+_xlfn.XLOOKUP($B41,LIST3[ID],LIST3[DESCRIPCIÓN]) -> ACERO DE REFUERZO 60.000 PSI | E41: =+_xlfn.XLOOKUP($B41,LIST3[ID],LIST3[UNIDAD]) -> KG | F41: =+_xlfn.XLOOKUP(TEXT(PTO!D41,0),'MEMORIA DE CANTIDADES'!$D$5:$D$146,'MEMORIA DE CANTIDADES'!$J$5:$J$146) -> 54.1 | G41: =+_xlfn.XLOOKUP($B41,LIST3[ID],LIST3[V/UNIT]) -> 10449 | H41: =ROUND(F41*G41,2) -> 565290.9 | J41: =+G41*1.3 -> 13583.7
B42: VALOR COSTO DIRECTO | H42: =+H28+H5 -> 37706775 | J42: =SUM(J7:J41) -> 5066963.2 | K42: =SUM(K6:K41) -> 49018808 | L42: =+H42*1.3 -> 49018808
B43: ADMINISTRACION | G43: 0.25 | H43: =ROUND($H$42*G43,2) -> 9426693.8
B44: IMPREVISTOS | G44: 0.01 | H44: =ROUND($H$42*G44,2) -> 377067.75
B45: UTILIDAD | G45: 0.04 | H45: =ROUND($H$42*G45,2) -> 1508271
B46: TOTAL AIU | G46: =SUM(G43:G45) -> 0.3 | H46: =SUM(H43:H45) -> 11312033
B47: VALOR TOTAL PRESUPUESTO DE OBRA | H47: =ROUND(H46+H42,2) -> 49018808
D53: ___________________________________________ | E53: ________________________________________
D54: VoBo ING. IVAN MAURICIO PENAGOS ANDRADE | E54: ING. MIGUEL ANDRES CAPERA HERNANDEZ
D55: Subsecretaria de Planeación e Infraestructura | E55: Proyectó y elaboró

Sheet PTA-007
A1: ANALISIS DE PRECIOS UNITARIOS
A3: SECRETARIA DE PLANEACIÓN E INFRAESTRUCTURA
A4: ALCALDÍA MUNICIPAL DE RIOBLANCO - TOLIMA
A6: OBJETO: | B6: =+PTO!D3 -> MEJORAMIENTO DE LAS IET GENERAL SANTANDER SEDE PRINCIPAL Y FRANCISCO JULIAN OLAYA SEDE PRINCIPAL DEL MUNICIPIO DE RIOBLANCO TOLIMA
A9: ITEM | D9: =+_xlfn.XLOOKUP(D10,PTO!$D$4:$D$27,PTO!$C$4:$C$27) -> 5.01 | E9: UNIDAD | F9: =+VLOOKUP($D$10,LIST!B3:C54,2,FALSE) -> M2 | G9: CANTIDAD | H9: 1
A10: DESCRIPCION | D10: CIELO RASO PVC 9 MM INCLUYE ESTRUCTURA
A13: I. MATERIALES
A14: DESCRIPCION | E14: UND | F14: CANT | G14: V. UNITARIO | H14: V. PARCIAL
A15: CIELO RASO PVC 9 MM CON ESTRUCTURA | E15: =IF($A15=0,0,VLOOKUP($A15,INS!$A$2:$E$106,2,FALSE)) -> M2 | F15: 1 | G15: =IF($A15=0,0,VLOOKUP($A15,INS!$A$2:$G$106,6,FALSE)) -> 30000 | H15: =+F15*G15 -> 30000
E16: =IF($A16=0,0,VLOOKUP($A16,INS!$A$2:$E$106,2,FALSE)) -> 0 | G16: =IF($A16=0,0,VLOOKUP($A16,INS!$A$2:$G$106,6,FALSE)) -> 0 | H16: =+F16*G16 -> 0
E17: =IF($A17=0,0,VLOOKUP($A17,INS!$A$2:$E$106,2,FALSE)) -> 0 | G17: =IF($A17=0,0,VLOOKUP($A17,INS!$A$2:$G$106,6,FALSE)) -> 0 | H17: =+F17*G17 -> 0
E18: =IF($A18=0,0,VLOOKUP($A18,INS!$A$2:$E$106,2,FALSE)) -> 0 | G18: =IF($A18=0,0,VLOOKUP($A18,INS!$A$2:$G$106,6,FALSE)) -> 0 | H18: =+F18*G18 -> 0
E19: =IF($A19=0,0,VLOOKUP($A19,INS!$A$2:$E$106,2,FALSE)) -> 0 | G19: =IF($A19=0,0,VLOOKUP($A19,INS!$A$2:$G$106,6,FALSE)) -> 0 | H19: =+F19*G19 -> 0
E20: =IF($A20=0,0,VLOOKUP($A20,INS!$A$2:$E$106,2,FALSE)) -> 0 | G20: =IF($A20=0,0,VLOOKUP($A20,INS!$A$2:$G$106,6,FALSE)) -> 0 | H20: =+F20*G20 -> 0
E21: =IF($A21=0,0,VLOOKUP($A21,INS!$A$2:$E$106,2,FALSE)) -> 0 | G21: =IF($A21=0,0,VLOOKUP($A21,INS!$A$2:$G$106,6,FALSE)) -> 0 | H21: =+F21*G21 -> 0
A22: Herramienta menor | E22: %M.O | F22: 0.05 | G22: =H46 -> 33468.75 | H22: =F22*G22 -> 1673.4375
G23: SUBTOTAL | H23: =SUM(H15:H22) -> 31673.438
A25: II. EQUIPO
A26: DESCRIPCION | D26: MARCA | E26: UND | F26: TARIFA/HORA | G26: RENDIMIENTO | H26: V. PARCIAL
F27: =IF($A27=0,0,VLOOKUP($A27,EQUI!$A$2:$E$6,3,FALSE)) -> 0 | G27: =+IF($A27=0,0,VLOOKUP($A27,EQUI!$A$2:$E$6,5,FALSE)) -> 0 | H27: =F27*G27 -> 0
F28: =IF($A28=0,0,VLOOKUP($A28,EQUI!$A$2:$E$6,3,FALSE)) -> 0 | G28: =+IF($A28=0,0,VLOOKUP($A28,EQUI!$A$2:$E$6,5,FALSE)) -> 0 | H28: =F28*G28 -> 0
G31: SUBTOTAL | H31: =SUM(H27:H30) -> 0
A33: III. TRANSPORTE
A34: MATERIAL | D34: VOL. O PESO (EXP) | E34: DISTANCIA (KM) | F34: CANT | G34: TARIFA | H34: V. PARCIAL
D35: =IF($A$35=0,0,VLOOKUP($A$35,TRANS!$A$2:$F$38,5,FALSE)) -> 0 | E35: =IF($A$35=0,0,VLOOKUP($A$35,TRANS!$A$2:$D$39,3,FALSE)) -> 0 | F35: =+F15 -> 1 | G35: =IF($A$35=0,0,VLOOKUP($A$35,TRANS!$A$2:$D$38,4,FALSE)) -> 0 | H35: =+E35*F35*G35*D35 -> 0
G39: SUBTOTAL | H39: =SUM(H35:H38) -> 0
A41: IV. MANO DE OBRA
A42: DESCRIPCION | D42: V. HORA +PRESTACIONES | E42: CANTIDAD | F42: JORNAL TOTAL | G42: RENDIMIENTO HH | H42: V. PARCIAL
A43: OFICIAL A. | D43: =MO!F31/8 -> 24791.667 | E43: 1 | F43: =D43*E43 -> 24791.667 | G43: =+IF(AND($E$43=1,$E$44=1),_xlfn.XLOOKUP($D$10,REND[DESCRIPCIÓN],REND[RENDIMIENTO (1)]),IF(AND($E$43=1,$E$44=2),_xlfn.XLOOKUP($D$10,REND[DESCRIPCIÓN],REND[RENDIMIENTO (2)]),IF(AND($E$43=1,$E$44=3),_xlfn.XLOOKUP($D$10,REND[DESCRIPCIÓN],REND[RENDIMIENTO (3)]),IF(AND($E$43=1,$E$44=4),_xlfn.XLOOKUP($D$10,REND[DESCRIPCIÓN],REND[RENDIMIENTO (4)]),0)))) -> 0.85 | H43: =F43*G43 -> 21072.917
A44: AYUDANTE A. | D44: =MO!F14/8 -> 14583.333 | E44: 1 | F44: =D44*E44 -> 14583.333 | G44: =+IF(AND($E$43=1,$E$44=1),_xlfn.XLOOKUP($D$10,REND[DESCRIPCIÓN],REND[RENDIMIENTO (1)]),IF(AND($E$43=1,$E$44=2),_xlfn.XLOOKUP($D$10,REND[DESCRIPCIÓN],REND[RENDIMIENTO (2)]),IF(AND($E$43=1,$E$44=3),_xlfn.XLOOKUP($D$10,REND[DESCRIPCIÓN],REND[RENDIMIENTO (3)]),IF(AND($E$43=1,$E$44=4),_xlfn.XLOOKUP($D$10,REND[DESCRIPCIÓN],REND[RENDIMIENTO (4)]),0)))) -> 0.85 | H44: =F44*G44 -> 12395.833
H45: =F45*G45 -> 0
G46: SUBTOTAL | H46: =SUM(H43:H45) -> 33468.75
A48: VALOR TOTAL | H48: =ROUND(H23+H31+H39+H46,0) -> 65142
A54: VoBo ARQ. LINA MARITZA BOCANEGRA QUINTERO | F54: ING. MIGUEL ANDRES CAPERA HERNANDEZ
A55: Secretaria de Planeación e Infraestructura | F55: Proyectó y elaboró

Sheet ELC-007
A1: ANALISIS DE PRECIOS UNITARIOS
A3: SECRETARIA DE PLANEACIÓN E INFRAESTRUCTURA
A4: ALCALDÍA MUNICIPAL DE RIOBLANCO - TOLIMA
A6: OBJETO: | B6: =+PTO!D3 -> MEJORAMIENTO DE LAS IET GENERAL SANTANDER SEDE PRINCIPAL Y FRANCISCO JULIAN OLAYA SEDE PRINCIPAL DEL MUNICIPIO DE RIOBLANCO TOLIMA
A9: ITEM | D9: =+_xlfn.XLOOKUP(D10,PTO!$D$4:$D$27,PTO!$C$4:$C$27) -> #N/A | E9: UNIDAD | F9: =+VLOOKUP($D$10,LIST!B3:C54,2,FALSE) -> M | G9: CANTIDAD | H9: 1
A10: DESCRIPCION | D10: CANALETA METALICA ELECTRICA 5CMX12CMX2M (INCLUYE PUNTOS ELECTRICOS Y DE DATOS)
A13: I. MATERIALES
A14: DESCRIPCION | E14: UND | F14: CANT | G14: V. UNITARIO | H14: V. PARCIAL
A15: CANALETA METALICA ELECTRICA 5CMX12CMX2M | E15: =IF($A15=0,0,VLOOKUP($A15,INS!$A$2:$E$106,2,FALSE)) -> UND | F15: 0.5 | G15: =IF($A15=0,0,VLOOKUP($A15,INS!$A$2:$G$106,6,FALSE)) -> 15000 | H15: =+F15*G15 -> 7500
A16: CHAZO DOBLE ALETA Y TORNILLO PUNTA LENTEJA 3/8" | E16: =IF($A16=0,0,VLOOKUP($A16,INS!$A$2:$E$106,2,FALSE)) -> UND | F16: 2 | G16: =IF($A16=0,0,VLOOKUP($A16,INS!$A$2:$G$106,6,FALSE)) -> 400 | H16: =+F16*G16 -> 800
A17: CABLE N°12 ENCAUCHETADOX100 | E17: =IF($A17=0,0,VLOOKUP($A17,INS!$A$2:$E$106,2,FALSE)) -> ROLLO | F17: 0.03 | G17: =IF($A17=0,0,VLOOKUP($A17,INS!$A$2:$G$106,6,FALSE)) -> 245000 | H17: =+F17*G17 -> 7350
A18: CABLE DE RED CAT6 UTPX100 | E18: =IF($A18=0,0,VLOOKUP($A18,INS!$A$2:$E$106,2,FALSE)) -> ROLLO | F18: 0.01 | G18: =IF($A18=0,0,VLOOKUP($A18,INS!$A$2:$G$106,6,FALSE)) -> 90000 | H18: =+F18*G18 -> 900
A19: TOMA CORRIENTE DOBLE | E19: =IF($A19=0,0,VLOOKUP($A19,INS!$A$2:$E$106,2,FALSE)) -> UND | F19: 1 | G19: =IF($A19=0,0,VLOOKUP($A19,INS!$A$2:$G$106,6,FALSE)) -> 9000 | H19: =+F19*G19 -> 9000
A20: PUNTO DE RED JACK CAT6 | E20: =IF($A20=0,0,VLOOKUP($A20,INS!$A$2:$E$106,2,FALSE)) -> UND | F20: 1 | G20: =IF($A20=0,0,VLOOKUP($A20,INS!$A$2:$G$106,6,FALSE)) -> 17000 | H20: =+F20*G20 -> 17000
A21: CAJA 2X4 PLASTICA | E21: =IF($A21=0,0,VLOOKUP($A21,INS!$A$2:$E$106,2,FALSE)) -> UND | F21: 1 | G21: =IF($A21=0,0,VLOOKUP($A21,INS!$A$2:$G$106,6,FALSE)) -> 2000 | H21: =+F21*G21 -> 2000
A22: Herramienta menor | E22: %M.O | F22: 0.05 | G22: =H46 -> 63000 | H22: =F22*G22 -> 3150
G23: SUBTOTAL | H23: =SUM(H15:H22) -> 47700
A25: II. EQUIPO
A26: DESCRIPCION | D26: MARCA | E26: UND | F26: TARIFA/HORA | G26: RENDIMIENTO | H26: V. PARCIAL
F27: =IF($A27=0,0,VLOOKUP($A27,EQUI!$A$2:$E$6,3,FALSE)) -> 0 | G27: =+IF($A27=0,0,VLOOKUP($A27,EQUI!$A$2:$E$6,5,FALSE)) -> 0 | H27: =F27*G27 -> 0
F28: =IF($A28=0,0,VLOOKUP($A28,EQUI!$A$2:$E$6,3,FALSE)) -> 0 | G28: =+IF($A28=0,0,VLOOKUP($A28,EQUI!$A$2:$E$6,5,FALSE)) -> 0 | H28: =F28*G28 -> 0
G31: SUBTOTAL | H31: =SUM(H27:H30) -> 0
A33: III. TRANSPORTE
A34: MATERIAL | D34: VOL. O PESO (EXP) | E34: DISTANCIA (KM) | F34: CANT | G34: TARIFA | H34: V. PARCIAL
D35: =IF($A$35=0,0,VLOOKUP($A$35,TRANS!$A$2:$F$38,5,FALSE)) -> 0 | E35: =IF($A$35=0,0,VLOOKUP($A$35,TRANS!$A$2:$D$39,3,FALSE)) -> 0 | F35: =+F15 -> 0.5 | G35: =IF($A$35=0,0,VLOOKUP($A$35,TRANS!$A$2:$D$38,4,FALSE)) -> 0 | H35: =+E35*F35*G35*D35 -> 0
G39: SUBTOTAL | H39: =SUM(H35:H38) -> 0
A41: IV. MANO DE OBRA
A42: DESCRIPCION | D42: V. HORA +PRESTACIONES | E42: CANTIDAD | F42: JORNAL TOTAL | G42: RENDIMIENTO HH | H42: V. PARCIAL
A43: OFICIAL A. | D43: =MO!F31/8 -> 24791.667 | E43: 1 | F43: =D43*E43 -> 24791.667 | G43: =+IF(AND($E$43=1,$E$44=1),_xlfn.XLOOKUP($D$10,REND[DESCRIPCIÓN],REND[RENDIMIENTO (1)]),IF(AND($E$43=1,$E$44=2),_xlfn.XLOOKUP($D$10,REND[DESCRIPCIÓN],REND[RENDIMIENTO (2)]),IF(AND($E$43=1,$E$44=3),_xlfn.XLOOKUP($D$10,REND[DESCRIPCIÓN],REND[RENDIMIENTO (3)]),IF(AND($E$43=1,$E$44=4),_xlfn.XLOOKUP($D$10,REND[DESCRIPCIÓN],REND[RENDIMIENTO (4)]),0)))) -> 1.6 | H43: =F43*G43 -> 39666.667
A44: AYUDANTE A. | D44: =MO!F14/8 -> 14583.333 | E44: 1 | F44: =D44*E44 -> 14583.333 | G44: =+IF(AND($E$43=1,$E$44=1),_xlfn.XLOOKUP($D$10,REND[DESCRIPCIÓN],REND[RENDIMIENTO (1)]),IF(AND($E$43=1,$E$44=2),_xlfn.XLOOKUP($D$10,REND[DESCRIPCIÓN],REND[RENDIMIENTO (2)]),IF(AND($E$43=1,$E$44=3),_xlfn.XLOOKUP($D$10,REND[DESCRIPCIÓN],REND[RENDIMIENTO (3)]),IF(AND($E$43=1,$E$44=4),_xlfn.XLOOKUP($D$10,REND[DESCRIPCIÓN],REND[RENDIMIENTO (4)]),0)))) -> 1.6 | H44: =F44*G44 -> 23333.333
H45: =F45*G45 -> 0
G46: SUBTOTAL | H46: =SUM(H43:H45) -> 63000
A48: VALOR TOTAL | H48: =ROUND(H23+H31+H39+H46,0) -> 110700
A54: VoBo ARQ. LINA MARITZA BOCANEGRA QUINTERO | F54: ING. MIGUEL ANDRES CAPERA HERNANDEZ
A55: Secretaria de Planeación e Infraestructura | F55: Proyectó y elaboró

Sheet ELC-006
A1: ANALISIS DE PRECIOS UNITARIOS
A3: SECRETARIA DE PLANEACIÓN E INFRAESTRUCTURA
A4: ALCALDÍA MUNICIPAL DE RIOBLANCO - TOLIMA
A6: OBJETO: | B6: =+PTO!D3 -> MEJORAMIENTO DE LAS IET GENERAL SANTANDER SEDE PRINCIPAL Y FRANCISCO JULIAN OLAYA SEDE PRINCIPAL DEL MUNICIPIO DE RIOBLANCO TOLIMA
A9: ITEM | D9: =+_xlfn.XLOOKUP(D10,PTO!$D$4:$D$27,PTO!$C$4:$C$27) -> #N/A | E9: UNIDAD | F9: =+VLOOKUP($D$10,LIST!B3:C54,2,FALSE) -> UND | G9: CANTIDAD | H9: 1
A10: DESCRIPCION | D10: PUNTO DE ILUMINACIÓN INCLUYE INTERRUPTOR Y LAMPARA 18W
A13: I. MATERIALES
A14: DESCRIPCION | E14: UND | F14: CANT | G14: V. UNITARIO | H14: V. PARCIAL
A15: CAJA 2X4 PLASTICA | E15: =IF($A15=0,0,VLOOKUP($A15,INS!$A$2:$E$106,2,FALSE)) -> UND | F15: 1 | G15: =IF($A15=0,0,VLOOKUP($A15,INS!$A$2:$G$106,6,FALSE)) -> 2000 | H15: =+F15*G15 -> 2000
A16: CAJA OCTOGONAL PLASTICA | E16: =IF($A16=0,0,VLOOKUP($A16,INS!$A$2:$E$106,2,FALSE)) -> UND | F16: 1 | G16: =IF($A16=0,0,VLOOKUP($A16,INS!$A$2:$G$106,6,FALSE)) -> 2500 | H16: =+F16*G16 -> 2500
A17: CINTA AISLANTE 18M X 19MM | E17: =IF($A17=0,0,VLOOKUP($A17,INS!$A$2:$E$106,2,FALSE)) -> UND | F17: 0.1 | G17: =IF($A17=0,0,VLOOKUP($A17,INS!$A$2:$G$106,6,FALSE)) -> 5000 | H17: =+F17*G17 -> 500
A18: INTERRUPTOR SENCILLO | E18: =IF($A18=0,0,VLOOKUP($A18,INS!$A$2:$E$106,2,FALSE)) -> UND | F18: 1 | G18: =IF($A18=0,0,VLOOKUP($A18,INS!$A$2:$G$106,6,FALSE)) -> 7000 | H18: =+F18*G18 -> 7000
A19: LAMPARA LED 18W | E19: =IF($A19=0,0,VLOOKUP($A19,INS!$A$2:$E$106,2,FALSE)) -> UND | F19: 1 | G19: =IF($A19=0,0,VLOOKUP($A19,INS!$A$2:$G$106,6,FALSE)) -> 20000 | H19: =+F19*G19 -> 20000
E20: =IF($A20=0,0,VLOOKUP($A20,INS!$A$2:$E$106,2,FALSE)) -> 0 | G20: =IF($A20=0,0,VLOOKUP($A20,INS!$A$2:$G$106,6,FALSE)) -> 0 | H20: =+F20*G20 -> 0
A22: Herramienta menor | E22: %M.O | F22: 0.05 | G22: =H46 -> 19687.5 | H22: =F22*G22 -> 984.375
G23: SUBTOTAL | H23: =SUM(H15:H22) -> 32984.375
A25: II. EQUIPO
A26: DESCRIPCION | D26: MARCA | E26: UND | F26: TARIFA/HORA | G26: RENDIMIENTO | H26: V. PARCIAL
F27: =IF($A27=0,0,VLOOKUP($A27,EQUI!$A$2:$E$6,3,FALSE)) -> 0 | G27: =+IF($A27=0,0,VLOOKUP($A27,EQUI!$A$2:$E$6,5,FALSE)) -> 0 | H27: =F27*G27 -> 0
F28: =IF($A28=0,0,VLOOKUP($A28,EQUI!$A$2:$E$6,3,FALSE)) -> 0 | G28: =+IF($A28=0,0,VLOOKUP($A28,EQUI!$A$2:$E$6,5,FALSE)) -> 0 | H28: =F28*G28 -> 0
G31: SUBTOTAL | H31: =SUM(H27:H30) -> 0
A33: III. TRANSPORTE
A34: MATERIAL | D34: VOL. O PESO (EXP) | E34: DISTANCIA (KM) | F34: CANT | G34: TARIFA | H34: V. PARCIAL
D35: =IF($A$35=0,0,VLOOKUP($A$35,TRANS!$A$2:$F$38,5,FALSE)) -> 0 | E35: =IF($A$35=0,0,VLOOKUP($A$35,TRANS!$A$2:$D$39,3,FALSE)) -> 0 | F35: =+F15 -> 1 | G35: =IF($A$35=0,0,VLOOKUP($A$35,TRANS!$A$2:$D$38,4,FALSE)) -> 0 | H35: =+E35*F35*G35*D35 -> 0
G39: SUBTOTAL | H39: =SUM(H35:H38) -> 0
A41: IV. MANO DE OBRA
A42: DESCRIPCION | D42: V. HORA +PRESTACIONES | E42: CANTIDAD | F42: JORNAL TOTAL | G42: RENDIMIENTO HH | H42: V. PARCIAL
A43: OFICIAL A. | D43: =MO!F31/8 -> 24791.667 | E43: 1 | F43: =D43*E43 -> 24791.667 | G43: =+IF(AND($E$43=1,$E$44=1),_xlfn.XLOOKUP($D$10,REND[DESCRIPCIÓN],REND[RENDIMIENTO (1)]),IF(AND($E$43=1,$E$44=2),_xlfn.XLOOKUP($D$10,REND[DESCRIPCIÓN],REND[RENDIMIENTO (2)]),IF(AND($E$43=1,$E$44=3),_xlfn.XLOOKUP($D$10,REND[DESCRIPCIÓN],REND[RENDIMIENTO (3)]),IF(AND($E$43=1,$E$44=4),_xlfn.XLOOKUP($D$10,REND[DESCRIPCIÓN],REND[RENDIMIENTO (4)]),0)))) -> 0.5 | H43: =F43*G43 -> 12395.833
A44: AYUDANTE A. | D44: =MO!F14/8 -> 14583.333 | E44: 1 | F44: =D44*E44 -> 14583.333 | G44: =+IF(AND($E$43=1,$E$44=1),_xlfn.XLOOKUP($D$10,REND[DESCRIPCIÓN],REND[RENDIMIENTO (1)]),IF(AND($E$43=1,$E$44=2),_xlfn.XLOOKUP($D$10,REND[DESCRIPCIÓN],REND[RENDIMIENTO (2)]),IF(AND($E$43=1,$E$44=3),_xlfn.XLOOKUP($D$10,REND[DESCRIPCIÓN],REND[RENDIMIENTO (3)]),IF(AND($E$43=1,$E$44=4),_xlfn.XLOOKUP($D$10,REND[DESCRIPCIÓN],REND[RENDIMIENTO (4)]),0)))) -> 0.5 | H44: =F44*G44 -> 7291.6667
H45: =F45*G45 -> 0
G46: SUBTOTAL | H46: =SUM(H43:H45) -> 19687.5
A48: VALOR TOTAL | H48: =ROUND(H23+H31+H39+H46,0) -> 52672
A54: VoBo ARQ. LINA MARITZA BOCANEGRA QUINTERO | F54: ING. MIGUEL ANDRES CAPERA HERNANDEZ
A55: Secretaria de Planeación e Infraestructura | F55: Proyectó y elaboró

Sheet ELC-005
A1: ANALISIS DE PRECIOS UNITARIOS
A3: SECRETARIA DE PLANEACIÓN E INFRAESTRUCTURA
A4: ALCALDÍA MUNICIPAL DE RIOBLANCO - TOLIMA
A6: OBJETO: | B6: =+PTO!D3 -> MEJORAMIENTO DE LAS IET GENERAL SANTANDER SEDE PRINCIPAL Y FRANCISCO JULIAN OLAYA SEDE PRINCIPAL DEL MUNICIPIO DE RIOBLANCO TOLIMA
A9: ITEM | D9: =+_xlfn.XLOOKUP(D10,PTO!$D$4:$D$27,PTO!$C$4:$C$27) -> #N/A | E9: UNIDAD | F9: =+VLOOKUP($D$10,LIST!B3:C54,2,FALSE) -> UND | G9: CANTIDAD | H9: 1
A10: DESCRIPCION | D10: PUNTO DE ILUMINACIÓN INCLUYE INTERRUPTOR, PLAFON Y BOMBILLO 50 W
A13: I. MATERIALES
A14: DESCRIPCION | E14: UND | F14: CANT | G14: V. UNITARIO | H14: V. PARCIAL
A15: CAJA 2X4 PLASTICA | E15: =IF($A15=0,0,VLOOKUP($A15,INS!$A$2:$E$106,2,FALSE)) -> UND | F15: 1 | G15: =IF($A15=0,0,VLOOKUP($A15,INS!$A$2:$G$106,6,FALSE)) -> 2000 | H15: =+F15*G15 -> 2000
A16: CAJA OCTOGONAL PLASTICA | E16: =IF($A16=0,0,VLOOKUP($A16,INS!$A$2:$E$106,2,FALSE)) -> UND | F16: 1 | G16: =IF($A16=0,0,VLOOKUP($A16,INS!$A$2:$G$106,6,FALSE)) -> 2500 | H16: =+F16*G16 -> 2500
A17: CINTA AISLANTE 18M X 19MM | E17: =IF($A17=0,0,VLOOKUP($A17,INS!$A$2:$E$106,2,FALSE)) -> UND | F17: 0.1 | G17: =IF($A17=0,0,VLOOKUP($A17,INS!$A$2:$G$106,6,FALSE)) -> 5000 | H17: =+F17*G17 -> 500
A18: INTERRUPTOR SENCILLO | E18: =IF($A18=0,0,VLOOKUP($A18,INS!$A$2:$E$106,2,FALSE)) -> UND | F18: 1 | G18: =IF($A18=0,0,VLOOKUP($A18,INS!$A$2:$G$106,6,FALSE)) -> 7000 | H18: =+F18*G18 -> 7000
A19: PLAFON BOMBILLO PORCELANA | E19: =IF($A19=0,0,VLOOKUP($A19,INS!$A$2:$E$106,2,FALSE)) -> UND | F19: 1 | G19: =IF($A19=0,0,VLOOKUP($A19,INS!$A$2:$G$106,6,FALSE)) -> 5000 | H19: =+F19*G19 -> 5000
A20: BOMBILLO LED 50W | E20: =IF($A20=0,0,VLOOKUP($A20,INS!$A$2:$E$106,2,FALSE)) -> UND | F20: 1 | G20: =IF($A20=0,0,VLOOKUP($A20,INS!$A$2:$G$106,6,FALSE)) -> 25000 | H20: =+F20*G20 -> 25000
A22: Herramienta menor | E22: %M.O | F22: 0.05 | G22: =H46 -> 22443.75 | H22: =F22*G22 -> 1122.1875
G23: SUBTOTAL | H23: =SUM(H15:H22) -> 43122.188
A25: II. EQUIPO
A26: DESCRIPCION | D26: MARCA | E26: UND | F26: TARIFA/HORA | G26: RENDIMIENTO | H26: V. PARCIAL
F27: =IF($A27=0,0,VLOOKUP($A27,EQUI!$A$2:$E$6,3,FALSE)) -> 0 | G27: =+IF($A27=0,0,VLOOKUP($A27,EQUI!$A$2:$E$6,5,FALSE)) -> 0 | H27: =F27*G27 -> 0
F28: =IF($A28=0,0,VLOOKUP($A28,EQUI!$A$2:$E$6,3,FALSE)) -> 0 | G28: =+IF($A28=0,0,VLOOKUP($A28,EQUI!$A$2:$E$6,5,FALSE)) -> 0 | H28: =F28*G28 -> 0
G31: SUBTOTAL | H31: =SUM(H27:H30) -> 0
A33: III. TRANSPORTE
A34: MATERIAL | D34: VOL. O PESO (EXP) | E34: DISTANCIA (KM) | F34: CANT | G34: TARIFA | H34: V. PARCIAL
D35: =IF($A$35=0,0,VLOOKUP($A$35,TRANS!$A$2:$F$38,5,FALSE)) -> 0 | E35: =IF($A$35=0,0,VLOOKUP($A$35,TRANS!$A$2:$D$39,3,FALSE)) -> 0 | F35: =+F15 -> 1 | G35: =IF($A$35=0,0,VLOOKUP($A$35,TRANS!$A$2:$D$38,4,FALSE)) -> 0 | H35: =+E35*F35*G35*D35 -> 0
G39: SUBTOTAL | H39: =SUM(H35:H38) -> 0
A41: IV. MANO DE OBRA
A42: DESCRIPCION | D42: V. HORA +PRESTACIONES | E42: CANTIDAD | F42: JORNAL TOTAL | G42: RENDIMIENTO HH | H42: V. PARCIAL
A43: OFICIAL A. | D43: =MO!F31/8 -> 24791.667 | E43: 1 | F43: =D43*E43 -> 24791.667 | G43: =+IF(AND($E$43=1,$E$44=1),_xlfn.XLOOKUP($D$10,REND[DESCRIPCIÓN],REND[RENDIMIENTO (1)]),IF(AND($E$43=1,$E$44=2),_xlfn.XLOOKUP($D$10,REND[DESCRIPCIÓN],REND[RENDIMIENTO (2)]),IF(AND($E$43=1,$E$44=3),_xlfn.XLOOKUP($D$10,REND[DESCRIPCIÓN],REND[RENDIMIENTO (3)]),IF(AND($E$43=1,$E$44=4),_xlfn.XLOOKUP($D$10,REND[DESCRIPCIÓN],REND[RENDIMIENTO (4)]),0)))) -> 0.57 | H43: =F43*G43 -> 14131.25
A44: AYUDANTE A. | D44: =MO!F14/8 -> 14583.333 | E44: 1 | F44: =D44*E44 -> 14583.333 | G44: =+IF(AND($E$43=1,$E$44=1),_xlfn.XLOOKUP($D$10,REND[DESCRIPCIÓN],REND[RENDIMIENTO (1)]),IF(AND($E$43=1,$E$44=2),_xlfn.XLOOKUP($D$10,REND[DESCRIPCIÓN],REND[RENDIMIENTO (2)]),IF(AND($E$43=1,$E$44=3),_xlfn.XLOOKUP($D$10,REND[DESCRIPCIÓN],REND[RENDIMIENTO (3)]),IF(AND($E$43=1,$E$44=4),_xlfn.XLOOKUP($D$10,REND[DESCRIPCIÓN],REND[RENDIMIENTO (4)]),0)))) -> 0.57 | H44: =F44*G44 -> 8312.5
H45: =F45*G45 -> 0
G46: SUBTOTAL | H46: =SUM(H43:H45) -> 22443.75
A48: VALOR TOTAL | H48: =ROUND(H23+H31+H39+H46,0) -> 65566
A54: VoBo ARQ. LINA MARITZA BOCANEGRA QUINTERO | F54: ING. MIGUEL ANDRES CAPERA HERNANDEZ
A55: Secretaria de Planeación e Infraestructura | F55: Proyectó y elaboró

Sheet ELC-004
A1: ANALISIS DE PRECIOS UNITARIOS
A3: SECRETARIA DE PLANEACIÓN E INFRAESTRUCTURA
A4: ALCALDÍA MUNICIPAL DE RIOBLANCO - TOLIMA
A6: OBJETO: | B6: =+PTO!D3 -> MEJORAMIENTO DE LAS IET GENERAL SANTANDER SEDE PRINCIPAL Y FRANCISCO JULIAN OLAYA SEDE PRINCIPAL DEL MUNICIPIO DE RIOBLANCO TOLIMA
A9: ITEM | D9: =+_xlfn.XLOOKUP(D10,PTO!$D$4:$D$27,PTO!$C$4:$C$27) -> 4.02 | E9: UNIDAD | F9: =+VLOOKUP($D$10,LIST!B3:C54,2,FALSE) -> UND | G9: CANTIDAD | H9: 1
A10: DESCRIPCION | D10: PUNTO ELECTRICO DE CONEXIÓN DOBLE
A13: I. MATERIALES
A14: DESCRIPCION | E14: UND | F14: CANT | G14: V. UNITARIO | H14: V. PARCIAL
A15: CAJA 2X4 PLASTICA | E15: =IF($A15=0,0,VLOOKUP($A15,INS!$A$2:$E$106,2,FALSE)) -> UND | F15: 1 | G15: =IF($A15=0,0,VLOOKUP($A15,INS!$A$2:$G$106,6,FALSE)) -> 2000 | H15: =+F15*G15 -> 2000
A16: TOMA CORRIENTE DOBLE | E16: =IF($A16=0,0,VLOOKUP($A16,INS!$A$2:$E$106,2,FALSE)) -> UND | F16: 1 | G16: =IF($A16=0,0,VLOOKUP($A16,INS!$A$2:$G$106,6,FALSE)) -> 9000 | H16: =+F16*G16 -> 9000
A17: CINTA AISLANTE 18M X 19MM | E17: =IF($A17=0,0,VLOOKUP($A17,INS!$A$2:$E$106,2,FALSE)) -> UND | F17: 0.1 | G17: =IF($A17=0,0,VLOOKUP($A17,INS!$A$2:$G$106,6,FALSE)) -> 5000 | H17: =+F17*G17 -> 500
E18: =IF($A18=0,0,VLOOKUP($A18,INS!$A$2:$E$106,2,FALSE)) -> 0 | F18: 0.34 | G18: =IF($A18=0,0,VLOOKUP($A18,INS!$A$2:$G$106,6,FALSE)) -> 0 | H18: =+F18*G18 -> 0
E19: =IF($A19=0,0,VLOOKUP($A19,INS!$A$2:$E$106,2,FALSE)) -> 0 | F19: 0.1 | G19: =IF($A19=0,0,VLOOKUP($A19,INS!$A$2:$G$106,6,FALSE)) -> 0 | H19: =+F19*G19 -> 0
E20: =IF($A20=0,0,VLOOKUP($A20,INS!$A$2:$E$106,2,FALSE)) -> 0 | G20: =IF($A20=0,0,VLOOKUP($A20,INS!$A$2:$G$106,6,FALSE)) -> 0 | H20: =+F20*G20 -> 0
A22: Herramienta menor | E22: %M.O | F22: 0.05 | G22: =H46 -> 18885.417 | H22: =F22*G22 -> 944.27083
G23: SUBTOTAL | H23: =SUM(H15:H22) -> 12444.271
A25: II. EQUIPO
A26: DESCRIPCION | D26: MARCA | E26: UND | F26: TARIFA/HORA | G26: RENDIMIENTO | H26: V. PARCIAL
F27: =IF($A27=0,0,VLOOKUP($A27,EQUI!$A$2:$E$6,3,FALSE)) -> 0 | G27: =+IF($A27=0,0,VLOOKUP($A27,EQUI!$A$2:$E$6,5,FALSE)) -> 0 | H27: =F27*G27 -> 0
F28: =IF($A28=0,0,VLOOKUP($A28,EQUI!$A$2:$E$6,3,FALSE)) -> 0 | G28: =+IF($A28=0,0,VLOOKUP($A28,EQUI!$A$2:$E$6,5,FALSE)) -> 0 | H28: =F28*G28 -> 0
G31: SUBTOTAL | H31: =SUM(H27:H30) -> 0
A33: III. TRANSPORTE
A34: MATERIAL | D34: VOL. O PESO (EXP) | E34: DISTANCIA (KM) | F34: CANT | G34: TARIFA | H34: V. PARCIAL
D35: =IF($A$35=0,0,VLOOKUP($A$35,TRANS!$A$2:$F$38,5,FALSE)) -> 0 | E35: =IF($A$35=0,0,VLOOKUP($A$35,TRANS!$A$2:$D$39,3,FALSE)) -> 0 | F35: =+F15 -> 1 | G35: =IF($A$35=0,0,VLOOKUP($A$35,TRANS!$A$2:$D$38,4,FALSE)) -> 0 | H35: =+E35*F35*G35*D35 -> 0
G39: SUBTOTAL | H39: =SUM(H35:H38) -> 0
A41: IV. MANO DE OBRA
A42: DESCRIPCION | D42: V. HORA +PRESTACIONES | E42: CANTIDAD | F42: JORNAL TOTAL | G42: RENDIMIENTO HH | H42: V. PARCIAL
A43: OFICIAL A. | D43: =MO!F31/8 -> 24791.667 | E43: 1 | F43: =D43*E43 -> 24791.667 | G43: =+IF(AND($E$43=1,$E$44=1),_xlfn.XLOOKUP($D$10,REND[DESCRIPCIÓN],REND[RENDIMIENTO (1)]),IF(AND($E$43=1,$E$44=2),_xlfn.XLOOKUP($D$10,REND[DESCRIPCIÓN],REND[RENDIMIENTO (2)]),IF(AND($E$43=1,$E$44=3),_xlfn.XLOOKUP($D$10,REND[DESCRIPCIÓN],REND[RENDIMIENTO (3)]),IF(AND($E$43=1,$E$44=4),_xlfn.XLOOKUP($D$10,REND[DESCRIPCIÓN],REND[RENDIMIENTO (4)]),0)))) -> 0.35 | H43: =F43*G43 -> 8677.0833
A44: AYUDANTE A. | D44: =MO!F14/8 -> 14583.333 | E44: 2 | F44: =D44*E44 -> 29166.667 | G44: =+IF(AND($E$43=1,$E$44=1),_xlfn.XLOOKUP($D$10,REND[DESCRIPCIÓN],REND[RENDIMIENTO (1)]),IF(AND($E$43=1,$E$44=2),_xlfn.XLOOKUP($D$10,REND[DESCRIPCIÓN],REND[RENDIMIENTO (2)]),IF(AND($E$43=1,$E$44=3),_xlfn.XLOOKUP($D$10,REND[DESCRIPCIÓN],REND[RENDIMIENTO (3)]),IF(AND($E$43=1,$E$44=4),_xlfn.XLOOKUP($D$10,REND[DESCRIPCIÓN],REND[RENDIMIENTO (4)]),0)))) -> 0.35 | H44: =F44*G44 -> 10208.333
H45: =F45*G45 -> 0
G46: SUBTOTAL | H46: =SUM(H43:H45) -> 18885.417
A48: VALOR TOTAL | H48: =ROUND(H23+H31+H39+H46,0) -> 31330
A54: VoBo ARQ. LINA MARITZA BOCANEGRA QUINTERO | F54: ING. MIGUEL ANDRES CAPERA HERNANDEZ
A55: Secretaria de Planeación e Infraestructura | F55: Proyectó y elaboró

Sheet LF-001
A1: ANALISIS DE PRECIOS UNITARIOS
A3: SECRETARIA DE PLANEACIÓN E INFRAESTRUCTURA
A4: ALCALDÍA MUNICIPAL DE RIOBLANCO - TOLIMA
A6: OBJETO: | B6: =+PTO!D3 -> MEJORAMIENTO DE LAS IET GENERAL SANTANDER SEDE PRINCIPAL Y FRANCISCO JULIAN OLAYA SEDE PRINCIPAL DEL MUNICIPIO DE RIOBLANCO TOLIMA
A9: ITEM | D9: =+_xlfn.XLOOKUP(D10,PTO!$D$4:$D$27,PTO!$C$4:$C$27) -> #N/A | E9: UNIDAD | F9: =+_xlfn.XLOOKUP($D$10,LIST[DESCRIPCIÓN],LIST[UNIDAD]) -> M3 | G9: CANTIDAD | H9: 1
A10: DESCRIPCION | D10: RETIRO DE MATERIAL SOBRANTE HASTA 5 KM
A13: I. MATERIALES
A14: DESCRIPCION | E14: UND | F14: CANT | G14: V. UNITARIO | H14: V. PARCIAL
E15: =IF($A15=0,0,VLOOKUP($A15,INS!$A$2:$E$106,2,FALSE)) -> 0 | G15: =IF($A15=0,0,VLOOKUP($A15,INS!$A$2:$G$106,6,FALSE)) -> 0 | H15: =+F15*G15 -> 0
E16: =IF($A16=0,0,VLOOKUP($A16,INS!$A$2:$E$106,2,FALSE)) -> 0 | G16: =IF($A16=0,0,VLOOKUP($A16,INS!$A$2:$G$106,6,FALSE)) -> 0 | H16: =+F16*G16 -> 0
E17: =IF($A17=0,0,VLOOKUP($A17,INS!$A$2:$E$106,2,FALSE)) -> 0 | G17: =IF($A17=0,0,VLOOKUP($A17,INS!$A$2:$G$106,6,FALSE)) -> 0 | H17: =+F17*G17 -> 0
E18: =IF($A18=0,0,VLOOKUP($A18,INS!$A$2:$E$106,2,FALSE)) -> 0 | G18: =IF($A18=0,0,VLOOKUP($A18,INS!$A$2:$G$106,6,FALSE)) -> 0 | H18: =+F18*G18 -> 0
E19: =IF($A19=0,0,VLOOKUP($A19,INS!$A$2:$E$106,2,FALSE)) -> 0 | G19: =IF($A19=0,0,VLOOKUP($A19,INS!$A$2:$G$106,6,FALSE)) -> 0 | H19: =+F19*G19 -> 0
E20: =IF($A20=0,0,VLOOKUP($A20,INS!$A$2:$E$106,2,FALSE)) -> 0 | G20: =IF($A20=0,0,VLOOKUP($A20,INS!$A$2:$G$106,6,FALSE)) -> 0 | H20: =+F20*G20 -> 0
A22: Herramienta menor | E22: %M.O | F22: 0.05 | G22: =H46 -> 2362.5 | H22: =F22*G22 -> 118.125
G23: SUBTOTAL | H23: =SUM(H15:H22) -> 118.125
A25: II. EQUIPO
A26: DESCRIPCION | D26: MARCA | E26: UND | F26: TARIFA/HORA | G26: RENDIMIENTO | H26: V. PARCIAL
A27: RETROEXCAVADORA DE LLANTA (ESCOMBROS) | F27: =IF($A27=0,0,VLOOKUP($A27,EQUI!$A$2:$E$38,3,FALSE)) -> 168000 | G27: =+IF($A27=0,0,VLOOKUP($A27,EQUI!$A$2:$E$38,5,FALSE)) -> 0.1 | H27: =F27*G27 -> 16800
F28: =IF($A28=0,0,VLOOKUP($A28,EQUI!$A$2:$E$6,3,FALSE)) -> 0 | G28: =+IF($A28=0,0,VLOOKUP($A28,EQUI!$A$2:$E$6,5,FALSE)) -> 0 | H28: =F28*G28 -> 0
G31: SUBTOTAL | H31: =SUM(H27:H30) -> 16800
A33: III. TRANSPORTE
A34: MATERIAL | D34: VOL. O PESO (EXP) | E34: DISTANCIA (KM) | F34: CANT | G34: TARIFA | H34: V. PARCIAL
A35: RETIRO DE MATERIAL HASTA 5 KM (ESCOMBRO) | D35: =IF($A$35=0,0,VLOOKUP($A$35,TRANS!$A$2:$F$38,5,FALSE)) -> 1.3 | E35: =IF($A$35=0,0,VLOOKUP($A$35,TRANS!$A$2:$D$39,3,FALSE)) -> 5 | F35: 1 | G35: =IF($A$35=0,0,VLOOKUP($A$35,TRANS!$A$2:$D$38,4,FALSE)) -> 1800 | H35: =+E35*F35*G35*D35 -> 11700
G39: SUBTOTAL | H39: =SUM(H35:H38) -> 11700
A41: IV. MANO DE OBRA
A42: DESCRIPCION | D42: V. HORA +PRESTACIONES | E42: CANTIDAD | F42: JORNAL TOTAL | G42: RENDIMIENTO HH | H42: V. PARCIAL
A43: OFICIAL A. | D43: =MO!F31/8 -> 24791.667 | E43: 1 | F43: =D43*E43 -> 24791.667 | G43: =+IF(AND($E$43=1,$E$44=1),_xlfn.XLOOKUP($D$10,REND[DESCRIPCIÓN],REND[RENDIMIENTO (1)]),IF(AND($E$43=1,$E$44=2),_xlfn.XLOOKUP($D$10,REND[DESCRIPCIÓN],REND[RENDIMIENTO (2)]),IF(AND($E$43=1,$E$44=3),_xlfn.XLOOKUP($D$10,REND[DESCRIPCIÓN],REND[RENDIMIENTO (3)]),IF(AND($E$43=1,$E$44=4),_xlfn.XLOOKUP($D$10,REND[DESCRIPCIÓN],REND[RENDIMIENTO (4)]),0)))) -> 0.06 | H43: =F43*G43 -> 1487.5
A44: AYUDANTE A. | D44: =MO!F14/8 -> 14583.333 | E44: 1 | F44: =D44*E44 -> 14583.333 | G44: =+IF(AND($E$43=1,$E$44=1),_xlfn.XLOOKUP($D$10,REND[DESCRIPCIÓN],REND[RENDIMIENTO (1)]),IF(AND($E$43=1,$E$44=2),_xlfn.XLOOKUP($D$10,REND[DESCRIPCIÓN],REND[RENDIMIENTO (2)]),IF(AND($E$43=1,$E$44=3),_xlfn.XLOOKUP($D$10,REND[DESCRIPCIÓN],REND[RENDIMIENTO (3)]),IF(AND($E$43=1,$E$44=4),_xlfn.XLOOKUP($D$10,REND[DESCRIPCIÓN],REND[RENDIMIENTO (4)]),0)))) -> 0.06 | H44: =F44*G44 -> 875
H45: =F45*G45 -> 0
G46: SUBTOTAL | H46: =SUM(H43:H45) -> 2362.5
A48: VALOR TOTAL | H48: =ROUND(H23+H31+H39+H46,0) -> 30981
A54: VoBo ARQ. LINA MARITZA BOCANEGRA QUINTERO | F54: ING. MIGUEL ANDRES CAPERA HERNANDEZ
A55: Secretaria de Planeación e Infraestructura | F55: Proyectó y elaboró

Sheet CIE-005
A1: ANALISIS DE PRECIOS UNITARIOS
A3: SECRETARIA DE PLANEACIÓN E INFRAESTRUCTURA
A4: ALCALDÍA MUNICIPAL DE RIOBLANCO - TOLIMA
A6: OBJETO: | B6: =+PTO!D3 -> MEJORAMIENTO DE LAS IET GENERAL SANTANDER SEDE PRINCIPAL Y FRANCISCO JULIAN OLAYA SEDE PRINCIPAL DEL MUNICIPIO DE RIOBLANCO TOLIMA
A9: ITEM | D9: =+_xlfn.XLOOKUP(D10,PTO!$D$4:$D$27,PTO!$C$4:$C$27) -> #N/A | E9: UNIDAD | F9: =+_xlfn.XLOOKUP($D$10,LIST[DESCRIPCIÓN],LIST[UNIDAD]) -> M2 | G9: CANTIDAD | H9: 1
A10: DESCRIPCION | D10: TAPA GOTERAS CON SELLANTE, ACRILICO+FIBRA
A13: I. MATERIALES
A14: DESCRIPCION | E14: UND | F14: CANT | G14: V. UNITARIO | H14: V. PARCIAL
A15: IMPERMEABILIZANTE ACRILICO+FIBRAS 12 AÑOS | E15: =IF($A15=0,0,VLOOKUP($A15,INS!$A$2:$E$106,2,FALSE)) -> 5 GLN | F15: 0.05 | G15: =IF($A15=0,0,VLOOKUP($A15,INS!$A$2:$G$106,6,FALSE)) -> 480000 | H15: =+F15*G15 -> 24000 | J15: 4 | K15: 1
A16: RODILLO DE FELPA 9" | E16: =IF($A16=0,0,VLOOKUP($A16,INS!$A$2:$E$106,2,FALSE)) -> UND | F16: 0.2 | G16: =IF($A16=0,0,VLOOKUP($A16,INS!$A$2:$G$106,6,FALSE)) -> 17900 | H16: =+F16*G16 -> 3580
A17: SELLADOR DE POLIURETANO 100% ALTO RENDIMIENTO 300ML | E17: =IF($A17=0,0,VLOOKUP($A17,INS!$A$2:$E$106,2,FALSE)) -> UND | F17: 0.2 | G17: =IF($A17=0,0,VLOOKUP($A17,INS!$A$2:$G$106,6,FALSE)) -> 50000 | H17: =+F17*G17 -> 10000
E18: =IF($A18=0,0,VLOOKUP($A18,INS!$A$2:$E$106,2,FALSE)) -> 0 | G18: =IF($A18=0,0,VLOOKUP($A18,INS!$A$2:$G$106,6,FALSE)) -> 0 | H18: =+F18*G18 -> 0
E19: =IF($A19=0,0,VLOOKUP($A19,INS!$A$2:$E$106,2,FALSE)) -> 0 | G19: =IF($A19=0,0,VLOOKUP($A19,INS!$A$2:$G$106,6,FALSE)) -> 0 | H19: =+F19*G19 -> 0
E20: =IF($A20=0,0,VLOOKUP($A20,INS!$A$2:$E$106,2,FALSE)) -> 0 | G20: =IF($A20=0,0,VLOOKUP($A20,INS!$A$2:$G$106,6,FALSE)) -> 0 | H20: =+F20*G20 -> 0
A22: Herramienta menor | E22: %M.O | F22: 0.05 | G22: =H46 -> 9712.5 | H22: =F22*G22 -> 485.625
G23: SUBTOTAL | H23: =SUM(H15:H22) -> 38065.625
A25: II. EQUIPO
A26: DESCRIPCION | D26: MARCA | E26: UND | F26: TARIFA/HORA | G26: RENDIMIENTO | H26: V. PARCIAL
A27: ANDAMIO CON TABLON (2 CUERPOS) | F27: =IF($A27=0,0,VLOOKUP($A27,EQUI!$A$2:$E$38,3,FALSE)) -> 10000 | G27: =+IF($A27=0,0,VLOOKUP($A27,EQUI!$A$2:$E$38,5,FALSE)) -> 0.1 | H27: =F27*G27 -> 1000
F28: =IF($A28=0,0,VLOOKUP($A28,EQUI!$A$2:$E$6,3,FALSE)) -> 0 | G28: =+IF($A28=0,0,VLOOKUP($A28,EQUI!$A$2:$E$6,5,FALSE)) -> 0 | H28: =F28*G28 -> 0
G31: SUBTOTAL | H31: =SUM(H27:H30) -> 1000
A33: III. TRANSPORTE
A34: MATERIAL | D34: VOL. O PESO (EXP) | E34: DISTANCIA (KM) | F34: CANT | G34: TARIFA | H34: V. PARCIAL
D35: =IF($A$35=0,0,VLOOKUP($A$35,TRANS!$A$2:$F$38,5,FALSE)) -> 0 | E35: =IF($A$35=0,0,VLOOKUP($A$35,TRANS!$A$2:$D$39,3,FALSE)) -> 0 | G35: =IF($A$35=0,0,VLOOKUP($A$35,TRANS!$A$2:$D$38,4,FALSE)) -> 0 | H35: =+E35*F35*G35*D35 -> 0
G39: SUBTOTAL | H39: =SUM(H35:H38) -> 0
A41: IV. MANO DE OBRA
A42: DESCRIPCION | D42: V. HORA +PRESTACIONES | E42: CANTIDAD | F42: JORNAL TOTAL | G42: RENDIMIENTO HH | H42: V. PARCIAL
A43: OFICIAL A. | D43: =MO!F31/8 -> 24791.667 | E43: 1 | F43: =D43*E43 -> 24791.667 | G43: =+IF(AND($E$43=1,$E$44=1),_xlfn.XLOOKUP($D$10,REND[DESCRIPCIÓN],REND[RENDIMIENTO (1)]),IF(AND($E$43=1,$E$44=2),_xlfn.XLOOKUP($D$10,REND[DESCRIPCIÓN],REND[RENDIMIENTO (2)]),IF(AND($E$43=1,$E$44=3),_xlfn.XLOOKUP($D$10,REND[DESCRIPCIÓN],REND[RENDIMIENTO (3)]),IF(AND($E$43=1,$E$44=4),_xlfn.XLOOKUP($D$10,REND[DESCRIPCIÓN],REND[RENDIMIENTO (4)]),0)))) -> 0.18 | H43: =F43*G43 -> 4462.5
A44: AYUDANTE A. | D44: =MO!F14/8 -> 14583.333 | E44: 2 | F44: =D44*E44 -> 29166.667 | G44: =+IF(AND($E$43=1,$E$44=1),_xlfn.XLOOKUP($D$10,REND[DESCRIPCIÓN],REND[RENDIMIENTO (1)]),IF(AND($E$43=1,$E$44=2),_xlfn.XLOOKUP($D$10,REND[DESCRIPCIÓN],REND[RENDIMIENTO (2)]),IF(AND($E$43=1,$E$44=3),_xlfn.XLOOKUP($D$10,REND[DESCRIPCIÓN],REND[RENDIMIENTO (3)]),IF(AND($E$43=1,$E$44=4),_xlfn.XLOOKUP($D$10,REND[DESCRIPCIÓN],REND[RENDIMIENTO (4)]),0)))) -> 0.18 | H44: =F44*G44 -> 5250
H45: =F45*G45 -> 0
G46: SUBTOTAL | H46: =SUM(H43:H45) -> 9712.5
A48: VALOR TOTAL | H48: =ROUND(H23+H31+H39+H46,0) -> 48778
A54: VoBo ARQ. LINA MARITZA BOCANEGRA QUINTERO | F54: ING. MIGUEL ANDRES CAPERA HERNANDEZ
A55: Secretaria de Planeación e Infraestructura | F55: Proyectó y elaboró

Sheet CIE-004
A1: ANALISIS DE PRECIOS UNITARIOS
A3: SECRETARIA DE PLANEACIÓN E INFRAESTRUCTURA
A4: ALCALDÍA MUNICIPAL DE RIOBLANCO - TOLIMA
A6: OBJETO: | B6: =+PTO!D3 -> MEJORAMIENTO DE LAS IET GENERAL SANTANDER SEDE PRINCIPAL Y FRANCISCO JULIAN OLAYA SEDE PRINCIPAL DEL MUNICIPIO DE RIOBLANCO TOLIMA
A9: ITEM | D9: =+_xlfn.XLOOKUP(D10,PTO!$D$4:$D$27,PTO!$C$4:$C$27) -> 3.03 | E9: UNIDAD | F9: =+_xlfn.XLOOKUP($D$10,LIST[DESCRIPCIÓN],LIST[UNIDAD]) -> M | G9: CANTIDAD | H9: 1
A10: DESCRIPCION | D10: FLANCHE METALICO CUBIERTA CAL.26
A13: I. MATERIALES
A14: DESCRIPCION | E14: UND | F14: CANT | G14: V. UNITARIO | H14: V. PARCIAL
A15: FLANCHE METALICO CAL.26 20X2 | E15: =IF($A15=0,0,VLOOKUP($A15,INS!$A$2:$E$106,2,FALSE)) -> UND | F15: 0.5 | G15: =IF($A15=0,0,VLOOKUP($A15,INS!$A$2:$G$106,6,FALSE)) -> 30000 | H15: =+F15*G15 -> 15000
A16: SILICONA ANTIHONGOS BAÑOS Y COCINA 280 ML | E16: =IF($A16=0,0,VLOOKUP($A16,INS!$A$2:$E$106,2,FALSE)) -> UND | F16: 0.2 | G16: =IF($A16=0,0,VLOOKUP($A16,INS!$A$2:$G$106,6,FALSE)) -> 24000 | H16: =+F16*G16 -> 4800
E17: =IF($A17=0,0,VLOOKUP($A17,INS!$A$2:$E$106,2,FALSE)) -> 0 | G17: =IF($A17=0,0,VLOOKUP($A17,INS!$A$2:$G$106,6,FALSE)) -> 0 | H17: =+F17*G17 -> 0
E18: =IF($A18=0,0,VLOOKUP($A18,INS!$A$2:$E$106,2,FALSE)) -> 0 | G18: =IF($A18=0,0,VLOOKUP($A18,INS!$A$2:$G$106,6,FALSE)) -> 0 | H18: =+F18*G18 -> 0
E19: =IF($A19=0,0,VLOOKUP($A19,INS!$A$2:$E$106,2,FALSE)) -> 0 | G19: =IF($A19=0,0,VLOOKUP($A19,INS!$A$2:$G$106,6,FALSE)) -> 0 | H19: =+F19*G19 -> 0
E20: =IF($A20=0,0,VLOOKUP($A20,INS!$A$2:$E$106,2,FALSE)) -> 0 | G20: =IF($A20=0,0,VLOOKUP($A20,INS!$A$2:$G$106,6,FALSE)) -> 0 | H20: =+F20*G20 -> 0
A22: Herramienta menor | E22: %M.O | F22: 0.05 | G22: =H46 -> 11812.5 | H22: =F22*G22 -> 590.625
G23: SUBTOTAL | H23: =SUM(H15:H22) -> 20390.625
A25: II. EQUIPO
A26: DESCRIPCION | D26: MARCA | E26: UND | F26: TARIFA/HORA | G26: RENDIMIENTO | H26: V. PARCIAL
A27: ANDAMIO CON TABLON (2 CUERPOS) | F27: =IF($A27=0,0,VLOOKUP($A27,EQUI!$A$2:$E$38,3,FALSE)) -> 10000 | G27: =+IF($A27=0,0,VLOOKUP($A27,EQUI!$A$2:$E$38,5,FALSE)) -> 0.1 | H27: =F27*G27 -> 1000
F28: =IF($A28=0,0,VLOOKUP($A28,EQUI!$A$2:$E$6,3,FALSE)) -> 0 | G28: =+IF($A28=0,0,VLOOKUP($A28,EQUI!$A$2:$E$6,5,FALSE)) -> 0 | H28: =F28*G28 -> 0
G31: SUBTOTAL | H31: =SUM(H27:H30) -> 1000
A33: III. TRANSPORTE
A34: MATERIAL | D34: VOL. O PESO (EXP) | E34: DISTANCIA (KM) | F34: CANT | G34: TARIFA | H34: V. PARCIAL
D35: =IF($A$35=0,0,VLOOKUP($A$35,TRANS!$A$2:$F$38,5,FALSE)) -> 0 | E35: =IF($A$35=0,0,VLOOKUP($A$35,TRANS!$A$2:$D$39,3,FALSE)) -> 0 | G35: =IF($A$35=0,0,VLOOKUP($A$35,TRANS!$A$2:$D$38,4,FALSE)) -> 0 | H35: =+E35*F35*G35*D35 -> 0
G39: SUBTOTAL | H39: =SUM(H35:H38) -> 0
A41: IV. MANO DE OBRA
A42: DESCRIPCION | D42: V. HORA +PRESTACIONES | E42: CANTIDAD | F42: JORNAL TOTAL | G42: RENDIMIENTO HH | H42: V. PARCIAL
A43: OFICIAL A. | D43: =MO!F31/8 -> 24791.667 | E43: 1 | F43: =D43*E43 -> 24791.667 | G43: =+IF(AND($E$43=1,$E$44=1),_xlfn.XLOOKUP($D$10,REND[DESCRIPCIÓN],REND[RENDIMIENTO (1)]),IF(AND($E$43=1,$E$44=2),_xlfn.XLOOKUP($D$10,REND[DESCRIPCIÓN],REND[RENDIMIENTO (2)]),IF(AND($E$43=1,$E$44=3),_xlfn.XLOOKUP($D$10,REND[DESCRIPCIÓN],REND[RENDIMIENTO (3)]),IF(AND($E$43=1,$E$44=4),_xlfn.XLOOKUP($D$10,REND[DESCRIPCIÓN],REND[RENDIMIENTO (4)]),0)))) -> 0.3 | H43: =F43*G43 -> 7437.5
A44: AYUDANTE A. | D44: =MO!F14/8 -> 14583.333 | E44: 1 | F44: =D44*E44 -> 14583.333 | G44: =+IF(AND($E$43=1,$E$44=1),_xlfn.XLOOKUP($D$10,REND[DESCRIPCIÓN],REND[RENDIMIENTO (1)]),IF(AND($E$43=1,$E$44=2),_xlfn.XLOOKUP($D$10,REND[DESCRIPCIÓN],REND[RENDIMIENTO (2)]),IF(AND($E$43=1,$E$44=3),_xlfn.XLOOKUP($D$10,REND[DESCRIPCIÓN],REND[RENDIMIENTO (3)]),IF(AND($E$43=1,$E$44=4),_xlfn.XLOOKUP($D$10,REND[DESCRIPCIÓN],REND[RENDIMIENTO (4)]),0)))) -> 0.3 | H44: =F44*G44 -> 4375
H45: =F45*G45 -> 0
G46: SUBTOTAL | H46: =SUM(H43:H45) -> 11812.5
A48: VALOR TOTAL | H48: =ROUND(H23+H31+H39+H46,0) -> 33203
A54: VoBo ARQ. LINA MARITZA BOCANEGRA QUINTERO | F54: ING. MIGUEL ANDRES CAPERA HERNANDEZ
A55: Secretaria de Planeación e Infraestructura | F55: Proyectó y elaboró

Sheet CIE-003
A1: ANALISIS DE PRECIOS UNITARIOS
A3: SECRETARIA DE PLANEACIÓN E INFRAESTRUCTURA
A4: ALCALDÍA MUNICIPAL DE RIOBLANCO - TOLIMA
A6: OBJETO: | B6: =+PTO!D3 -> MEJORAMIENTO DE LAS IET GENERAL SANTANDER SEDE PRINCIPAL Y FRANCISCO JULIAN OLAYA SEDE PRINCIPAL DEL MUNICIPIO DE RIOBLANCO TOLIMA
A9: ITEM | D9: =+_xlfn.XLOOKUP(D10,PTO!$D$4:$D$27,PTO!$C$4:$C$27) -> #N/A | E9: UNIDAD | F9: =+_xlfn.XLOOKUP($D$10,LIST[DESCRIPCIÓN],LIST[UNIDAD]) -> M2 | G9: CANTIDAD | H9: 1
A10: DESCRIPCION | D10: TEJA TERMOACISTICA ARQUITECTONICA CAL. 31
A13: I. MATERIALES
A14: DESCRIPCION | E14: UND | F14: CANT | G14: V. UNITARIO | H14: V. PARCIAL
A15: TEJA TERMOACISTICA ARQUITECTONICA CAL. 31 | E15: =IF($A15=0,0,VLOOKUP($A15,INS!$A$2:$E$106,2,FALSE)) -> M2 | F15: 1 | G15: =IF($A15=0,0,VLOOKUP($A15,INS!$A$2:$G$106,6,FALSE)) -> 32000 | H15: =+F15*G15 -> 32000
A16: TORNILLO CUBIERTA 2-1/2" CON ARANDELA DE NEOPRENO | E16: =IF($A16=0,0,VLOOKUP($A16,INS!$A$2:$E$106,2,FALSE)) -> UND | F16: 8 | G16: =IF($A16=0,0,VLOOKUP($A16,INS!$A$2:$G$106,6,FALSE)) -> 700 | H16: =+F16*G16 -> 5600
E17: =IF($A17=0,0,VLOOKUP($A17,INS!$A$2:$E$106,2,FALSE)) -> 0 | G17: =IF($A17=0,0,VLOOKUP($A17,INS!$A$2:$G$106,6,FALSE)) -> 0 | H17: =+F17*G17 -> 0
E18: =IF($A18=0,0,VLOOKUP($A18,INS!$A$2:$E$106,2,FALSE)) -> 0 | G18: =IF($A18=0,0,VLOOKUP($A18,INS!$A$2:$G$106,6,FALSE)) -> 0 | H18: =+F18*G18 -> 0
E19: =IF($A19=0,0,VLOOKUP($A19,INS!$A$2:$E$106,2,FALSE)) -> 0 | G19: =IF($A19=0,0,VLOOKUP($A19,INS!$A$2:$G$106,6,FALSE)) -> 0 | H19: =+F19*G19 -> 0
E20: =IF($A20=0,0,VLOOKUP($A20,INS!$A$2:$E$106,2,FALSE)) -> 0 | G20: =IF($A20=0,0,VLOOKUP($A20,INS!$A$2:$G$106,6,FALSE)) -> 0 | H20: =+F20*G20 -> 0
A22: Herramienta menor | E22: %M.O | F22: 0.05 | G22: =H46 -> 25900 | H22: =F22*G22 -> 1295
G23: SUBTOTAL | H23: =SUM(H15:H22) -> 38895
A25: II. EQUIPO
A26: DESCRIPCION | D26: MARCA | E26: UND | F26: TARIFA/HORA | G26: RENDIMIENTO | H26: V. PARCIAL
A27: ANDAMIO CON TABLON (2 CUERPOS) | F27: =IF($A27=0,0,VLOOKUP($A27,EQUI!$A$2:$E$38,3,FALSE)) -> 10000 | G27: =+IF($A27=0,0,VLOOKUP($A27,EQUI!$A$2:$E$38,5,FALSE)) -> 0.1 | H27: =F27*G27 -> 1000
F28: =IF($A28=0,0,VLOOKUP($A28,EQUI!$A$2:$E$6,3,FALSE)) -> 0 | G28: =+IF($A28=0,0,VLOOKUP($A28,EQUI!$A$2:$E$6,5,FALSE)) -> 0 | H28: =F28*G28 -> 0
G31: SUBTOTAL | H31: =SUM(H27:H30) -> 1000
A33: III. TRANSPORTE
A34: MATERIAL | D34: VOL. O PESO (EXP) | E34: DISTANCIA (KM) | F34: CANT | G34: TARIFA | H34: V. PARCIAL
D35: =IF($A$35=0,0,VLOOKUP($A$35,TRANS!$A$2:$F$38,5,FALSE)) -> 0 | E35: =IF($A$35=0,0,VLOOKUP($A$35,TRANS!$A$2:$D$39,3,FALSE)) -> 0 | G35: =IF($A$35=0,0,VLOOKUP($A$35,TRANS!$A$2:$D$38,4,FALSE)) -> 0 | H35: =+E35*F35*G35*D35 -> 0
G39: SUBTOTAL | H39: =SUM(H35:H38) -> 0
A41: IV. MANO DE OBRA
A42: DESCRIPCION | D42: V. HORA +PRESTACIONES | E42: CANTIDAD | F42: JORNAL TOTAL | G42: RENDIMIENTO HH | H42: V. PARCIAL
A43: OFICIAL A. | D43: =MO!F31/8 -> 24791.667 | E43: 1 | F43: =D43*E43 -> 24791.667 | G43: =+IF(AND($E$43=1,$E$44=1),_xlfn.XLOOKUP($D$10,REND[DESCRIPCIÓN],REND[RENDIMIENTO (1)]),IF(AND($E$43=1,$E$44=2),_xlfn.XLOOKUP($D$10,REND[DESCRIPCIÓN],REND[RENDIMIENTO (2)]),IF(AND($E$43=1,$E$44=3),_xlfn.XLOOKUP($D$10,REND[DESCRIPCIÓN],REND[RENDIMIENTO (3)]),IF(AND($E$43=1,$E$44=4),_xlfn.XLOOKUP($D$10,REND[DESCRIPCIÓN],REND[RENDIMIENTO (4)]),0)))) -> 0.48 | H43: =F43*G43 -> 11900
A44: AYUDANTE A. | D44: =MO!F14/8 -> 14583.333 | E44: 2 | F44: =D44*E44 -> 29166.667 | G44: =+IF(AND($E$43=1,$E$44=1),_xlfn.XLOOKUP($D$10,REND[DESCRIPCIÓN],REND[RENDIMIENTO (1)]),IF(AND($E$43=1,$E$44=2),_xlfn.XLOOKUP($D$10,REND[DESCRIPCIÓN],REND[RENDIMIENTO (2)]),IF(AND($E$43=1,$E$44=3),_xlfn.XLOOKUP($D$10,REND[DESCRIPCIÓN],REND[RENDIMIENTO (3)]),IF(AND($E$43=1,$E$44=4),_xlfn.XLOOKUP($D$10,REND[DESCRIPCIÓN],REND[RENDIMIENTO (4)]),0)))) -> 0.48 | H44: =F44*G44 -> 14000
H45: =F45*G45 -> 0
G46: SUBTOTAL | H46: =SUM(H43:H45) -> 25900
A48: VALOR TOTAL | H48: =ROUND(H23+H31+H39+H46,0) -> 65795
A54: VoBo ARQ. LINA MARITZA BOCANEGRA QUINTERO | F54: ING. MIGUEL ANDRES CAPERA HERNANDEZ
A55: Secretaria de Planeación e Infraestructura | F55: Proyectó y elaboró

Sheet CIE-002
A1: ANALISIS DE PRECIOS UNITARIOS
A3: SECRETARIA DE PLANEACIÓN E INFRAESTRUCTURA
A4: ALCALDÍA MUNICIPAL DE RIOBLANCO - TOLIMA
A6: OBJETO: | B6: =+PTO!D3 -> MEJORAMIENTO DE LAS IET GENERAL SANTANDER SEDE PRINCIPAL Y FRANCISCO JULIAN OLAYA SEDE PRINCIPAL DEL MUNICIPIO DE RIOBLANCO TOLIMA
A9: ITEM | D9: =+_xlfn.XLOOKUP(D10,PTO!$D$4:$D$27,PTO!$C$4:$C$27) -> 3.02 | E9: UNIDAD | F9: =+_xlfn.XLOOKUP($D$10,LIST[DESCRIPCIÓN],LIST[UNIDAD]) -> M | G9: CANTIDAD | H9: 1
A10: DESCRIPCION | D10: TUBERÍA PVC 4" SANITARIO BAJANTE AGUAS LLUVIAS
A13: I. MATERIALES
A14: DESCRIPCION | E14: UND | F14: CANT | G14: V. UNITARIO | H14: V. PARCIAL
A15: TUBO SANITARIO 4" TIPO PESADO X 6 METROS | E15: =IF($A15=0,0,VLOOKUP($A15,INS!$A$2:$E$106,2,FALSE)) -> Und | F15: 0.17 | G15: =IF($A15=0,0,VLOOKUP($A15,INS!$A$2:$G$106,6,FALSE)) -> 92250 | H15: =+F15*G15 -> 15682.5
A16: CODO SANITARIO DE 4" PVC | E16: =IF($A16=0,0,VLOOKUP($A16,INS!$A$2:$E$106,2,FALSE)) -> Und | F16: 0.3 | G16: =IF($A16=0,0,VLOOKUP($A16,INS!$A$2:$G$106,6,FALSE)) -> 12100 | H16: =+F16*G16 -> 3630
A17: UNIÓN SANITARIA 4" PVC | E17: =IF($A17=0,0,VLOOKUP($A17,INS!$A$2:$E$106,2,FALSE)) -> UND | F17: 0.3 | G17: =IF($A17=0,0,VLOOKUP($A17,INS!$A$2:$G$106,6,FALSE)) -> 7000 | H17: =+F17*G17 -> 2100
A18: ABRAZADERA TIPO GRAPA TUBO 4" METALICA | E18: =IF($A18=0,0,VLOOKUP($A18,INS!$A$2:$E$106,2,FALSE)) -> UND | F18: 0.5 | G18: =IF($A18=0,0,VLOOKUP($A18,INS!$A$2:$G$106,6,FALSE)) -> 2000 | H18: =+F18*G18 -> 1000
E19: =IF($A19=0,0,VLOOKUP($A19,INS!$A$2:$E$106,2,FALSE)) -> 0 | G19: =IF($A19=0,0,VLOOKUP($A19,INS!$A$2:$G$106,6,FALSE)) -> 0 | H19: =+F19*G19 -> 0
E20: =IF($A20=0,0,VLOOKUP($A20,INS!$A$2:$E$106,2,FALSE)) -> 0 | G20: =IF($A20=0,0,VLOOKUP($A20,INS!$A$2:$G$106,6,FALSE)) -> 0 | H20: =+F20*G20 -> 0
A22: Herramienta menor | E22: %M.O | F22: 0.05 | G22: =H46 -> 19687.5 | H22: =F22*G22 -> 984.375
G23: SUBTOTAL | H23: =SUM(H15:H22) -> 23396.875
A25: II. EQUIPO
A26: DESCRIPCION | D26: MARCA | E26: UND | F26: TARIFA/HORA | G26: RENDIMIENTO | H26: V. PARCIAL
A27: ANDAMIO CON TABLON (2 CUERPOS) | F27: =IF($A27=0,0,VLOOKUP($A27,EQUI!$A$2:$E$38,3,FALSE)) -> 10000 | G27: =+IF($A27=0,0,VLOOKUP($A27,EQUI!$A$2:$E$38,5,FALSE)) -> 0.1 | H27: =F27*G27 -> 1000
F28: =IF($A28=0,0,VLOOKUP($A28,EQUI!$A$2:$E$6,3,FALSE)) -> 0 | G28: =+IF($A28=0,0,VLOOKUP($A28,EQUI!$A$2:$E$6,5,FALSE)) -> 0 | H28: =F28*G28 -> 0
G31: SUBTOTAL | H31: =SUM(H27:H30) -> 1000
A33: III. TRANSPORTE
A34: MATERIAL | D34: VOL. O PESO (EXP) | E34: DISTANCIA (KM) | F34: CANT | G34: TARIFA | H34: V. PARCIAL
D35: =IF($A$35=0,0,VLOOKUP($A$35,TRANS!$A$2:$F$38,5,FALSE)) -> 0 | E35: =IF($A$35=0,0,VLOOKUP($A$35,TRANS!$A$2:$D$39,3,FALSE)) -> 0 | G35: =IF($A$35=0,0,VLOOKUP($A$35,TRANS!$A$2:$D$38,4,FALSE)) -> 0 | H35: =+E35*F35*G35*D35 -> 0
G39: SUBTOTAL | H39: =SUM(H35:H38) -> 0
A41: IV. MANO DE OBRA
A42: DESCRIPCION | D42: V. HORA +PRESTACIONES | E42: CANTIDAD | F42: JORNAL TOTAL | G42: RENDIMIENTO HH | H42: V. PARCIAL
A43: OFICIAL A. | D43: =MO!F31/8 -> 24791.667 | E43: 1 | F43: =D43*E43 -> 24791.667 | G43: =+IF(AND($E$43=1,$E$44=1),_xlfn.XLOOKUP($D$10,REND[DESCRIPCIÓN],REND[RENDIMIENTO (1)]),IF(AND($E$43=1,$E$44=2),_xlfn.XLOOKUP($D$10,REND[DESCRIPCIÓN],REND[RENDIMIENTO (2)]),IF(AND($E$43=1,$E$44=3),_xlfn.XLOOKUP($D$10,REND[DESCRIPCIÓN],REND[RENDIMIENTO (3)]),IF(AND($E$43=1,$E$44=4),_xlfn.XLOOKUP($D$10,REND[DESCRIPCIÓN],REND[RENDIMIENTO (4)]),0)))) -> 0.5 | H43: =F43*G43 -> 12395.833
A44: AYUDANTE A. | D44: =MO!F14/8 -> 14583.333 | E44: 1 | F44: =D44*E44 -> 14583.333 | G44: =+IF(AND($E$43=1,$E$44=1),_xlfn.XLOOKUP($D$10,REND[DESCRIPCIÓN],REND[RENDIMIENTO (1)]),IF(AND($E$43=1,$E$44=2),_xlfn.XLOOKUP($D$10,REND[DESCRIPCIÓN],REND[RENDIMIENTO (2)]),IF(AND($E$43=1,$E$44=3),_xlfn.XLOOKUP($D$10,REND[DESCRIPCIÓN],REND[RENDIMIENTO (3)]),IF(AND($E$43=1,$E$44=4),_xlfn.XLOOKUP($D$10,REND[DESCRIPCIÓN],REND[RENDIMIENTO (4)]),0)))) -> 0.5 | H44: =F44*G44 -> 7291.6667
H45: =F45*G45 -> 0
G46: SUBTOTAL | H46: =SUM(H43:H45) -> 19687.5
A48: VALOR TOTAL | H48: =ROUND(H23+H31+H39+H46,0) -> 44084
A54: VoBo ARQ. LINA MARITZA BOCANEGRA QUINTERO | F54: ING. MIGUEL ANDRES CAPERA HERNANDEZ
A55: Secretaria de Planeación e Infraestructura | F55: Proyectó y elaboró

Sheet CIE-001
A1: ANALISIS DE PRECIOS UNITARIOS
A3: SECRETARIA DE PLANEACIÓN E INFRAESTRUCTURA
A4: ALCALDÍA MUNICIPAL DE RIOBLANCO - TOLIMA
A6: OBJETO: | B6: =+PTO!D3 -> MEJORAMIENTO DE LAS IET GENERAL SANTANDER SEDE PRINCIPAL Y FRANCISCO JULIAN OLAYA SEDE PRINCIPAL DEL MUNICIPIO DE RIOBLANCO TOLIMA
A9: ITEM | D9: =+_xlfn.XLOOKUP(D10,PTO!$D$4:$D$27,PTO!$C$4:$C$27) -> 3.01 | E9: UNIDAD | F9: =+_xlfn.XLOOKUP($D$10,LIST[DESCRIPCIÓN],LIST[UNIDAD]) -> M2 | G9: CANTIDAD | H9: 1
A10: DESCRIPCION | D10: TEJA EN LAMINA GALVANIZADA CAL.28
A13: I. MATERIALES
A14: DESCRIPCION | E14: UND | F14: CANT | G14: V. UNITARIO | H14: V. PARCIAL
A15: TEJA EN LAMINA GALVANIZADA CAL.28 | E15: =IF($A15=0,0,VLOOKUP($A15,INS!$A$2:$E$106,2,FALSE)) -> M2 | F15: 1 | G15: =IF($A15=0,0,VLOOKUP($A15,INS!$A$2:$G$106,6,FALSE)) -> 25000 | H15: =+F15*G15 -> 25000
A16: TORNILLO CUBIERTA 2-1/2" CON ARANDELA DE NEOPRENO | E16: =IF($A16=0,0,VLOOKUP($A16,INS!$A$2:$E$106,2,FALSE)) -> UND | F16: 8 | G16: =IF($A16=0,0,VLOOKUP($A16,INS!$A$2:$G$106,6,FALSE)) -> 700 | H16: =+F16*G16 -> 5600
E17: =IF($A17=0,0,VLOOKUP($A17,INS!$A$2:$E$106,2,FALSE)) -> 0 | G17: =IF($A17=0,0,VLOOKUP($A17,INS!$A$2:$G$106,6,FALSE)) -> 0 | H17: =+F17*G17 -> 0
E18: =IF($A18=0,0,VLOOKUP($A18,INS!$A$2:$E$106,2,FALSE)) -> 0 | G18: =IF($A18=0,0,VLOOKUP($A18,INS!$A$2:$G$106,6,FALSE)) -> 0 | H18: =+F18*G18 -> 0
E19: =IF($A19=0,0,VLOOKUP($A19,INS!$A$2:$E$106,2,FALSE)) -> 0 | G19: =IF($A19=0,0,VLOOKUP($A19,INS!$A$2:$G$106,6,FALSE)) -> 0 | H19: =+F19*G19 -> 0
E20: =IF($A20=0,0,VLOOKUP($A20,INS!$A$2:$E$106,2,FALSE)) -> 0 | G20: =IF($A20=0,0,VLOOKUP($A20,INS!$A$2:$G$106,6,FALSE)) -> 0 | H20: =+F20*G20 -> 0
A22: Herramienta menor | E22: %M.O | F22: 0.05 | G22: =H46 -> 25900 | H22: =F22*G22 -> 1295
G23: SUBTOTAL | H23: =SUM(H15:H22) -> 31895
A25: II. EQUIPO
A26: DESCRIPCION | D26: MARCA | E26: UND | F26: TARIFA/HORA | G26: RENDIMIENTO | H26: V. PARCIAL
A27: ANDAMIO CON TABLON (2 CUERPOS) | F27: =IF($A27=0,0,VLOOKUP($A27,EQUI!$A$2:$E$38,3,FALSE)) -> 10000 | G27: =+IF($A27=0,0,VLOOKUP($A27,EQUI!$A$2:$E$38,5,FALSE)) -> 0.1 | H27: =F27*G27 -> 1000
F28: =IF($A28=0,0,VLOOKUP($A28,EQUI!$A$2:$E$6,3,FALSE)) -> 0 | G28: =+IF($A28=0,0,VLOOKUP($A28,EQUI!$A$2:$E$6,5,FALSE)) -> 0 | H28: =F28*G28 -> 0
G31: SUBTOTAL | H31: =SUM(H27:H30) -> 1000
A33: III. TRANSPORTE
A34: MATERIAL | D34: VOL. O PESO (EXP) | E34: DISTANCIA (KM) | F34: CANT | G34: TARIFA | H34: V. PARCIAL
D35: =IF($A$35=0,0,VLOOKUP($A$35,TRANS!$A$2:$F$38,5,FALSE)) -> 0 | E35: =IF($A$35=0,0,VLOOKUP($A$35,TRANS!$A$2:$D$39,3,FALSE)) -> 0 | G35: =IF($A$35=0,0,VLOOKUP($A$35,TRANS!$A$2:$D$38,4,FALSE)) -> 0 | H35: =+E35*F35*G35*D35 -> 0
G39: SUBTOTAL | H39: =SUM(H35:H38) -> 0
A41: IV. MANO DE OBRA
A42: DESCRIPCION | D42: V. HORA +PRESTACIONES | E42: CANTIDAD | F42: JORNAL TOTAL | G42: RENDIMIENTO HH | H42: V. PARCIAL
A43: OFICIAL A. | D43: =MO!F31/8 -> 24791.667 | E43: 1 | F43: =D43*E43 -> 24791.667 | G43: =+IF(AND($E$43=1,$E$44=1),_xlfn.XLOOKUP($D$10,REND[DESCRIPCIÓN],REND[RENDIMIENTO (1)]),IF(AND($E$43=1,$E$44=2),_xlfn.XLOOKUP($D$10,REND[DESCRIPCIÓN],REND[RENDIMIENTO (2)]),IF(AND($E$43=1,$E$44=3),_xlfn.XLOOKUP($D$10,REND[DESCRIPCIÓN],REND[RENDIMIENTO (3)]),IF(AND($E$43=1,$E$44=4),_xlfn.XLOOKUP($D$10,REND[DESCRIPCIÓN],REND[RENDIMIENTO (4)]),0)))) -> 0.48 | H43: =F43*G43 -> 11900
A44: AYUDANTE A. | D44: =MO!F14/8 -> 14583.333 | E44: 2 | F44: =D44*E44 -> 29166.667 | G44: =+IF(AND($E$43=1,$E$44=1),_xlfn.XLOOKUP($D$10,REND[DESCRIPCIÓN],REND[RENDIMIENTO (1)]),IF(AND($E$43=1,$E$44=2),_xlfn.XLOOKUP($D$10,REND[DESCRIPCIÓN],REND[RENDIMIENTO (2)]),IF(AND($E$43=1,$E$44=3),_xlfn.XLOOKUP($D$10,REND[DESCRIPCIÓN],REND[RENDIMIENTO (3)]),IF(AND($E$43=1,$E$44=4),_xlfn.XLOOKUP($D$10,REND[DESCRIPCIÓN],REND[RENDIMIENTO (4)]),0)))) -> 0.48 | H44: =F44*G44 -> 14000
H45: =F45*G45 -> 0
G46: SUBTOTAL | H46: =SUM(H43:H45) -> 25900
A48: VALOR TOTAL | H48: =ROUND(H23+H31+H39+H46,0) -> 58795
A54: VoBo ARQ. LINA MARITZA BOCANEGRA QUINTERO | F54: ING. MIGUEL ANDRES CAPERA HERNANDEZ
A55: Secretaria de Planeación e Infraestructura | F55: Proyectó y elaboró

Sheet HS-009
A1: ANALISIS DE PRECIOS UNITARIOS
A3: SECRETARIA DE PLANEACIÓN E INFRAESTRUCTURA
A4: ALCALDÍA MUNICIPAL DE RIOBLANCO - TOLIMA
A6: OBJETO: | B6: =+PTO!D3 -> MEJORAMIENTO DE LAS IET GENERAL SANTANDER SEDE PRINCIPAL Y FRANCISCO JULIAN OLAYA SEDE PRINCIPAL DEL MUNICIPIO DE RIOBLANCO TOLIMA
A9: ITEM | D9: =+_xlfn.XLOOKUP(D10,PTO!$D$4:$D$27,PTO!$C$4:$C$27) -> 2.08 | E9: UNIDAD | F9: =+_xlfn.XLOOKUP($D$10,LIST[DESCRIPCIÓN],LIST[UNIDAD]) -> UND | G9: CANTIDAD | H9: 1
A10: DESCRIPCION | D10: SUMINISTRO E INSTALACIÓN DE GRIFERIA PARA SANITARIO
A13: I. MATERIALES
A14: DESCRIPCION | E14: UND | F14: CANT | G14: V. UNITARIO | H14: V. PARCIAL
A15: GRIFERIA PARA SANITARIO CON FLOTADOR | E15: =IF($A15=0,0,VLOOKUP($A15,INS!$A$2:$E$106,2,FALSE)) -> UND | F15: 1 | G15: =IF($A15=0,0,VLOOKUP($A15,INS!$A$2:$G$106,6,FALSE)) -> 72000 | H15: =+F15*G15 -> 72000
E16: =IF($A16=0,0,VLOOKUP($A16,INS!$A$2:$E$106,2,FALSE)) -> 0 | G16: =IF($A16=0,0,VLOOKUP($A16,INS!$A$2:$G$106,6,FALSE)) -> 0 | H16: =+F16*G16 -> 0
E17: =IF($A17=0,0,VLOOKUP($A17,INS!$A$2:$E$106,2,FALSE)) -> 0 | G17: =IF($A17=0,0,VLOOKUP($A17,INS!$A$2:$G$106,6,FALSE)) -> 0 | H17: =+F17*G17 -> 0
E18: =IF($A18=0,0,VLOOKUP($A18,INS!$A$2:$E$106,2,FALSE)) -> 0 | G18: =IF($A18=0,0,VLOOKUP($A18,INS!$A$2:$G$106,6,FALSE)) -> 0 | H18: =+F18*G18 -> 0
E19: =IF($A19=0,0,VLOOKUP($A19,INS!$A$2:$E$106,2,FALSE)) -> 0 | G19: =IF($A19=0,0,VLOOKUP($A19,INS!$A$2:$G$106,6,FALSE)) -> 0 | H19: =+F19*G19 -> 0
E20: =IF($A20=0,0,VLOOKUP($A20,INS!$A$2:$E$106,2,FALSE)) -> 0 | G20: =IF($A20=0,0,VLOOKUP($A20,INS!$A$2:$G$106,6,FALSE)) -> 0 | H20: =+F20*G20 -> 0
A22: Herramienta menor | E22: %M.O | F22: 0.05 | G22: =H46 -> 39375 | H22: =F22*G22 -> 1968.75
G23: SUBTOTAL | H23: =SUM(H15:H22) -> 73968.75
A25: II. EQUIPO
A26: DESCRIPCION | D26: MARCA | E26: UND | F26: TARIFA/HORA | G26: RENDIMIENTO | H26: V. PARCIAL
F27: =IF($A27=0,0,VLOOKUP($A27,EQUI!$A$2:$E$6,3,FALSE)) -> 0 | G27: =+IF($A27=0,0,VLOOKUP($A27,EQUI!$A$2:$E$6,5,FALSE)) -> 0 | H27: =F27*G27 -> 0
F28: =IF($A28=0,0,VLOOKUP($A28,EQUI!$A$2:$E$6,3,FALSE)) -> 0 | G28: =+IF($A28=0,0,VLOOKUP($A28,EQUI!$A$2:$E$6,5,FALSE)) -> 0 | H28: =F28*G28 -> 0
G31: SUBTOTAL | H31: =SUM(H27:H30) -> 0
A33: III. TRANSPORTE
A34: MATERIAL | D34: VOL. O PESO (EXP) | E34: DISTANCIA (KM) | F34: CANT | G34: TARIFA | H34: V. PARCIAL
D35: =IF($A$35=0,0,VLOOKUP($A$35,TRANS!$A$2:$F$38,5,FALSE)) -> 0 | E35: =IF($A$35=0,0,VLOOKUP($A$35,TRANS!$A$2:$D$39,3,FALSE)) -> 0 | G35: =IF($A$35=0,0,VLOOKUP($A$35,TRANS!$A$2:$D$38,4,FALSE)) -> 0 | H35: =+E35*F35*G35*D35 -> 0
G39: SUBTOTAL | H39: =SUM(H35:H38) -> 0
A41: IV. MANO DE OBRA
A42: DESCRIPCION | D42: V. HORA +PRESTACIONES | E42: CANTIDAD | F42: JORNAL TOTAL | G42: RENDIMIENTO HH | H42: V. PARCIAL
A43: OFICIAL A. | D43: =MO!F31/8 -> 24791.667 | E43: 1 | F43: =D43*E43 -> 24791.667 | G43: =+IF(AND($E$43=1,$E$44=1),_xlfn.XLOOKUP($D$10,REND[DESCRIPCIÓN],REND[RENDIMIENTO (1)]),IF(AND($E$43=1,$E$44=2),_xlfn.XLOOKUP($D$10,REND[DESCRIPCIÓN],REND[RENDIMIENTO (2)]),IF(AND($E$43=1,$E$44=3),_xlfn.XLOOKUP($D$10,REND[DESCRIPCIÓN],REND[RENDIMIENTO (3)]),IF(AND($E$43=1,$E$44=4),_xlfn.XLOOKUP($D$10,REND[DESCRIPCIÓN],REND[RENDIMIENTO (4)]),0)))) -> 1 | H43: =F43*G43 -> 24791.667
A44: AYUDANTE A. | D44: =MO!F14/8 -> 14583.333 | E44: 1 | F44: =D44*E44 -> 14583.333 | G44: =+IF(AND($E$43=1,$E$44=1),_xlfn.XLOOKUP($D$10,REND[DESCRIPCIÓN],REND[RENDIMIENTO (1)]),IF(AND($E$43=1,$E$44=2),_xlfn.XLOOKUP($D$10,REND[DESCRIPCIÓN],REND[RENDIMIENTO (2)]),IF(AND($E$43=1,$E$44=3),_xlfn.XLOOKUP($D$10,REND[DESCRIPCIÓN],REND[RENDIMIENTO (3)]),IF(AND($E$43=1,$E$44=4),_xlfn.XLOOKUP($D$10,REND[DESCRIPCIÓN],REND[RENDIMIENTO (4)]),0)))) -> 1 | H44: =F44*G44 -> 14583.333
H45: =F45*G45 -> 0
G46: SUBTOTAL | H46: =SUM(H43:H45) -> 39375
A48: VALOR TOTAL | H48: =ROUND(H23+H31+H39+H46,0) -> 113344
A54: VoBo ARQ. LINA MARITZA BOCANEGRA QUINTERO | F54: ING. MIGUEL ANDRES CAPERA HERNANDEZ
A55: Secretaria de Planeación e Infraestructura | F55: Proyectó y elaboró

Sheet HS-008
A1: ANALISIS DE PRECIOS UNITARIOS
A3: SECRETARIA DE PLANEACIÓN E INFRAESTRUCTURA
A4: ALCALDÍA MUNICIPAL DE RIOBLANCO - TOLIMA
A6: OBJETO: | B6: =+PTO!D3 -> MEJORAMIENTO DE LAS IET GENERAL SANTANDER SEDE PRINCIPAL Y FRANCISCO JULIAN OLAYA SEDE PRINCIPAL DEL MUNICIPIO DE RIOBLANCO TOLIMA
A9: ITEM | D9: =+_xlfn.XLOOKUP(D10,PTO!$D$4:$D$27,PTO!$C$4:$C$27) -> 2.07 | E9: UNIDAD | F9: =+_xlfn.XLOOKUP($D$10,LIST[DESCRIPCIÓN],LIST[UNIDAD]) -> UND | G9: CANTIDAD | H9: 1
A10: DESCRIPCION | D10: SUMINISTRO E INSTALACIÓN DE LLAVE ORINAL TIPO PUSH
A13: I. MATERIALES
A14: DESCRIPCION | E14: UND | F14: CANT | G14: V. UNITARIO | H14: V. PARCIAL
A15: LLAVE TERMINAL ORINAL TIPO PUSH | E15: =IF($A15=0,0,VLOOKUP($A15,INS!$A$2:$E$106,2,FALSE)) -> UND | F15: 1 | G15: =IF($A15=0,0,VLOOKUP($A15,INS!$A$2:$G$106,6,FALSE)) -> 170000 | H15: =+F15*G15 -> 170000
A16: CINTA TEFLON 1/2" X 10 M | E16: =IF($A16=0,0,VLOOKUP($A16,INS!$A$2:$E$106,2,FALSE)) -> UND | F16: 0.2 | G16: =IF($A16=0,0,VLOOKUP($A16,INS!$A$2:$G$106,6,FALSE)) -> 4500 | H16: =+F16*G16 -> 900
E17: =IF($A17=0,0,VLOOKUP($A17,INS!$A$2:$E$106,2,FALSE)) -> 0 | G17: =IF($A17=0,0,VLOOKUP($A17,INS!$A$2:$G$106,6,FALSE)) -> 0 | H17: =+F17*G17 -> 0
E18: =IF($A18=0,0,VLOOKUP($A18,INS!$A$2:$E$106,2,FALSE)) -> 0 | G18: =IF($A18=0,0,VLOOKUP($A18,INS!$A$2:$G$106,6,FALSE)) -> 0 | H18: =+F18*G18 -> 0
E19: =IF($A19=0,0,VLOOKUP($A19,INS!$A$2:$E$106,2,FALSE)) -> 0 | G19: =IF($A19=0,0,VLOOKUP($A19,INS!$A$2:$G$106,6,FALSE)) -> 0 | H19: =+F19*G19 -> 0
E20: =IF($A20=0,0,VLOOKUP($A20,INS!$A$2:$E$106,2,FALSE)) -> 0 | G20: =IF($A20=0,0,VLOOKUP($A20,INS!$A$2:$G$106,6,FALSE)) -> 0 | H20: =+F20*G20 -> 0
A22: Herramienta menor | E22: %M.O | F22: 0.05 | G22: =H46 -> 31500 | H22: =F22*G22 -> 1575
G23: SUBTOTAL | H23: =SUM(H15:H22) -> 172475
A25: II. EQUIPO
A26: DESCRIPCION | D26: MARCA | E26: UND | F26: TARIFA/HORA | G26: RENDIMIENTO | H26: V. PARCIAL
F27: =IF($A27=0,0,VLOOKUP($A27,EQUI!$A$2:$E$6,3,FALSE)) -> 0 | G27: =+IF($A27=0,0,VLOOKUP($A27,EQUI!$A$2:$E$6,5,FALSE)) -> 0 | H27: =F27*G27 -> 0
F28: =IF($A28=0,0,VLOOKUP($A28,EQUI!$A$2:$E$6,3,FALSE)) -> 0 | G28: =+IF($A28=0,0,VLOOKUP($A28,EQUI!$A$2:$E$6,5,FALSE)) -> 0 | H28: =F28*G28 -> 0
G31: SUBTOTAL | H31: =SUM(H27:H30) -> 0
A33: III. TRANSPORTE
A34: MATERIAL | D34: VOL. O PESO (EXP) | E34: DISTANCIA (KM) | F34: CANT | G34: TARIFA | H34: V. PARCIAL
D35: =IF($A$35=0,0,VLOOKUP($A$35,TRANS!$A$2:$F$38,5,FALSE)) -> 0 | E35: =IF($A$35=0,0,VLOOKUP($A$35,TRANS!$A$2:$D$39,3,FALSE)) -> 0 | G35: =IF($A$35=0,0,VLOOKUP($A$35,TRANS!$A$2:$D$38,4,FALSE)) -> 0 | H35: =+E35*F35*G35*D35 -> 0
G39: SUBTOTAL | H39: =SUM(H35:H38) -> 0
A41: IV. MANO DE OBRA
A42: DESCRIPCION | D42: V. HORA +PRESTACIONES | E42: CANTIDAD | F42: JORNAL TOTAL | G42: RENDIMIENTO HH | H42: V. PARCIAL
A43: OFICIAL A. | D43: =MO!F31/8 -> 24791.667 | E43: 1 | F43: =D43*E43 -> 24791.667 | G43: =+IF(AND($E$43=1,$E$44=1),_xlfn.XLOOKUP($D$10,REND[DESCRIPCIÓN],REND[RENDIMIENTO (1)]),IF(AND($E$43=1,$E$44=2),_xlfn.XLOOKUP($D$10,REND[DESCRIPCIÓN],REND[RENDIMIENTO (2)]),IF(AND($E$43=1,$E$44=3),_xlfn.XLOOKUP($D$10,REND[DESCRIPCIÓN],REND[RENDIMIENTO (3)]),IF(AND($E$43=1,$E$44=4),_xlfn.XLOOKUP($D$10,REND[DESCRIPCIÓN],REND[RENDIMIENTO (4)]),0)))) -> 0.8 | H43: =F43*G43 -> 19833.333
A44: AYUDANTE A. | D44: =MO!F14/8 -> 14583.333 | E44: 1 | F44: =D44*E44 -> 14583.333 | G44: =+IF(AND($E$43=1,$E$44=1),_xlfn.XLOOKUP($D$10,REND[DESCRIPCIÓN],REND[RENDIMIENTO (1)]),IF(AND($E$43=1,$E$44=2),_xlfn.XLOOKUP($D$10,REND[DESCRIPCIÓN],REND[RENDIMIENTO (2)]),IF(AND($E$43=1,$E$44=3),_xlfn.XLOOKUP($D$10,REND[DESCRIPCIÓN],REND[RENDIMIENTO (3)]),IF(AND($E$43=1,$E$44=4),_xlfn.XLOOKUP($D$10,REND[DESCRIPCIÓN],REND[RENDIMIENTO (4)]),0)))) -> 0.8 | H44: =F44*G44 -> 11666.667
H45: =F45*G45 -> 0
G46: SUBTOTAL | H46: =SUM(H43:H45) -> 31500
A48: VALOR TOTAL | H48: =ROUND(H23+H31+H39+H46,0) -> 203975
A54: VoBo ARQ. LINA MARITZA BOCANEGRA QUINTERO | F54: ING. MIGUEL ANDRES CAPERA HERNANDEZ
A55: Secretaria de Planeación e Infraestructura | F55: Proyectó y elaboró

Sheet HS-007
A1: ANALISIS DE PRECIOS UNITARIOS
A3: SECRETARIA DE PLANEACIÓN E INFRAESTRUCTURA
A4: ALCALDÍA MUNICIPAL DE RIOBLANCO - TOLIMA
A6: OBJETO: | B6: =+PTO!D3 -> MEJORAMIENTO DE LAS IET GENERAL SANTANDER SEDE PRINCIPAL Y FRANCISCO JULIAN OLAYA SEDE PRINCIPAL DEL MUNICIPIO DE RIOBLANCO TOLIMA
A9: ITEM | D9: =+_xlfn.XLOOKUP(D10,PTO!$D$4:$D$27,PTO!$C$4:$C$27) -> 2.06 | E9: UNIDAD | F9: =+_xlfn.XLOOKUP($D$10,LIST[DESCRIPCIÓN],LIST[UNIDAD]) -> UND | G9: CANTIDAD | H9: 1
A10: DESCRIPCION | D10: TAPA EN CONCRETO PARA CAJA DE INSPECCIÓN 1X1 M CON TERMINAL EN ANGULO 1/2"
A13: I. MATERIALES
A14: DESCRIPCION | E14: UND | F14: CANT | G14: V. UNITARIO | H14: V. PARCIAL
A15: CEMENTO 50 KG | E15: =IF($A15=0,0,VLOOKUP($A15,INS!$A$2:$E$106,2,FALSE)) -> BLT | F15: =0.1*7 -> 0.7 | G15: =IF($A15=0,0,VLOOKUP($A15,INS!$A$2:$G$106,6,FALSE)) -> 37000 | H15: =+F15*G15 -> 25900
A16: TRITURADO 1/2" | E16: =IF($A16=0,0,VLOOKUP($A16,INS!$A$2:$E$106,2,FALSE)) -> M3 | F16: =0.1*0.75 -> 0.075 | G16: =IF($A16=0,0,VLOOKUP($A16,INS!$A$2:$G$106,6,FALSE)) -> 69187 | H16: =+F16*G16 -> 5189.025
A17: ARENA | E17: =IF($A17=0,0,VLOOKUP($A17,INS!$A$2:$E$106,2,FALSE)) -> M3 | F17: =0.1*0.55 -> 0.055 | G17: =IF($A17=0,0,VLOOKUP($A17,INS!$A$2:$G$106,6,FALSE)) -> 71813 | H17: =+F17*G17 -> 3949.715
A18: ACERO W 60 | E18: =IF($A18=0,0,VLOOKUP($A18,INS!$A$2:$E$106,2,FALSE)) -> KG | F18: =+(8*0.56) -> 4.48 | G18: =IF($A18=0,0,VLOOKUP($A18,INS!$A$2:$G$106,6,FALSE)) -> 5300 | H18: =+F18*G18 -> 23744
A19: ANGULO 6X1-1/2"X1/8" | E19: =IF($A19=0,0,VLOOKUP($A19,INS!$A$2:$E$106,2,FALSE)) -> UND | F19: 1.3 | G19: =IF($A19=0,0,VLOOKUP($A19,INS!$A$2:$G$106,6,FALSE)) -> 65000 | H19: =+F19*G19 -> 84500
E20: =IF($A20=0,0,VLOOKUP($A20,INS!$A$2:$E$106,2,FALSE)) -> 0 | G20: =IF($A20=0,0,VLOOKUP($A20,INS!$A$2:$G$106,6,FALSE)) -> 0 | H20: =+F20*G20 -> 0
A22: Herramienta menor | E22: %M.O | F22: 0.05 | G22: =H46 -> 157500 | H22: =F22*G22 -> 7875
G23: SUBTOTAL | H23: =SUM(H15:H22) -> 151157.74
A25: II. EQUIPO
A26: DESCRIPCION | D26: MARCA | E26: UND | F26: TARIFA/HORA | G26: RENDIMIENTO | H26: V. PARCIAL
A27: MEZCLADORA DE CONCRETO 1 BLT | F27: =IF($A27=0,0,VLOOKUP($A27,EQUI!$A$2:$E$6,3,FALSE)) -> 10000 | G27: =+IF($A27=0,0,VLOOKUP($A27,EQUI!$A$2:$E$6,5,FALSE)) -> 2.5 | H27: =F27*G27 -> 25000
F28: =IF($A28=0,0,VLOOKUP($A28,EQUI!$A$2:$E$6,3,FALSE)) -> 0 | G28: =+IF($A28=0,0,VLOOKUP($A28,EQUI!$A$2:$E$6,5,FALSE)) -> 0 | H28: =F28*G28 -> 0
G31: SUBTOTAL | H31: =SUM(H27:H30) -> 25000
A33: III. TRANSPORTE
A34: MATERIAL | D34: VOL. O PESO (EXP) | E34: DISTANCIA (KM) | F34: CANT | G34: TARIFA | H34: V. PARCIAL
A35: TRANSPORTE MATERIAL DE CANTERA (ARENA) - CUCUANA | D35: =IF($A$35=0,0,VLOOKUP($A$35,TRANS!$A$2:$F$38,5,FALSE)) -> 1.1 | E35: =IF($A$35=0,0,VLOOKUP($A$35,TRANS!$A$2:$D$39,3,FALSE)) -> 125 | F35: =+F16+F17 -> 0.13 | G35: =IF($A$35=0,0,VLOOKUP($A$35,TRANS!$A$2:$D$38,4,FALSE)) -> 1800 | H35: =+E35*F35*G35*D35 -> 32175
G39: SUBTOTAL | H39: =SUM(H35:H38) -> 32175
A41: IV. MANO DE OBRA
A42: DESCRIPCION | D42: V. HORA +PRESTACIONES | E42: CANTIDAD | F42: JORNAL TOTAL | G42: RENDIMIENTO HH | H42: V. PARCIAL
A43: OFICIAL A. | D43: =MO!F31/8 -> 24791.667 | E43: 1 | F43: =D43*E43 -> 24791.667 | G43: =+IF(AND($E$43=1,$E$44=1),_xlfn.XLOOKUP($D$10,REND[DESCRIPCIÓN],REND[RENDIMIENTO (1)]),IF(AND($E$43=1,$E$44=2),_xlfn.XLOOKUP($D$10,REND[DESCRIPCIÓN],REND[RENDIMIENTO (2)]),IF(AND($E$43=1,$E$44=3),_xlfn.XLOOKUP($D$10,REND[DESCRIPCIÓN],REND[RENDIMIENTO (3)]),IF(AND($E$43=1,$E$44=4),_xlfn.XLOOKUP($D$10,REND[DESCRIPCIÓN],REND[RENDIMIENTO (4)]),0)))) -> 4 | H43: =F43*G43 -> 99166.667
A44: AYUDANTE A. | D44: =MO!F14/8 -> 14583.333 | E44: 1 | F44: =D44*E44 -> 14583.333 | G44: =+IF(AND($E$43=1,$E$44=1),_xlfn.XLOOKUP($D$10,REND[DESCRIPCIÓN],REND[RENDIMIENTO (1)]),IF(AND($E$43=1,$E$44=2),_xlfn.XLOOKUP($D$10,REND[DESCRIPCIÓN],REND[RENDIMIENTO (2)]),IF(AND($E$43=1,$E$44=3),_xlfn.XLOOKUP($D$10,REND[DESCRIPCIÓN],REND[RENDIMIENTO (3)]),IF(AND($E$43=1,$E$44=4),_xlfn.XLOOKUP($D$10,REND[DESCRIPCIÓN],REND[RENDIMIENTO (4)]),0)))) -> 4 | H44: =F44*G44 -> 58333.333
H45: =F45*G45 -> 0
G46: SUBTOTAL | H46: =SUM(H43:H45) -> 157500
A48: VALOR TOTAL | H48: =ROUND(H23+H31+H39+H46,0) -> 365833
A54: VoBo ARQ. LINA MARITZA BOCANEGRA QUINTERO | F54: ING. MIGUEL ANDRES CAPERA HERNANDEZ
A55: Secretaria de Planeación e Infraestructura | F55: Proyectó y elaboró

Sheet HS-006
A1: ANALISIS DE PRECIOS UNITARIOS
A3: SECRETARIA DE PLANEACIÓN E INFRAESTRUCTURA
A4: ALCALDÍA MUNICIPAL DE RIOBLANCO - TOLIMA
A6: OBJETO: | B6: =+PTO!D3 -> MEJORAMIENTO DE LAS IET GENERAL SANTANDER SEDE PRINCIPAL Y FRANCISCO JULIAN OLAYA SEDE PRINCIPAL DEL MUNICIPIO DE RIOBLANCO TOLIMA
A9: ITEM | D9: =+_xlfn.XLOOKUP(D10,PTO!$D$4:$D$27,PTO!$C$4:$C$27) -> 2.05 | E9: UNIDAD | F9: =+_xlfn.XLOOKUP($D$10,LIST[DESCRIPCIÓN],LIST[UNIDAD]) -> UND | G9: CANTIDAD | H9: 1
A10: DESCRIPCION | D10: MANTENIMIENTO RED SANITARIA (PUNTO OBSTRUIDO)
A13: I. MATERIALES
A14: DESCRIPCION | E14: UND | F14: CANT | G14: V. UNITARIO | H14: V. PARCIAL
A15: AGENTE QUIMICO PARA DESTAPAR CAÑERIA | E15: =IF($A15=0,0,VLOOKUP($A15,INS!$A$2:$E$106,2,FALSE)) -> UND | F15: 1 | G15: =IF($A15=0,0,VLOOKUP($A15,INS!$A$2:$G$106,6,FALSE)) -> 24000 | H15: =+F15*G15 -> 24000
E16: =IF($A16=0,0,VLOOKUP($A16,INS!$A$2:$E$106,2,FALSE)) -> 0 | G16: =IF($A16=0,0,VLOOKUP($A16,INS!$A$2:$G$106,6,FALSE)) -> 0 | H16: =+F16*G16 -> 0
E17: =IF($A17=0,0,VLOOKUP($A17,INS!$A$2:$E$106,2,FALSE)) -> 0 | G17: =IF($A17=0,0,VLOOKUP($A17,INS!$A$2:$G$106,6,FALSE)) -> 0 | H17: =+F17*G17 -> 0
E18: =IF($A18=0,0,VLOOKUP($A18,INS!$A$2:$E$106,2,FALSE)) -> 0 | G18: =IF($A18=0,0,VLOOKUP($A18,INS!$A$2:$G$106,6,FALSE)) -> 0 | H18: =+F18*G18 -> 0
E19: =IF($A19=0,0,VLOOKUP($A19,INS!$A$2:$E$106,2,FALSE)) -> 0 | G19: =IF($A19=0,0,VLOOKUP($A19,INS!$A$2:$G$106,6,FALSE)) -> 0 | H19: =+F19*G19 -> 0
E20: =IF($A20=0,0,VLOOKUP($A20,INS!$A$2:$E$106,2,FALSE)) -> 0 | G20: =IF($A20=0,0,VLOOKUP($A20,INS!$A$2:$G$106,6,FALSE)) -> 0 | H20: =+F20*G20 -> 0
A22: Herramienta menor | E22: %M.O | F22: 0.05 | G22: =H46 -> 118125 | H22: =F22*G22 -> 5906.25
G23: SUBTOTAL | H23: =SUM(H15:H22) -> 29906.25
A25: II. EQUIPO
A26: DESCRIPCION | D26: MARCA | E26: UND | F26: TARIFA/HORA | G26: RENDIMIENTO | H26: V. PARCIAL
A27: SONDA LIMPIADOR DE CAÑERIA 10 M | F27: =IF($A27=0,0,VLOOKUP($A27,EQUI!$A$2:$E$6,3,FALSE)) -> 5000 | G27: =+IF($A27=0,0,VLOOKUP($A27,EQUI!$A$2:$E$6,5,FALSE)) -> 2 | H27: =F27*G27 -> 10000
F28: =IF($A28=0,0,VLOOKUP($A28,EQUI!$A$2:$E$6,3,FALSE)) -> 0 | G28: =+IF($A28=0,0,VLOOKUP($A28,EQUI!$A$2:$E$6,5,FALSE)) -> 0 | H28: =F28*G28 -> 0
G31: SUBTOTAL | H31: =SUM(H27:H30) -> 10000
A33: III. TRANSPORTE
A34: MATERIAL | D34: VOL. O PESO (EXP) | E34: DISTANCIA (KM) | F34: CANT | G34: TARIFA | H34: V. PARCIAL
D35: =IF($A$35=0,0,VLOOKUP($A$35,TRANS!$A$2:$F$38,5,FALSE)) -> 0 | E35: =IF($A$35=0,0,VLOOKUP($A$35,TRANS!$A$2:$D$39,3,FALSE)) -> 0 | F35: =+F16+F17 -> 0 | G35: =IF($A$35=0,0,VLOOKUP($A$35,TRANS!$A$2:$D$38,4,FALSE)) -> 0 | H35: =+E35*F35*G35*D35 -> 0
G39: SUBTOTAL | H39: =SUM(H35:H38) -> 0
A41: IV. MANO DE OBRA
A42: DESCRIPCION | D42: V. HORA +PRESTACIONES | E42: CANTIDAD | F42: JORNAL TOTAL | G42: RENDIMIENTO HH | H42: V. PARCIAL
A43: OFICIAL A. | D43: =MO!F31/8 -> 24791.667 | E43: 1 | F43: =D43*E43 -> 24791.667 | G43: =+IF(AND($E$43=1,$E$44=1),_xlfn.XLOOKUP($D$10,REND[DESCRIPCIÓN],REND[RENDIMIENTO (1)]),IF(AND($E$43=1,$E$44=2),_xlfn.XLOOKUP($D$10,REND[DESCRIPCIÓN],REND[RENDIMIENTO (2)]),IF(AND($E$43=1,$E$44=3),_xlfn.XLOOKUP($D$10,REND[DESCRIPCIÓN],REND[RENDIMIENTO (3)]),IF(AND($E$43=1,$E$44=4),_xlfn.XLOOKUP($D$10,REND[DESCRIPCIÓN],REND[RENDIMIENTO (4)]),0)))) -> 3 | H43: =F43*G43 -> 74375
A44: AYUDANTE A. | D44: =MO!F14/8 -> 14583.333 | E44: 1 | F44: =D44*E44 -> 14583.333 | G44: =+IF(AND($E$43=1,$E$44=1),_xlfn.XLOOKUP($D$10,REND[DESCRIPCIÓN],REND[RENDIMIENTO (1)]),IF(AND($E$43=1,$E$44=2),_xlfn.XLOOKUP($D$10,REND[DESCRIPCIÓN],REND[RENDIMIENTO (2)]),IF(AND($E$43=1,$E$44=3),_xlfn.XLOOKUP($D$10,REND[DESCRIPCIÓN],REND[RENDIMIENTO (3)]),IF(AND($E$43=1,$E$44=4),_xlfn.XLOOKUP($D$10,REND[DESCRIPCIÓN],REND[RENDIMIENTO (4)]),0)))) -> 3 | H44: =F44*G44 -> 43750
H45: =F45*G45 -> 0
G46: SUBTOTAL | H46: =SUM(H43:H45) -> 118125
A48: VALOR TOTAL | H48: =ROUND(H23+H31+H39+H46,0) -> 158031
A54: VoBo ARQ. LINA MARITZA BOCANEGRA QUINTERO | F54: ING. MIGUEL ANDRES CAPERA HERNANDEZ
A55: Secretaria de Planeación e Infraestructura | F55: Proyectó y elaboró

Sheet HS-005
A1: ANALISIS DE PRECIOS UNITARIOS
A3: SECRETARIA DE PLANEACIÓN E INFRAESTRUCTURA
A4: ALCALDÍA MUNICIPAL DE RIOBLANCO - TOLIMA
A6: OBJETO: | B6: =+PTO!D3 -> MEJORAMIENTO DE LAS IET GENERAL SANTANDER SEDE PRINCIPAL Y FRANCISCO JULIAN OLAYA SEDE PRINCIPAL DEL MUNICIPIO DE RIOBLANCO TOLIMA
A9: ITEM | D9: =+_xlfn.XLOOKUP(D10,PTO!$D$4:$D$27,PTO!$C$4:$C$27) -> 2.04 | E9: UNIDAD | F9: =+_xlfn.XLOOKUP($D$10,LIST[DESCRIPCIÓN],LIST[UNIDAD]) -> UND | G9: CANTIDAD | H9: 1
A10: DESCRIPCION | D10: SUMINISTRO E INSTALACIÓN DE DESAGUE PARA LAVAMOS
A13: I. MATERIALES
A14: DESCRIPCION | E14: UND | F14: CANT | G14: V. UNITARIO | H14: V. PARCIAL
A15: DESAGUE SIFON TIPO BOTELLA LAVAMANOS | E15: =IF($A15=0,0,VLOOKUP($A15,INS!$A$2:$E$106,2,FALSE)) -> UND | F15: 1 | G15: =IF($A15=0,0,VLOOKUP($A15,INS!$A$2:$G$106,6,FALSE)) -> 28000 | H15: =+F15*G15 -> 28000
A16: SILICONA ANTIHONGOS BAÑOS Y COCINA 280 ML | E16: =IF($A16=0,0,VLOOKUP($A16,INS!$A$2:$E$106,2,FALSE)) -> UND | F16: 0.4 | G16: =IF($A16=0,0,VLOOKUP($A16,INS!$A$2:$G$106,6,FALSE)) -> 24000 | H16: =+F16*G16 -> 9600
A17: CINTA TEFLON 1/2" X 10 M | E17: =IF($A17=0,0,VLOOKUP($A17,INS!$A$2:$E$106,2,FALSE)) -> UND | F17: 0.2 | G17: =IF($A17=0,0,VLOOKUP($A17,INS!$A$2:$G$106,6,FALSE)) -> 4500 | H17: =+F17*G17 -> 900
E18: =IF($A18=0,0,VLOOKUP($A18,INS!$A$2:$E$106,2,FALSE)) -> 0 | G18: =IF($A18=0,0,VLOOKUP($A18,INS!$A$2:$G$106,6,FALSE)) -> 0 | H18: =+F18*G18 -> 0
E19: =IF($A19=0,0,VLOOKUP($A19,INS!$A$2:$E$106,2,FALSE)) -> 0 | G19: =IF($A19=0,0,VLOOKUP($A19,INS!$A$2:$G$106,6,FALSE)) -> 0 | H19: =+F19*G19 -> 0
E20: =IF($A20=0,0,VLOOKUP($A20,INS!$A$2:$E$106,2,FALSE)) -> 0 | G20: =IF($A20=0,0,VLOOKUP($A20,INS!$A$2:$G$106,6,FALSE)) -> 0 | H20: =+F20*G20 -> 0
A22: Herramienta menor | E22: %M.O | F22: 0.05 | G22: =H46 -> 39375 | H22: =F22*G22 -> 1968.75
G23: SUBTOTAL | H23: =SUM(H15:H22) -> 40468.75
A25: II. EQUIPO
A26: DESCRIPCION | D26: MARCA | E26: UND | F26: TARIFA/HORA | G26: RENDIMIENTO | H26: V. PARCIAL
F27: =IF($A27=0,0,VLOOKUP($A27,EQUI!$A$2:$E$6,3,FALSE)) -> 0 | G27: =+IF($A27=0,0,VLOOKUP($A27,EQUI!$A$2:$E$6,5,FALSE)) -> 0 | H27: =F27*G27 -> 0
F28: =IF($A28=0,0,VLOOKUP($A28,EQUI!$A$2:$E$6,3,FALSE)) -> 0 | G28: =+IF($A28=0,0,VLOOKUP($A28,EQUI!$A$2:$E$6,5,FALSE)) -> 0 | H28: =F28*G28 -> 0
G31: SUBTOTAL | H31: =SUM(H27:H30) -> 0
A33: III. TRANSPORTE
A34: MATERIAL | D34: VOL. O PESO (EXP) | E34: DISTANCIA (KM) | F34: CANT | G34: TARIFA | H34: V. PARCIAL
D35: =IF($A$35=0,0,VLOOKUP($A$35,TRANS!$A$2:$F$38,5,FALSE)) -> 0 | E35: =IF($A$35=0,0,VLOOKUP($A$35,TRANS!$A$2:$D$39,3,FALSE)) -> 0 | G35: =IF($A$35=0,0,VLOOKUP($A$35,TRANS!$A$2:$D$38,4,FALSE)) -> 0 | H35: =+E35*F35*G35*D35 -> 0
G39: SUBTOTAL | H39: =SUM(H35:H38) -> 0
A41: IV. MANO DE OBRA
A42: DESCRIPCION | D42: V. HORA +PRESTACIONES | E42: CANTIDAD | F42: JORNAL TOTAL | G42: RENDIMIENTO HH | H42: V. PARCIAL
A43: OFICIAL A. | D43: =MO!F31/8 -> 24791.667 | E43: 1 | F43: =D43*E43 -> 24791.667 | G43: =+IF(AND($E$43=1,$E$44=1),_xlfn.XLOOKUP($D$10,REND[DESCRIPCIÓN],REND[RENDIMIENTO (1)]),IF(AND($E$43=1,$E$44=2),_xlfn.XLOOKUP($D$10,REND[DESCRIPCIÓN],REND[RENDIMIENTO (2)]),IF(AND($E$43=1,$E$44=3),_xlfn.XLOOKUP($D$10,REND[DESCRIPCIÓN],REND[RENDIMIENTO (3)]),IF(AND($E$43=1,$E$44=4),_xlfn.XLOOKUP($D$10,REND[DESCRIPCIÓN],REND[RENDIMIENTO (4)]),0)))) -> 1 | H43: =F43*G43 -> 24791.667
A44: AYUDANTE A. | D44: =MO!F14/8 -> 14583.333 | E44: 1 | F44: =D44*E44 -> 14583.333 | G44: =+IF(AND($E$43=1,$E$44=1),_xlfn.XLOOKUP($D$10,REND[DESCRIPCIÓN],REND[RENDIMIENTO (1)]),IF(AND($E$43=1,$E$44=2),_xlfn.XLOOKUP($D$10,REND[DESCRIPCIÓN],REND[RENDIMIENTO (2)]),IF(AND($E$43=1,$E$44=3),_xlfn.XLOOKUP($D$10,REND[DESCRIPCIÓN],REND[RENDIMIENTO (3)]),IF(AND($E$43=1,$E$44=4),_xlfn.XLOOKUP($D$10,REND[DESCRIPCIÓN],REND[RENDIMIENTO (4)]),0)))) -> 1 | H44: =F44*G44 -> 14583.333
H45: =F45*G45 -> 0
G46: SUBTOTAL | H46: =SUM(H43:H45) -> 39375
A48: VALOR TOTAL | H48: =ROUND(H23+H31+H39+H46,0) -> 79844
A54: VoBo ARQ. LINA MARITZA BOCANEGRA QUINTERO | F54: ING. MIGUEL ANDRES CAPERA HERNANDEZ
A55: Secretaria de Planeación e Infraestructura | F55: Proyectó y elaboró

Sheet HS-004
A1: ANALISIS DE PRECIOS UNITARIOS
A3: SECRETARIA DE PLANEACIÓN E INFRAESTRUCTURA
A4: ALCALDÍA MUNICIPAL DE RIOBLANCO - TOLIMA
A6: OBJETO: | B6: =+PTO!D3 -> MEJORAMIENTO DE LAS IET GENERAL SANTANDER SEDE PRINCIPAL Y FRANCISCO JULIAN OLAYA SEDE PRINCIPAL DEL MUNICIPIO DE RIOBLANCO TOLIMA
A9: ITEM | D9: =+_xlfn.XLOOKUP(D10,PTO!$D$4:$D$27,PTO!$C$4:$C$27) -> 2.03 | E9: UNIDAD | F9: =+_xlfn.XLOOKUP($D$10,LIST[DESCRIPCIÓN],LIST[UNIDAD]) -> UND | G9: CANTIDAD | H9: 1
A10: DESCRIPCION | D10: SUMINISTRO E INSTALACIÓN DE LLAVE LAVAMANOS TIPO PUSH
A13: I. MATERIALES
A14: DESCRIPCION | E14: UND | F14: CANT | G14: V. UNITARIO | H14: V. PARCIAL
A15: LLAVE TERMINAL LAVAMANOS TIPO PUSH | E15: =IF($A15=0,0,VLOOKUP($A15,INS!$A$2:$E$106,2,FALSE)) -> UND | F15: 1 | G15: =IF($A15=0,0,VLOOKUP($A15,INS!$A$2:$G$106,6,FALSE)) -> 160000 | H15: =+F15*G15 -> 160000
A16: MANGUERA ACOPLE 1/2" | E16: =IF($A16=0,0,VLOOKUP($A16,INS!$A$2:$E$106,2,FALSE)) -> UND | F16: 1 | G16: =IF($A16=0,0,VLOOKUP($A16,INS!$A$2:$G$106,6,FALSE)) -> 7000 | H16: =+F16*G16 -> 7000
A17: CINTA TEFLON 1/2" X 10 M | E17: =IF($A17=0,0,VLOOKUP($A17,INS!$A$2:$E$106,2,FALSE)) -> UND | F17: 0.2 | G17: =IF($A17=0,0,VLOOKUP($A17,INS!$A$2:$G$106,6,FALSE)) -> 4500 | H17: =+F17*G17 -> 900
E18: =IF($A18=0,0,VLOOKUP($A18,INS!$A$2:$E$106,2,FALSE)) -> 0 | G18: =IF($A18=0,0,VLOOKUP($A18,INS!$A$2:$G$106,6,FALSE)) -> 0 | H18: =+F18*G18 -> 0
E19: =IF($A19=0,0,VLOOKUP($A19,INS!$A$2:$E$106,2,FALSE)) -> 0 | G19: =IF($A19=0,0,VLOOKUP($A19,INS!$A$2:$G$106,6,FALSE)) -> 0 | H19: =+F19*G19 -> 0
E20: =IF($A20=0,0,VLOOKUP($A20,INS!$A$2:$E$106,2,FALSE)) -> 0 | G20: =IF($A20=0,0,VLOOKUP($A20,INS!$A$2:$G$106,6,FALSE)) -> 0 | H20: =+F20*G20 -> 0
A22: Herramienta menor | E22: %M.O | F22: 0.05 | G22: =H46 -> 31500 | H22: =F22*G22 -> 1575
G23: SUBTOTAL | H23: =SUM(H15:H22) -> 169475
A25: II. EQUIPO
A26: DESCRIPCION | D26: MARCA | E26: UND | F26: TARIFA/HORA | G26: RENDIMIENTO | H26: V. PARCIAL
F27: =IF($A27=0,0,VLOOKUP($A27,EQUI!$A$2:$E$6,3,FALSE)) -> 0 | G27: =+IF($A27=0,0,VLOOKUP($A27,EQUI!$A$2:$E$6,5,FALSE)) -> 0 | H27: =F27*G27 -> 0
F28: =IF($A28=0,0,VLOOKUP($A28,EQUI!$A$2:$E$6,3,FALSE)) -> 0 | G28: =+IF($A28=0,0,VLOOKUP($A28,EQUI!$A$2:$E$6,5,FALSE)) -> 0 | H28: =F28*G28 -> 0
G31: SUBTOTAL | H31: =SUM(H27:H30) -> 0
A33: III. TRANSPORTE
A34: MATERIAL | D34: VOL. O PESO (EXP) | E34: DISTANCIA (KM) | F34: CANT | G34: TARIFA | H34: V. PARCIAL
D35: =IF($A$35=0,0,VLOOKUP($A$35,TRANS!$A$2:$F$38,5,FALSE)) -> 0 | E35: =IF($A$35=0,0,VLOOKUP($A$35,TRANS!$A$2:$D$39,3,FALSE)) -> 0 | G35: =IF($A$35=0,0,VLOOKUP($A$35,TRANS!$A$2:$D$38,4,FALSE)) -> 0 | H35: =+E35*F35*G35*D35 -> 0
G39: SUBTOTAL | H39: =SUM(H35:H38) -> 0
A41: IV. MANO DE OBRA
A42: DESCRIPCION | D42: V. HORA +PRESTACIONES | E42: CANTIDAD | F42: JORNAL TOTAL | G42: RENDIMIENTO HH | H42: V. PARCIAL
A43: OFICIAL A. | D43: =MO!F31/8 -> 24791.667 | E43: 1 | F43: =D43*E43 -> 24791.667 | G43: =+IF(AND($E$43=1,$E$44=1),_xlfn.XLOOKUP($D$10,REND[DESCRIPCIÓN],REND[RENDIMIENTO (1)]),IF(AND($E$43=1,$E$44=2),_xlfn.XLOOKUP($D$10,REND[DESCRIPCIÓN],REND[RENDIMIENTO (2)]),IF(AND($E$43=1,$E$44=3),_xlfn.XLOOKUP($D$10,REND[DESCRIPCIÓN],REND[RENDIMIENTO (3)]),IF(AND($E$43=1,$E$44=4),_xlfn.XLOOKUP($D$10,REND[DESCRIPCIÓN],REND[RENDIMIENTO (4)]),0)))) -> 0.8 | H43: =F43*G43 -> 19833.333
A44: AYUDANTE A. | D44: =MO!F14/8 -> 14583.333 | E44: 1 | F44: =D44*E44 -> 14583.333 | G44: =+IF(AND($E$43=1,$E$44=1),_xlfn.XLOOKUP($D$10,REND[DESCRIPCIÓN],REND[RENDIMIENTO (1)]),IF(AND($E$43=1,$E$44=2),_xlfn.XLOOKUP($D$10,REND[DESCRIPCIÓN],REND[RENDIMIENTO (2)]),IF(AND($E$43=1,$E$44=3),_xlfn.XLOOKUP($D$10,REND[DESCRIPCIÓN],REND[RENDIMIENTO (3)]),IF(AND($E$43=1,$E$44=4),_xlfn.XLOOKUP($D$10,REND[DESCRIPCIÓN],REND[RENDIMIENTO (4)]),0)))) -> 0.8 | H44: =F44*G44 -> 11666.667
H45: =F45*G45 -> 0
G46: SUBTOTAL | H46: =SUM(H43:H45) -> 31500
A48: VALOR TOTAL | H48: =ROUND(H23+H31+H39+H46,0) -> 200975
A54: VoBo ARQ. LINA MARITZA BOCANEGRA QUINTERO | F54: ING. MIGUEL ANDRES CAPERA HERNANDEZ
A55: Secretaria de Planeación e Infraestructura | F55: Proyectó y elaboró

Sheet HS-003
A1: ANALISIS DE PRECIOS UNITARIOS
A3: SECRETARIA DE PLANEACIÓN E INFRAESTRUCTURA
A4: ALCALDÍA MUNICIPAL DE RIOBLANCO - TOLIMA
A6: OBJETO: | B6: =+PTO!D3 -> MEJORAMIENTO DE LAS IET GENERAL SANTANDER SEDE PRINCIPAL Y FRANCISCO JULIAN OLAYA SEDE PRINCIPAL DEL MUNICIPIO DE RIOBLANCO TOLIMA
A9: ITEM | D9: =+_xlfn.XLOOKUP(D10,PTO!$D$4:$D$27,PTO!$C$4:$C$27) -> #N/A | E9: UNIDAD | F9: =+VLOOKUP($D$10,LIST!B3:C54,2,FALSE) -> UND | G9: CANTIDAD | H9: 1
A10: DESCRIPCION | D10: SUMINISTRO E INSTALACION DE LAVAMOS DE EMPOTRAR (INCLUYE GRIFERIA)
A13: I. MATERIALES
A14: DESCRIPCION | E14: UND | F14: CANT | G14: V. UNITARIO | H14: V. PARCIAL
A15: LAVAMANO DE EMPOTRAR SENCILLO | E15: =IF($A15=0,0,VLOOKUP($A15,INS!$A$2:$E$106,2,FALSE)) -> UND | F15: 1 | G15: =IF($A15=0,0,VLOOKUP($A15,INS!$A$2:$G$106,6,FALSE)) -> 190000 | H15: =+F15*G15 -> 190000
A16: DESAGUE SIFON TIPO BOTELLA LAVAMANOS | E16: =IF($A16=0,0,VLOOKUP($A16,INS!$A$2:$E$106,2,FALSE)) -> UND | F16: 1 | G16: =IF($A16=0,0,VLOOKUP($A16,INS!$A$2:$G$106,6,FALSE)) -> 28000 | H16: =+F16*G16 -> 28000
